Workbook

Sheet SP500 ew 
A1: Ticker dell'emittente | B1: Nome | C1: Settore | D1: Asset Class | E1: Valore di mercato | F1: Ponderazione (%) | G1: Valore nozionale | H1: Nominale | I1: Prezzo | J1: Area Geografica | K1: Cambio | L1: Valuta di mercato
A2: MMM | B2: 3M | C2: Industriali | D2: Azionario | E2: 8358948.2 | F2: 0.21 | G2: 8358948.2 | H2: 51538 | I2: 162.19 | J2: Stati Uniti | K2: New York Stock Exchange Inc. | L2: USD
A3: AOS | B3: A O SMITH CORP | C3: Industriali | D3: Azionario | E3: 7213604.6 | F3: 0.18 | G3: 7213604.6 | H3: 109863 | I3: 65.66 | J3: Stati Uniti | K3: New York Stock Exchange Inc. | L3: USD
A4: ABT | B4: ABBOTT LABORATORIES | C4: Salute | D4: Azionario | E4: 7627057.9 | F4: 0.19 | G4: 7627057.9 | H4: 61588 | I4: 123.84 | J4: Stati Uniti | K4: New York Stock Exchange Inc. | L4: USD
A5: ABBV | B5: ABBVIE INC | C5: Salute | D5: Azionario | E5: 7990044.2 | F5: 0.2 | G5: 7990044.2 | H5: 37696 | I5: 211.96 | J5: Stati Uniti | K5: New York Stock Exchange Inc. | L5: USD
A6: ACN | B6: ACCENTURE PLC CLASS A | C6: IT | D6: Azionario | E6: 8150322.6 | F6: 0.2 | G6: 8150322.6 | H6: 32806 | I6: 248.44 | J6: Stati Uniti | K6: New York Stock Exchange Inc. | L6: USD
A7: ADBE | B7: ADOBE INC | C7: IT | D7: Azionario | E7: 7688241.5 | F7: 0.19 | G7: 7688241.5 | H7: 22782 | I7: 337.47 | J7: Stati Uniti | K7: NASDAQ | L7: USD
A8: AMD | B8: ADVANCED MICRO DEVICES INC | C8: IT | D8: Azionario | E8: 12962767 | F8: 0.32 | G8: 12962767 | H8: 49924 | I8: 259.65 | J8: Stati Uniti | K8: NASDAQ | L8: USD
A9: AES | B9: AES CORP | C9: Imprese di servizi di pubblica utilità | D9: Azionario | E9: 8517049.1 | F9: 0.21 | G9: 8517049.1 | H9: 625334 | I9: 13.62 | J9: Stati Uniti | K9: New York Stock Exchange Inc. | L9: USD
A10: AFL | B10: AFLAC INC | C10: Finanziari | D10: Azionario | E10: 7998788.7 | F10: 0.2 | G10: 7998788.7 | H10: 74776 | I10: 106.97 | J10: Stati Uniti | K10: New York Stock Exchange Inc. | L10: USD
A11: A | B11: AGILENT TECHNOLOGIES INC | C11: Salute | D11: Azionario | E11: 9164664.6 | F11: 0.23 | G11: 9164664.6 | H11: 63340 | I11: 144.69 | J11: Stati Uniti | K11: New York Stock Exchange Inc. | L11: USD
A12: APD | B12: AIR PRODUCTS AND CHEMICALS INC | C12: Materiali | D12: Azionario | E12: 6446443.5 | F12: 0.16 | G12: 6446443.5 | H12: 26932 | I12: 239.36 | J12: Stati Uniti | K12: New York Stock Exchange Inc. | L12: USD
A13: ABNB | B13: AIRBNB INC CLASS A | C13: Consumi Discrezionali | D13: Azionario | E13: 8176571.2 | F13: 0.2 | G13: 8176571.2 | H13: 64484 | I13: 126.8 | J13: Stati Uniti | K13: NASDAQ | L13: USD
... A512: ZTS | B512: ZOETIS INC CLASS A | C512: Salute | D512: Azionario | E512: 7697896.8 | F512: 0.19 | G512: 7697896.8 | H512: 53328 | I512: 144.35 | J512: Stati Uniti | K512: New York Stock Exchange Inc. | L512: USD

Sheet Mkt Index
A1: =_xll.DSGRID("MSUSAM$,MSITALL,MSDNMKL,MSJPANL","","-10Y","","Daily","RowHeader=true;ColHeader=true;Heading=true;Code=true;Curn=true;DispSeriesDescription=true;YearlyTSFormat=false;QuarterlyTSFormat=false;MonthlyTSFormat=true") -> Not Signed In | B1: 42346 | L1: =_xll.DSGRID("MSUSAM$,MSITALL,MSDNMKL,MSJPANL","RI","-10Y","","Daily","RowHeader=true;ColHeader=true;Heading=true;Code=true;Curn=true;DispSeriesDescription=true;YearlyTSFormat=false;QuarterlyTSFormat=false;MonthlyTSFormat=true") -> Not Signed In | M1: 42346
A2: End | B2: 45999 | L2: End | M2: 45999
A3: Frequency | B3: D | L3: Frequency | M3: D
A4: Name | B4: MSCI USA U$ - PRICE INDEX | C4: MSCI ITALY - PRICE INDEX | D4: MSCI DENMARK - PRICE INDEX | E4: MSCI JAPAN - PRICE INDEX | G4: MSCI USA U$ - PRICE INDEX | H4: MSCI ITALY - PRICE INDEX | I4: MSCI DENMARK - PRICE INDEX | J4: MSCI JAPAN - PRICE INDEX | L4: Name | M4: MSCI USA U$ - TOT RETURN IND | N4: MSCI ITALY - TOT RETURN IND | O4: MSCI DENMARK - TOT RETURN IND | P4: MSCI JAPAN - TOT RETURN IND | R4: MSCI USA U$ - PRICE INDEX | S4: MSCI ITALY - PRICE INDEX | T4: MSCI DENMARK - PRICE INDEX | U4: MSCI JAPAN - PRICE INDEX
A5: Code | B5: MSUSAM$ | C5: MSITALL | D5: MSDNMKL | E5: MSJPANL | F5: cum | G5: =(B2616-B7)/B7 -> 2.3222047 | H5: =(C2616-C7)/C7 -> 0.84023952 | I5: =(D2616-D7)/D7 -> 0.51974672 | J5: =(E2616-E7)/E7 -> 1.1843158 | L5: Code | M5: MSUSAM$(RI) | N5: MSITALL(RI) | O5: MSDNMKL(RI) | P5: MSJPANL(RI) | R5: =(M2616-M7)/M7 -> 2.9430125 | S5: =(N2616-N7)/N7 -> 1.8244468 | T5: =(O2616-O7)/O7 -> 0.86670255 | U5: =(P2616-P7)/P7 -> 1.7610851
A6: CURRENCY | B6: U$ | C6: E | D6: DK | E6: Y | F6: Annual | G6: =(1+G5)^(1/10)-1 -> 0.12756773 | H6: =(1+H5)^(1/10)-1 -> 0.062887832 | I6: =(1+I5)^(1/10)-1 -> 0.042742612 | J6: =(1+J5)^(1/10)-1 -> 0.081263499 | L6: CURRENCY | M6: U$ | N6: E | O6: DK | P6: Y | R6: =(1+R5)^(1/10)-1 -> 0.14705123 | S6: =(1+S5)^(1/10)-1 -> 0.10941323 | T6: =(1+T5)^(1/10)-1 -> 0.064406486 | U6: =(1+U5)^(1/10)-1 -> 0.10689896
A7: 42346 | B7: 1968.534 | C7: 758.692 | D7: 8455.278 | E7: 950.255 | L7: 42346 | M7: 8017.507 | N7: 3064.969 | O7: 30612.882 | P7: 1963.226
A8: 42347 | B8: 1953.025 | C8: 757.512 | D8: 8420.296 | E8: 942.947 | L8: 42347 | M8: 7954.856 | N8: 3060.201 | O8: 30486.227 | P8: 1948.129
A9: 42348 | B9: 1957.488 | C9: 753.74 | D9: 8353.409 | E9: 934.055 | L9: 42348 | M9: 7973.892 | N9: 3044.965 | O9: 30261.168 | P9: 1929.758
A10: 42349 | B10: 1919.514 | C10: 740.163 | D10: 8142.469 | E10: 939.865 | L10: 42349 | M10: 7820.487 | N10: 2990.115 | O10: 29497.015 | P10: 1941.761
A11: 42352 | B11: 1927.44 | C11: 720.605 | D11: 8120.066 | E11: 925.775 | L11: 42352 | M11: 7853.298 | N11: 2911.105 | O11: 29415.859 | P11: 1912.65
A12: 42353 | B12: 1948.053 | C12: 747.932 | D12: 8281.568 | E12: 909.65 | L12: 42353 | M12: 7937.4 | N12: 3021.502 | O12: 30000.917 | P12: 1879.337
A13: 42354 | B13: 1976.451 | C13: 745.775 | D13: 8331.201 | E13: 934.721 | L13: 42354 | M13: 8053.815 | N13: 3012.788 | O13: 30180.719 | P13: 1931.133
A14: 42355 | B14: 1946.761 | C14: 757.029 | D14: 8433.009 | E14: 948.718 | L14: 42355 | M14: 7934.025 | N14: 3058.251 | O14: 30549.529 | P14: 1960.054
A15: 42356 | B15: 1913.011 | C15: 746.739 | D15: 8362.342 | E15: 931.519 | L15: 42356 | M15: 7796.584 | N15: 3016.681 | O15: 30293.532 | P15: 1924.521
A16: 42359 | B16: 1927.273 | C16: 741.739 | D16: 8358.67 | E16: 928.247 | L16: 42359 | M16: 7855.588 | N16: 2996.483 | O16: 30280.227 | P16: 1917.761
A17: 42360 | B17: 1944.05 | C17: 741.023 | D17: 8271.715 | E17: 929.544 | L17: 42360 | M17: 7924.748 | N17: 2993.59 | O17: 29965.225 | P17: 1920.441
A18: 42361 | B18: 1968.554 | C18: 755.46 | D18: 8436.61 | E18: 929.544 | L18: 42361 | M18: 8025.218 | N18: 3051.914 | O18: 30562.573 | P18: 1920.441
... A2616: 45999 | B2616: 6539.873 | C2616: 1396.175 | D2616: 12849.881 | E2616: 2075.657 | L2616: 45999 | M2616: 31613.13 | N2616: 8656.842 | O2616: 57145.145 | P2616: 5420.634

Sheet Constit ACWI
A1: Constituents MSCI World All Country Index OLD COMPOSITION - more than 10 Years ago...)
A2: ISIN | B2: BB Ticker | C2: Name | D2: Gics Sector | E2: Gics Industry Group | F2: Gics Industry | G2: Country | H2: Currency | I2: Weight | K2: Sectors | L2: 100
A3: US0378331005 | B3: AAPL UW | C3: APPLE INC | D3: Information Technology | E3: Technology Hardware & Equipmen | F3: Computers & Peripherals | G3: UNITED STATES | H3: USD | I3: 1.7623982 | K3: Information Technology | L3: 12.649187
A4: US30231G1022 | B4: XOM UN | C4: EXXON MOBIL CORP | D4: Energy | E4: Energy | F4: Oil, Gas & Consumable Fuels | G4: UNITED STATES | H4: USD | I4: 1.4738985 | K4: Energy | L4: 11.965988
A5: US5949181045 | B5: MSFT UW | C5: MICROSOFT CORP | D5: Information Technology | E5: Software & Services | F5: Software | G5: UNITED STATES | H5: USD | I5: 0.83869916 | K5: Consumer Staples | L5: 10.00019
A6: US4592001014 | B6: IBM UN | C6: INTL BUSINESS MACHINES CORP | D6: Information Technology | E6: Software & Services | F6: IT Services | G6: UNITED STATES | H6: USD | I6: 0.82339918 | K6: Industrials | L6: 10.595589
A7: US1667641005 | B7: CVX UN | C7: CHEVRON CORP | D7: Energy | E7: Energy | F7: Oil, Gas & Consumable Fuels | G7: UNITED STATES | H7: USD | I7: 0.76599923 | K7: Telecommunication Services | L7: 4.4723955
A8: CH0038863350 | B8: NESN VX | C8: NESTLE SA-REG | D8: Consumer Staples | E8: Food Beverage & Tobacco | F8: Food Products | G8: SWITZERLAND | H8: CHF | I8: 0.70989929 | K8: Health Care | L8: 8.7224913
A9: US3696041033 | B9: GE UN | C9: GENERAL ELECTRIC CO | D9: Industrials | E9: Capital Goods | F9: Industrial Conglomerates | G9: UNITED STATES | H9: USD | I9: 0.70769929 | K9: Financials | L9: 19.379881
A10: US7427181091 | B10: PG UN | C10: PROCTER & GAMBLE CO/THE | D10: Consumer Staples | E10: Household & Personal Products | F10: Household Products | G10: UNITED STATES | H10: USD | I10: 0.65019935 | K10: Materials | L10: 8.2897917
A11: US00206R1023 | B11: T UN | C11: AT&T INC | D11: Telecommunication Services | E11: Telecommunication Services | F11: Diversified Telecommunication | G11: UNITED STATES | H11: USD | I11: 0.63529936 | K11: Consumer Discretionary | L11: 10.28839
A12: US4781601046 | B12: JNJ UN | C12: JOHNSON & JOHNSON | D12: Health Care | E12: Pharmaceuticals, Biotechnology | F12: Pharmaceuticals | G12: UNITED STATES | H12: USD | I12: 0.62499938 | K12: Utilities | L12: 3.6360964
A13: US7170811035 | B13: PFE UN | C13: PFIZER INC | D13: Health Care | E13: Pharmaceuticals, Biotechnology | F13: Pharmaceuticals | G13: UNITED STATES | H13: USD | I13: 0.57689942
A14: GB0005405286 | B14: HSBA LN | C14: HSBC HOLDINGS PLC | D14: Financials | E14: Banks | F14: Commercial Banks | G14: BRITAIN | H14: GBp | I14: 0.55479945 | K14: Currencies | L14: 100
A15: US38259P5089 | B15: GOOG UW | C15: GOOGLE INC-CL A | D15: Information Technology | E15: Software & Services | F15: Internet Software & Services | G15: UNITED STATES | H15: USD | I15: 0.55079945 | K15: USD | L15: 45.453955
A16: US9497461015 | B16: WFC UN | C16: WELLS FARGO & CO | D16: Financials | E16: Banks | F16: Commercial Banks | G16: UNITED STATES | H16: USD | I16: 0.54999945 | K16: CHF | L16: 3.0821969
A17: US46625H1005 | B17: JPM UN | C17: JPMORGAN CHASE & CO | D17: Financials | E17: Diversified Financials | F17: Diversified Financial Services | G17: UNITED STATES | H17: USD | I17: 0.53619946 | K17: GBp | L17: 8.3612916
A18: GB0007980591 | B18: BP/ LN | C18: BP PLC | D18: Energy | E18: Energy | F18: Oil, Gas & Consumable Fuels | G18: BRITAIN | H18: GBp | I18: 0.52219948 | K18: AUD | L18: 3.1774968
A19: US7181721090 | B19: PM UN | C19: PHILIP MORRIS INTERNATIONAL | D19: Consumer Staples | E19: Food Beverage & Tobacco | F19: Tobacco | G19: UNITED STATES | H19: USD | I19: 0.51409949 | K19: EUR | L19: 10.39339
A20: US1912161007 | B20: KO UN | C20: COCA-COLA CO/THE | D20: Consumer Staples | E20: Food Beverage & Tobacco | F20: Beverages | G20: UNITED STATES | H20: USD | I20: 0.50589949 | K20: KRW | L20: 1.960898
A21: US4581401001 | B21: INTC UW | C21: INTEL CORP | D21: Information Technology | E21: Semiconductors & Semiconductor | F21: Semiconductors & Semiconductor | G21: UNITED STATES | H21: USD | I21: 0.49459951 | K21: JPY | L21: 7.8851921
A22: GB00B16GWD56 | B22: VOD LN | C22: VODAFONE GROUP PLC | D22: Telecommunication Services | E22: Telecommunication Services | F22: Wireless Telecommunication Ser | G22: BRITAIN | H22: GBp | I22: 0.48189952 | K22: CAD | L22: 4.4735955
A23: GB00B03MLX29 | B23: RDSA LN | C23: ROYAL DUTCH SHELL PLC-A SHS | D23: Energy | E23: Energy | F23: Oil, Gas & Consumable Fuels | G23: BRITAIN | H23: GBp | I23: 0.46319954 | K23: RUB | L23: 0.77529922
A24: CH0012005267 | B24: NOVN VX | C24: NOVARTIS AG-REG | D24: Health Care | E24: Pharmaceuticals, Biotechnology | F24: Pharmaceuticals | G24: SWITZERLAND | H24: CHF | I24: 0.44749955 | K24: TWD | L24: 1.4559985
A25: AU000000BHP4 | B25: BHP AT | C25: BHP BILLITON LTD | D25: Materials | E25: Materials | F25: Metals & Mining | G25: AUSTRALIA | H25: AUD | I25: 0.43899956 | K25: HKD | L25: 3.4788965
... A48: DE0007236101 | B48: SIE GY | C48: SIEMENS AG-REG | D48: Industrials | E48: Capital Goods | F48: Industrial Conglomerates | G48: GERMANY | H48: EUR | I48: 0.28869971 | K48: PEN | L48: 0.0073999926
A49: GB0008762899 | B49: BG/ LN | C49: BG GROUP PLC | D49: Energy | E49: Energy | F49: Oil, Gas & Consumable Fuels | G49: BRITAIN | H49: GBp | I49: 0.28799971
A50: CA7800871021 | B50: RY CT | C50: ROYAL BANK OF CANADA | D50: Financials | E50: Banks | F50: Commercial Banks | G50: CANADA | H50: CAD | I50: 0.28459972 | K50: Countries | L50: 100
A51: DE000BASF111 | B51: BAS GY | C51: BASF SE | D51: Materials | E51: Materials | F51: Chemicals | G51: GERMANY | H51: EUR | I51: 0.28379972 | K51: UNITED STATES | L51: 45.220355
A52: US0605051046 | B52: BAC UN | C52: BANK OF AMERICA CORP | D52: Financials | E52: Diversified Financials | F52: Diversified Financial Services | G52: UNITED STATES | H52: USD | I52: 0.28309972 | K52: SWITZERLAND | L52: 3.0821969
A53: GB0007188757 | B53: RIO LN | C53: RIO TINTO PLC | D53: Materials | E53: Materials | F53: Metals & Mining | G53: BRITAIN | H53: GBp | I53: 0.28069972 | K53: BRITAIN | L53: 8.3612916
A54: US4370761029 | B54: HD UN | C54: HOME DEPOT INC | D54: Consumer Discretionary | E54: Retailing | F54: Specialty Retail | G54: UNITED STATES | H54: USD | I54: 0.26079974 | K54: AUSTRALIA | L54: 3.1774968
A55: US2546871060 | B55: DIS UN | C55: WALT DISNEY CO/THE | D55: Consumer Discretionary | E55: Media | F55: Media | G55: UNITED STATES | H55: USD | I55: 0.25949974 | K55: FRANCE | L55: 3.4086966
A56: US1491231015 | B56: CAT UN | C56: CATERPILLAR INC | D56: Industrials | E56: Capital Goods | F56: Machinery | G56: UNITED STATES | H56: USD | I56: 0.25859974 | K56: SOUTH KOREA | L56: 1.960898
A57: CA8911605092 | B57: TD CT | C57: TORONTO-DOMINION BANK | D57: Financials | E57: Banks | F57: Commercial Banks | G57: CANADA | H57: CAD | I57: 0.25559974 | K57: JAPAN | L57: 7.8851921
A58: US9130171096 | B58: UTX UN | C58: UNITED TECHNOLOGIES CORP | D58: Industrials | E58: Capital Goods | F58: Aerospace & Defense | G58: UNITED STATES | H58: USD | I58: 0.25369975 | K58: GERMANY | L58: 3.1192969
A59: US0846707026 | B59: BRK/B UN | C59: BERKSHIRE HATHAWAY INC-CL B | D59: Financials | E59: Insurance | F59: Insurance | G59: UNITED STATES | H59: USD | I59: 0.24929975 | K59: CANADA | L59: 4.4735955
A60: RU0007661625 | B60: GAZP RX | C60: GAZPROM OAO | D60: Energy | E60: Energy | F60: Oil, Gas & Consumable Fuels | G60: RUSSIA | H60: RUB | I60: 0.24799975 | K60: RUSSIA | L60: 0.9042991
A61: ES0113900J37 | B61: SAN SQ | C61: BANCO SANTANDER SA | D61: Financials | E61: Banks | F61: Commercial Banks | G61: SPAIN | H61: EUR | I61: 0.24709975 | K61: SPAIN | L61: 1.1164989
... A65: TW0002330008 | B65: 2330 TT | C65: TAIWAN SEMICONDUCTOR MANUFAC | D65: Information Technology | E65: Semiconductors & Semiconductor | F65: Semiconductors & Semiconductor | G65: TAIWAN | H65: TWD | I65: 0.23799976 | K65: BRAZIL | L65: 2.0534979
A66: JP3902900004 | B66: 8306 JT | C66: MITSUBISHI UFJ FINANCIAL GRO | D66: Financials | E66: Banks | F66: Commercial Banks | G66: JAPAN | H66: JPY | I66: 0.23169977 | K66: ITALY | L66: 0.87179913 | M66: meno della metà del peso di Apple
A67: US0231351067 | B67: AMZN UW | C67: AMAZON.COM INC | D67: Consumer Discretionary | E67: Retailing | F67: Internet & Catalog Retail | G67: UNITED STATES | H67: USD | I67: 0.22869977 | K67: NETHERLANDS | L67: 0.89149911
A68: HK0941009539 | B68: 941 HK | C68: CHINA MOBILE LTD | D68: Telecommunication Services | E68: Telecommunication Services | F68: Wireless Telecommunication Ser | G68: CHINA | H68: HKD | I68: 0.22539977 | K68: BELGIUM | L68: 0.35869964
A69: US50075N1046 | B69: KFT UN | C69: KRAFT FOODS INC-CLASS A | D69: Consumer Staples | E69: Food Beverage & Tobacco | F69: Food Products | G69: UNITED STATES | H69: USD | I69: 0.22379978 | K69: MEXICO | L69: 0.58759941
A70: US02209S1033 | B70: MO UN | C70: ALTRIA GROUP INC | D70: Consumer Staples | E70: Food Beverage & Tobacco | F70: Tobacco | G70: UNITED STATES | H70: USD | I70: 0.21849978 | K70: ISRAEL | L70: 0.22819977
A71: AU000000ANZ3 | B71: ANZ AT | C71: AUST AND NZ BANKING GROUP | D71: Financials | E71: Banks | F71: Commercial Banks | G71: AUSTRALIA | H71: AUD | I71: 0.21849978 | K71: SWEDEN | L71: 1.2032988
A72: JP3854600008 | B72: 7267 JT | C72: HONDA MOTOR CO LTD | D72: Consumer Discretionary | E72: Automobiles & Components | F72: Automobiles | G72: JAPAN | H72: JPY | I72: 0.21849978 | K72: NORWAY | L72: 0.36889963
A73: DE0007164600 | B73: SAP GY | C73: SAP AG | D73: Information Technology | E73: Software & Services | F73: Software | G73: GERMANY | H73: EUR | I73: 0.21849978 | K73: HONG KONG | L73: 1.1003989
A74: GB0004082847 | B74: STAN LN | C74: STANDARD CHARTERED PLC | D74: Financials | E74: Banks | F74: Commercial Banks | G74: BRITAIN | H74: GBp | I74: 0.21539978 | K74: SOUTH AFRICA | L74: 1.027699
A75: DE000BAY0017 | B75: BAYN GY | C75: BAYER AG-REG | D75: Health Care | E75: Pharmaceuticals, Biotechnology | F75: Pharmaceuticals | G75: GERMANY | H75: EUR | I75: 0.21519978 | K75: INDIA | L75: 0.88839911
A76: US20030N1019 | B76: CMCSA UW | C76: COMCAST CORP-CLASS A | D76: Consumer Discretionary | E76: Media | F76: Media | G76: UNITED STATES | H76: USD | I76: 0.21519978 | K76: SINGAPORE | L76: 0.66159934
A77: US1266501006 | B77: CVS UN | C77: CVS CAREMARK CORP | D77: Consumer Staples | E77: Food & Staples Retailing | F77: Food & Staples Retailing | G77: UNITED STATES | H77: USD | I77: 0.21259979 | K77: FINLAND | L77: 0.32319968
A78: US92826C8394 | B78: V UN | C78: VISA INC-CLASS A SHARES | D78: Information Technology | E78: Software & Services | F78: IT Services | G78: UNITED STATES | H78: USD | I78: 0.21259979 | K78: INDONESIA | L78: 0.34719965
... A95: US38141G1040 | B95: GS UN | C95: GOLDMAN SACHS GROUP INC | D95: Financials | E95: Diversified Financials | F95: Capital Markets | G95: UNITED STATES | H95: USD | I95: 0.19389981 | K95: PHILIPPINES | L95: 0.097199903
A96: DE0007100000 | B96: DAI GY | C96: DAIMLER AG-REGISTERED SHARES | D96: Consumer Discretionary | E96: Automobiles & Components | F96: Automobiles | G96: GERMANY | H96: EUR | I96: 0.19279981
A97: US1101221083 | B97: BMY UN | C97: BRISTOL-MYERS SQUIBB CO | D97: Health Care | E97: Pharmaceuticals, Biotechnology | F97: Pharmaceuticals | G97: UNITED STATES | H97: USD | I97: 0.19229981
A98: NL0000009355 | B98: UNA NA | C98: UNILEVER NV-CVA | D98: Consumer Staples | E98: Food Beverage & Tobacco | F98: Food Products | G98: NETHERLANDS | H98: EUR | I98: 0.19039981
A99: BE0003793107 | B99: ABI BB | C99: ANHEUSER-BUSCH INBEV NV | D99: Consumer Staples | E99: Food Beverage & Tobacco | F99: Beverages | G99: BELGIUM | H99: EUR | I99: 0.18979981
A100: US0311621009 | B100: AMGN UW | C100: AMGEN INC | D100: Health Care | E100: Pharmaceuticals, Biotechnology | F100: Biotechnology | G100: UNITED STATES | H100: USD | I100: 0.18899981
A101: US9078181081 | B101: UNP UN | C101: UNION PACIFIC CORP | D101: Industrials | E101: Transportation | F101: Road & Rail | G101: UNITED STATES | H101: USD | I101: 0.18859981
A102: US0970231058 | B102: BA UN | C102: BOEING CO/THE | D102: Industrials | E102: Capital Goods | F102: Aerospace & Defense | G102: UNITED STATES | H102: USD | I102: 0.18489982
A103: US4282361033 | B103: HPQ UN | C103: HEWLETT-PACKARD CO | D103: Information Technology | E103: Technology Hardware & Equipmen | F103: Computers & Peripherals | G103: UNITED STATES | H103: USD | I103: 0.18399982
A104: JP3242800005 | B104: 7751 JT | C104: CANON INC | D104: Information Technology | E104: Technology Hardware & Equipmen | F104: Office Electronics | G104: JAPAN | H104: JPY | I104: 0.18059982
A105: CH0024899483 | B105: UBSN VX | C105: UBS AG-REG | D105: Financials | E105: Diversified Financials | F105: Capital Markets | G105: SWITZERLAND | H105: CHF | I105: 0.17909982
A106: CNE1000002H1 | B106: 939 HK | C106: CHINA CONSTRUCTION BANK-H | D106: Financials | E106: Banks | F106: Commercial Banks | G106: CHINA | H106: HKD | I106: 0.17709982
A107: BRVALEACNPA3 | B107: VALE5 BS | C107: VALE SA-PREF | D107: Materials | E107: Materials | F107: Metals & Mining | G107: BRAZIL | H107: BRL | I107: 0.17379983
... A2434: JP3167640006 | B2434: 6665 JT | C2434: ELPIDA MEMORY INC | D2434: Information Technology | E2434: Semiconductors & Semiconductor | F2434: Semiconductors & Semiconductor | G2434: JAPAN | H2434: JPY | I2434: 9.99999e-05

Sheet New ACWI Constit (via ETF)
A1: Ticker dell'emittente | B1: Nome | C1: Settore | D1: Valore di mercato | E1: Ponderazione (%) | F1: Area Geografica | G1: Mercato di quotazione | H1: Valuta
A2: NVDA | B2: NVIDIA CORP | C2: IT | D2: 1.0959142e+09 | E2: 4.79 | F2: Stati Uniti | G2: NASDAQ | H2: USD
A3: MSFT | B3: MICROSOFT CORP | C3: IT | D3: 9.3736331e+08 | E3: 4.1 | F3: Stati Uniti | G3: NASDAQ | H3: USD
A4: AAPL | B4: APPLE INC | C4: IT | D4: 9.0180905e+08 | E4: 3.94 | F4: Stati Uniti | G4: NASDAQ | H4: USD
A5: AMZN | B5: AMAZON COM INC | C5: Consumi Discrezionali | D5: 5.6540352e+08 | E5: 2.47 | F5: Stati Uniti | G5: NASDAQ | H5: USD
A6: META | B6: META PLATFORMS INC CLASS A | C6: Comunicazione | D6: 4.2080416e+08 | E6: 1.84 | F6: Stati Uniti | G6: NASDAQ | H6: USD
A7: NDIA | B7: ISHARES MSCI INDIA UCITS ETF | C7: Finanziari | D7: 3.8512013e+08 | E7: 1.68 | F7: Irlanda | G7: London Stock Exchange | H7: USD
A8: AVGO | B8: BROADCOM INC | C8: IT | D8: 3.5117044e+08 | E8: 1.53 | F8: Stati Uniti | G8: NASDAQ | H8: USD
A9: GOOGL | B9: ALPHABET INC CLASS A | C9: Comunicazione | D9: 3.200063e+08 | E9: 1.4 | F9: Stati Uniti | G9: NASDAQ | H9: USD
A10: GOOG | B10: ALPHABET INC CLASS C | C10: Comunicazione | D10: 2.7582824e+08 | E10: 1.21 | F10: Stati Uniti | G10: NASDAQ | H10: USD
A11: TSLA | B11: TESLA INC | C11: Consumi Discrezionali | D11: 2.5141267e+08 | E11: 1.1 | F11: Stati Uniti | G11: NASDAQ | H11: USD
A12: 2330 | B12: TAIWAN SEMICONDUCTOR MANUFACTURING | C12: IT | D12: 2.4350582e+08 | E12: 1.06 | F12: Taiwan | G12: Taiwan Stock Exchange | H12: TWD
A13: JPM | B13: JPMORGAN CHASE & CO | C13: Finanziari | D13: 215472312 | E13: 0.94 | F13: Stati Uniti | G13: New York Stock Exchange Inc. | H13: USD
A14: BRKB | B14: BERKSHIRE HATHAWAY INC CLASS B | C14: Finanziari | D14: 177604016 | E14: 0.78 | F14: Stati Uniti | G14: New York Stock Exchange Inc. | H14: USD
A15: V | B15: VISA INC CLASS A | C15: Finanziari | D15: 1.5802615e+08 | E15: 0.69 | F15: Stati Uniti | G15: New York Stock Exchange Inc. | H15: USD
A16: LLY | B16: ELI LILLY | C16: Salute | D16: 1.557875e+08 | E16: 0.68 | F16: Stati Uniti | G16: New York Stock Exchange Inc. | H16: USD
A17: NFLX | B17: NETFLIX INC | C17: Comunicazione | D17: 1.3591112e+08 | E17: 0.59 | F17: Stati Uniti | G17: NASDAQ | H17: USD
A18: MA | B18: MASTERCARD INC CLASS A | C18: Finanziari | D18: 1.3487889e+08 | E18: 0.59 | F18: Stati Uniti | G18: New York Stock Exchange Inc. | H18: USD
A19: XOM | B19: EXXON MOBIL CORP | C19: Energia | D19: 1.3062572e+08 | E19: 0.57 | F19: Stati Uniti | G19: New York Stock Exchange Inc. | H19: USD
A20: 700 | B20: TENCENT HOLDINGS LTD | C20: Comunicazione | D20: 1.2706133e+08 | E20: 0.56 | F20: Cina | G20: Hong Kong Exchanges And Clearing Ltd | H20: HKD
A21: 4BRZ | B21: ISHARES MSCI BRAZIL UCITS ET USDHA | C21: Finanziari | D21: 1.110278e+08 | E21: 0.49 | F21: Germania | G21: Xetra | H21: USD
A22: WMT | B22: WALMART INC | C22: Generi di largo consumo | D22: 1.1288592e+08 | E22: 0.49 | F22: Stati Uniti | G22: New York Stock Exchange Inc. | H22: USD
A23: JNJ | B23: JOHNSON & JOHNSON | C23: Salute | D23: 1.1249439e+08 | E23: 0.49 | F23: Stati Uniti | G23: New York Stock Exchange Inc. | H23: USD
A24: COST | B24: COSTCO WHOLESALE CORP | C24: Generi di largo consumo | D24: 1.0876887e+08 | E24: 0.48 | F24: Stati Uniti | G24: NASDAQ | H24: USD
A25: HD | B25: HOME DEPOT INC | C25: Consumi Discrezionali | D25: 1.065678e+08 | E25: 0.47 | F25: Stati Uniti | G25: New York Stock Exchange Inc. | H25: USD
A26: ORCL | B26: ORACLE CORP | C26: IT | D26: 1.0056108e+08 | E26: 0.44 | F26: Stati Uniti | G26: New York Stock Exchange Inc. | H26: USD
A27: CNYA | B27: ISH MSCI CHINA A ETF USD ACC | C27: Finanziari | D27: 98831308 | E27: 0.43 | F27: Irlanda | G27: London Stock Exchange | H27: USD
A28: ABBV | B28: ABBVIE INC | C28: Salute | D28: 98254165 | E28: 0.43 | F28: Stati Uniti | G28: New York Stock Exchange Inc. | H28: USD
A29: PG | B29: PROCTER & GAMBLE | C29: Generi di largo consumo | D29: 96892423 | E29: 0.42 | F29: Stati Uniti | G29: New York Stock Exchange Inc. | H29: USD
A30: BAC | B30: BANK OF AMERICA CORP | C30: Finanziari | D30: 92712296 | E30: 0.41 | F30: Stati Uniti | G30: New York Stock Exchange Inc. | H30: USD
A31: PLTR | B31: PALANTIR TECHNOLOGIES INC CLASS A | C31: IT | D31: 93891279 | E31: 0.41 | F31: Stati Uniti | G31: NASDAQ | H31: USD
A32: CVX | B32: CHEVRON CORP | C32: Energia | D32: 83444403 | E32: 0.36 | F32: Stati Uniti | G32: New York Stock Exchange Inc. | H32: USD
A33: 9988 | B33: ALIBABA GROUP HOLDING LTD | C33: Consumi Discrezionali | D33: 76855885 | E33: 0.34 | F33: Cina | G33: Hong Kong Exchanges And Clearing Ltd | H33: HKD
A34: IKSA | B34: ISHARES MSCI SAUDI ARABIA CAPPED | C34: Finanziari | D34: 78489769 | E34: 0.34 | F34: Irlanda | G34: London Stock Exchange | H34: USD
A35: GE | B35: GE AEROSPACE | C35: Industriali | D35: 76614324 | E35: 0.33 | F35: Stati Uniti | G35: New York Stock Exchange Inc. | H35: USD
A36: KO | B36: COCA-COLA | C36: Generi di largo consumo | D36: 74096200 | E36: 0.32 | F36: Stati Uniti | G36: New York Stock Exchange Inc. | H36: USD
A37: ASML | B37: ASML HOLDING NV | C37: IT | D37: 74365988 | E37: 0.32 | F37: Paesi Bassi | G37: Euronext Amsterdam | H37: EUR
A38: SAP | B38: SAP | C38: IT | D38: 73717101 | E38: 0.32 | F38: Germania | G38: Xetra | H38: EUR
A39: UNH | B39: UNITEDHEALTH GROUP INC | C39: Salute | D39: 73967790 | E39: 0.32 | F39: Stati Uniti | G39: New York Stock Exchange Inc. | H39: USD
A40: WFC | B40: WELLS FARGO | C40: Finanziari | D40: 70401131 | E40: 0.31 | F40: Stati Uniti | G40: New York Stock Exchange Inc. | H40: USD
A41: CSCO | B41: CISCO SYSTEMS INC | C41: IT | D41: 70400266 | E41: 0.31 | F41: Stati Uniti | G41: NASDAQ | H41: USD
A42: PM | B42: PHILIP MORRIS INTERNATIONAL INC | C42: Generi di largo consumo | D42: 67836004 | E42: 0.3 | F42: Stati Uniti | G42: New York Stock Exchange Inc. | H42: USD
A43: AMD | B43: ADVANCED MICRO DEVICES INC | C43: IT | D43: 69167311 | E43: 0.3 | F43: Stati Uniti | G43: NASDAQ | H43: USD
A44: NOVN | B44: NOVARTIS AG | C44: Salute | D44: 66288711 | E44: 0.29 | F44: Svizzera | G44: SIX Swiss Exchange | H44: CHF
A45: NESN | B45: NESTLE SA | C45: Generi di largo consumo | D45: 64714242 | E45: 0.28 | F45: Svizzera | G45: SIX Swiss Exchange | H45: CHF
... A69: VZ | B69: VERIZON COMMUNICATIONS INC | C69: Comunicazione | D69: 46949176 | E69: 0.21 | F69: Stati Uniti | G69: New York Stock Exchange Inc. | H69: USD
A70: 7203 | B70: TOYOTA MOTOR CORP | C70: Consumi Discrezionali | D70: 48126974 | E70: 0.21 | F70: Giappone | G70: Tokyo Stock Exchange | H70: JPY
A71: BKNG | B71: BOOKING HOLDINGS INC | C71: Consumi Discrezionali | D71: 47479863 | E71: 0.21 | F71: Stati Uniti | G71: NASDAQ | H71: USD
A72: MS | B72: MORGAN STANLEY | C72: Finanziari | D72: 47407236 | E72: 0.21 | F72: Stati Uniti | G72: New York Stock Exchange Inc. | H72: USD
A73: UBER | B73: UBER TECHNOLOGIES INC | C73: Industriali | D73: 48204957 | E73: 0.21 | F73: Stati Uniti | G73: New York Stock Exchange Inc. | H73: USD
A74: TXN | B74: TEXAS INSTRUMENT INC | C74: IT | D74: 48100261 | E74: 0.21 | F74: Stati Uniti | G74: NASDAQ | H74: USD
A75: TMO | B75: THERMO FISHER SCIENTIFIC INC | C75: Salute | D75: 48362976 | E75: 0.21 | F75: Stati Uniti | G75: New York Stock Exchange Inc. | H75: USD
A76: NOVO B | B76: NOVO NORDISK CLASS B | C76: Salute | D76: 47180507 | E76: 0.21 | F76: Danimarca | G76: Omx Nordic Exchange Copenhagen A/S | H76: DKK
A77: 8306 | B77: MITSUBISHI UFJ FINANCIAL GROUP INC | C77: Finanziari | D77: 45953975 | E77: 0.2 | F77: Giappone | G77: Tokyo Stock Exchange | H77: JPY
A78: C | B78: CITIGROUP INC | C78: Finanziari | D78: 45632968 | E78: 0.2 | F78: Stati Uniti | G78: New York Stock Exchange Inc. | H78: USD
A79: SPGI | B79: S&P GLOBAL INC | C79: Finanziari | D79: 45241799 | E79: 0.2 | F79: Stati Uniti | G79: New York Stock Exchange Inc. | H79: USD
A80: BA | B80: BOEING | C80: Industriali | D80: 46319722 | E80: 0.2 | F80: Stati Uniti | G80: New York Stock Exchange Inc. | H80: USD
A81: QCOM | B81: QUALCOMM INC | C81: IT | D81: 45897264 | E81: 0.2 | F81: Stati Uniti | G81: NASDAQ | H81: USD
A82: 6758 | B82: SONY GROUP CORP | C82: Consumi Discrezionali | D82: 43692248 | E82: 0.19 | F82: Giappone | G82: Tokyo Stock Exchange | H82: JPY
A83: MC | B83: LVMH | C83: Consumi Discrezionali | D83: 42743402 | E83: 0.19 | F83: Francia | G83: Nyse Euronext - Euronext Paris | H83: EUR
A84: SCHW | B84: CHARLES SCHWAB CORP | C84: Finanziari | D84: 43605991 | E84: 0.19 | F84: Stati Uniti | G84: New York Stock Exchange Inc. | H84: USD
A85: BLK | B85: BLACKROCK INC | C85: Finanziari | D85: 43147173 | E85: 0.19 | F85: Stati Uniti | G85: New York Stock Exchange Inc. | H85: USD
A86: SHOP | B86: SHOPIFY SUBORDINATE VOTING INC CLA | C86: IT | D86: 43903251 | E86: 0.19 | F86: Canada | G86: Toronto Stock Exchange | H86: CAD
A87: ISRG | B87: INTUITIVE SURGICAL INC | C87: Salute | D87: 44166224 | E87: 0.19 | F87: Stati Uniti | G87: NASDAQ | H87: USD
A88: TJX | B88: TJX INC | C88: Consumi Discrezionali | D88: 41536219 | E88: 0.18 | F88: Stati Uniti | G88: New York Stock Exchange Inc. | H88: USD
A89: ALV | B89: ALLIANZ | C89: Finanziari | D89: 40282545 | E89: 0.18 | F89: Germania | G89: Xetra | H89: EUR
A90: ULVR | B90: UNILEVER PLC | C90: Generi di largo consumo | D90: 41381581 | E90: 0.18 | F90: Regno unito | G90: London Stock Exchange | H90: GBP
A91: GEV | B91: GE VERNOVA INC | C91: Industriali | D91: 41353792 | E91: 0.18 | F91: Stati Uniti | G91: New York Stock Exchange Inc. | H91: USD
A92: ACN | B92: ACCENTURE PLC CLASS A | C92: IT | D92: 41175997 | E92: 0.18 | F92: Stati Uniti | G92: New York Stock Exchange Inc. | H92: USD
A93: BSX | B93: BOSTON SCIENTIFIC CORP | C93: Salute | D93: 41128949 | E93: 0.18 | F93: Stati Uniti | G93: New York Stock Exchange Inc. | H93: USD
A94: LOW | B94: LOWES COMPANIES INC | C94: Consumi Discrezionali | D94: 38227800 | E94: 0.17 | F94: Stati Uniti | G94: New York Stock Exchange Inc. | H94: USD
... A125: DE | B125: DEERE | C125: Industriali | D125: 32370501 | E125: 0.14 | F125: Stati Uniti | G125: New York Stock Exchange Inc. | H125: USD
A126: 6501 | B126: HITACHI LTD | C126: Industriali | D126: 32234805 | E126: 0.14 | F126: Giappone | G126: Tokyo Stock Exchange | H126: JPY
A127: ADP | B127: AUTOMATIC DATA PROCESSING INC | C127: Industriali | D127: 31965674 | E127: 0.14 | F127: Stati Uniti | G127: NASDAQ | H127: USD
A128: AIR | B128: AIRBUS GROUP | C128: Industriali | D128: 31377624 | E128: 0.14 | F128: Francia | G128: Nyse Euronext - Euronext Paris | H128: EUR
A129: SAF | B129: SAFRAN SA | C129: Industriali | D129: 31074125 | E129: 0.14 | F129: Francia | G129: Nyse Euronext - Euronext Paris | H129: EUR
A130: LRCX | B130: LAM RESEARCH CORP | C130: IT | D130: 32838348 | E130: 0.14 | F130: Stati Uniti | G130: NASDAQ | H130: USD
A131: ADI | B131: ANALOG DEVICES INC | C131: IT | D131: 32787924 | E131: 0.14 | F131: Stati Uniti | G131: NASDAQ | H131: USD
A132: 1810 | B132: XIAOMI CORP | C132: IT | D132: 31446867 | E132: 0.14 | F132: Cina | G132: Hong Kong Exchanges And Clearing Ltd | H132: HKD
A133: BBVA | B133: BANCO BILBAO VIZCAYA ARGENTARIA SA | C133: Finanziari | D133: 29078915 | E133: 0.13 | F133: Spagna | G133: Bolsa De Madrid | H133: EUR
A134: UCG | B134: UNICREDIT | C134: Finanziari | D134: 28952085 | E134: 0.13 | F134: Italia | G134: Borsa Italiana | H134: EUR
A135: MO | B135: ALTRIA GROUP INC | C135: Generi di largo consumo | D135: 30725468 | E135: 0.13 | F135: Stati Uniti | G135: New York Stock Exchange Inc. | H135: USD
A136: BATS | B136: BRITISH AMERICAN TOBACCO | C136: Generi di largo consumo | D136: 29400566 | E136: 0.13 | F136: Regno unito | G136: London Stock Exchange | H136: GBP
A137: OR | B137: LOREAL SA | C137: Generi di largo consumo | D137: 28793734 | E137: 0.13 | F137: Francia | G137: Nyse Euronext - Euronext Paris | H137: EUR
A138: WELL | B138: WELLTOWER INC | C138: Immobili | D138: 29915590 | E138: 0.13 | F138: Stati Uniti | G138: New York Stock Exchange Inc. | H138: USD
A139: KLAC | B139: KLA CORP | C139: IT | D139: 30549003 | E139: 0.13 | F139: Stati Uniti | G139: NASDAQ | H139: USD
A140: APP | B140: APPLOVIN CORP CLASS A | C140: IT | D140: 29795000 | E140: 0.13 | F140: Stati Uniti | G140: NASDAQ | H140: USD
A141: MDT | B141: MEDTRONIC PLC | C141: Salute | D141: 30723396 | E141: 0.13 | F141: Stati Uniti | G141: New York Stock Exchange Inc. | H141: USD
A142: SPOT | B142: SPOTIFY TECHNOLOGY SA | C142: Comunicazione | D142: 28249594 | E142: 0.12 | F142: Svezia | G142: New York Stock Exchange Inc. | H142: USD
A143: MELI | B143: MERCADOLIBRE INC | C143: Consumi Discrezionali | D143: 27381519 | E143: 0.12 | F143: Stati Uniti | G143: NASDAQ | H143: USD
A144: SBUX | B144: STARBUCKS CORP | C144: Consumi Discrezionali | D144: 26675793 | E144: 0.12 | F144: Stati Uniti | G144: NASDAQ | H144: USD
... A146: CB | B146: CHUBB LTD | C146: Finanziari | D146: 28597241 | E146: 0.12 | F146: Stati Uniti | G146: New York Stock Exchange Inc. | H146: USD
A147: 939 | B147: CHINA CONSTRUCTION BANK CORP H | C147: Finanziari | D147: 27120173 | E147: 0.12 | F147: Cina | G147: Hong Kong Exchanges And Clearing Ltd | H147: HKD
A148: 8316 | B148: SUMITOMO MITSUI FINANCIAL GROUP IN | C148: Finanziari | D148: 27104910 | E148: 0.12 | F148: Giappone | G148: Tokyo Stock Exchange | H148: JPY
A149: 1299 | B149: AIA GROUP LTD | C149: Finanziari | D149: 27098954 | E149: 0.12 | F149: Hong Kong | G149: Hong Kong Exchanges And Clearing Ltd | H149: HKD
A150: ZURN | B150: ZURICH INSURANCE GROUP AG | C150: Finanziari | D150: 27027157 | E150: 0.12 | F150: Svizzera | G150: SIX Swiss Exchange | H150: CHF
A151: PLD | B151: PROLOGIS REIT INC | C151: Immobili | D151: 27658829 | E151: 0.12 | F151: Stati Uniti | G151: New York Stock Exchange Inc. | H151: USD
A152: ABBN | B152: ABB LTD | C152: Industriali | D152: 27360796 | E152: 0.12 | F152: Svizzera | G152: SIX Swiss Exchange | H152: CHF
A153: SNPS | B153: SYNOPSYS INC | C153: IT | D153: 28599411 | E153: 0.12 | F153: Stati Uniti | G153: NASDAQ | H153: USD
A154: INTC | B154: INTEL CORPORATION CORP | C154: IT | D154: 26997782 | E154: 0.12 | F154: Stati Uniti | G154: NASDAQ | H154: USD
...

Sheet Time Series
B1: Money Mkt in € | C1: € Bond Mkt Short Term | D1: € Bond Mkt | E1: Global Bond Dev Mkts | F1: Global Corp Bond High Yield | G1: Em Mkts Bond Mkt | H1: Equ. Europe | I1: Equ. North America | J1: Equ. Pacific | K1: Equ. Em Mkts
A2: in € | B2: ICE Bofa Euro 0-1 yr | C2: ICE Bofa Bond Euro 1-3 Y | D2: ICE Bofa Bond. Euro | E2: ICE Bofa Bond. Global | F2: ICE Bofa Global HY | G2: ICE Bofa Bond Emerging | H2: MSCI Europe | I2: MSCI North America | J2: MSCI Pacific | K2: MSCI Emerging Markets
A3: 2000 | B3: 0.043210458 | C3: 0.047892032 | D3: 0.083903018 | E3: 0.10487753 | F3: 0.0057225468 | G3: 0.17383462 | H3: -0.019300397 | I3: -0.057888151 | J3: -0.20614969 | K3: -0.25916788
A4: 2001 | B4: 0.047402997 | C4: 0.059393889 | D4: 0.062532541 | E4: 0.047453241 | F4: 0.087266411 | G4: 0.069257981 | H4: -0.15262665 | I4: -0.076290839 | J4: -0.21150835 | K4: 0.029399749
A5: 2002 | B5: 0.035273134 | C5: 0.059999736 | D5: 0.08487556 | E5: 0.0031368277 | F5: -0.16127991 | G5: -0.049689976 | H5: -0.30504445 | I5: -0.34110843 | J5: -0.22793553 | K5: -0.20242283
A6: 2003 | B6: 0.025411503 | C6: 0.033410167 | D6: 0.037685942 | E6: -0.049184812 | F6: 0.087401597 | G6: 0.014666739 | H6: 0.15761029 | I6: 0.082617922 | J6: 0.15629158 | K6: 0.30017289
A7: 2004 | B7: 0.021831288 | C7: 0.033969726 | D7: 0.075593423 | E7: 0.020888849 | F7: 0.043264419 | G7: 0.051034586 | H7: 0.12646241 | I7: 0.032721522 | J7: 0.10709243 | K7: 0.16880286
A8: 2005 | B8: 0.021950303 | C8: 0.020481815 | D8: 0.056697384 | E8: 0.07925695 | F8: 0.16937125 | G8: 0.24110171 | H8: 0.26679539 | I8: 0.23225417 | J8: 0.4174703 | K8: 0.55039624
A9: 2006 | B9: 0.03016019 | C9: 0.017654016 | D9: -0.0028239842 | E9: -0.05107058 | F9: 0.015390709 | G9: -0.0018941893 | H9: 0.20183832 | I9: 0.033003098 | J9: 0.0063905048 | K9: 0.18598341
A10: 2007 | B10: 0.044157779 | C10: 0.037934887 | D10: 0.0097233134 | E10: -0.0086455151 | F10: -0.07089022 | G10: -0.0053456654 | H10: 0.031744812 | I10: -0.028932587 | J10: -0.047486666 | K10: 0.26070317
A11: 2008 | B11: 0.057465407 | C11: 0.070002921 | D11: 0.099693757 | E11: 0.18469272 | F11: -0.24126013 | G11: -0.012968904 | H11: -0.43286399 | I11: -0.34579211 | J11: -0.32865114 | K11: -0.50755916
A12: 2009 | B12: 0.023113024 | C12: 0.042513396 | D12: 0.043247221 | E12: -0.01275322 | F12: 0.56925753 | G12: 0.14658974 | H12: 0.32548822 | I12: 0.25316067 | J12: 0.20469975 | K12: 0.73444663
A13: 2010 | B13: 0.011052959 | C13: 0.0089584445 | D13: 0.01143811 | E13: 0.14098047 | F13: 0.21801765 | G13: 0.17277332 | H13: 0.11747023 | I13: 0.24041419 | J13: 0.24141549 | K13: 0.27476196
A14: 2011 | B14: 0.015905964 | C14: 0.0025226178 | D14: 0.021785493 | E14: 0.13575395 | F14: 0.060595095 | G14: 0.051516516 | H14: -0.075109009 | I14: 0.039165051 | J14: -0.10717121 | K14: -0.15437573
... A27: 2024 | B27: 0.035102196 | C27: 0.036641592 | D27: 0.019536411 | E27: 0.030835549 | F27: 0.16733265 | G27: 0.14425464 | H27: 0.092716357 | I27: 0.32858683 | J27: 0.14489331 | K27: 0.15266077
A29: Av Return 1yr | B29: =AVERAGE(B3:B27) -> 0.01721324 | C29: =AVERAGE(C3:C27) -> 0.022014655 | D29: =AVERAGE(D3:D27) -> 0.036239329 | E29: =AVERAGE(E3:E27) -> 0.032475936 | F29: =AVERAGE(F3:F27) -> 0.068267295 | G29: =AVERAGE(G3:G27) -> 0.064519812 | H29: =AVERAGE(H3:H27) -> 0.059985414 | I29: =AVERAGE(I3:I27) -> 0.091487311 | ... K29: =AVERAGE(K3:K27) -> 0.089549735 | L29: =SUMPRODUCT(B30:K30,B29:K29) -> 0.058192989 | M29: {=MMULT(B30:K30,TRANSPOSE(B29:K29))} -> 0.058192989
A30: Naive Weights | B30: 0.03 | C30: 0.1 | D30: 0.15 | E30: 0.12 | F30: 0.04 | G30: 0.06 | H30: 0.12 | I30: 0.23 | J30: 0.05 | K30: 0.1 | L30: =SUM(B30:K30) -> 1
A31: Sigma 1 yr | B31: =STDEV(B3:B27) -> 0.019297032 | C31: =STDEV(C3:C27) -> 0.026340407 | D31: =STDEV(D3:D27) -> 0.060234002 | E31: =STDEV(E3:E27) -> 0.079801695 | F31: =STDEV(F3:F27) -> 0.15074271 | G31: =STDEV(G3:G27) -> 0.10239394 | H31: =STDEV(H3:H27) -> 0.18120589 | I31: =STDEV(I3:I27) -> 0.18945349 | ... K31: =STDEV(K3:K27) -> 0.25474643 | L31: {=SQRT(MMULT(MMULT(B32:K32,B35:K44),TRANSPOSE(B32:K32)))} -> 0.099252838 | M31: =SUMPRODUCT(B30:K30,B31:K31) -> 0.13336318
A32: W*sigma | B32: =B30*B31 -> 0.00057891096 | C32: =C30*C31 -> 0.0026340407 | D32: =D30*D31 -> 0.0090351003 | E32: =E30*E31 -> 0.0095762034 | F32: =F30*F31 -> 0.0060297083 | G32: =G30*G31 -> 0.0061436363 | H32: =H30*H31 -> 0.021744707 | I32: =I30*I31 -> 0.043574302 | ... K32: =K30*K31 -> 0.025474643
A33: VaR (95%) 1yr | B33: =B29-1.645*B31 -> -0.014530377 | C33: =C29-1.645*C31 -> -0.021315315 | D33: =D29-1.645*D31 -> -0.062845604 | E33: =E29-1.645*E31 -> -0.098797853 | F33: =F29-1.645*F31 -> -0.17970446 | G33: =G29-1.645*G31 -> -0.10391822 | H33: =H29-1.645*H31 -> -0.23809828 | I33: =I29-1.645*I31 -> -0.22016367 | ... L33: =L29-1.645*L31 -> -0.10507793
B34: ICE Bofa Euro 0-1 yr | C34: ICE Bofa Bond Euro 1-3 Y | D34: ICE Bofa Bond. Euro | E34: ICE Bofa Bond. Global | F34: ICE Bofa Global HY | G34: ICE Bofa Bond Emerging | H34: MSCI Europe | I34: MSCI North America | J34: MSCI Pacific | K34: MSCI Emerging Markets
A35: ICE Bofa Euro 0-1 yr | B35: 1 | C35: 0.84760418 | D35: 0.39178431 | E35: 0.22319485 | F35: -0.1884378 | G35: 0.053372287 | H35: -0.3846843 | I35: -0.48281293 | J35: -0.46693916 | K35: -0.15262798
A36: ICE Bofa Bond Euro 1-3 Y | B36: 0.84760418 | C36: 1 | D36: 0.74601771 | E36: 0.27744425 | F36: -0.024258919 | G36: 0.1864368 | H36: -0.25545066 | I36: -0.30482256 | J36: -0.307718 | K36: -0.060516921
A37: ICE Bofa Bond. Euro | B37: 0.39178431 | C37: 0.74601771 | D37: 1 | E37: 0.5524229 | F37: 0.081503049 | G37: 0.50339791 | H37: -0.050072293 | I37: 0.029824714 | J37: -0.016900966 | K37: 0.022506758
A38: ICE Bofa Bond. Global | B38: 0.22319485 | C38: 0.27744425 | D38: 0.5524229 | E38: 1 | F38: 0.00091491578 | G38: 0.66385953 | H38: -0.28199577 | I38: 0.013601979 | J38: -0.11492942 | K38: -0.22515231
A39: ICE Bofa Global HY | B39: -0.1884378 | C39: -0.024258919 | D39: 0.081503049 | E39: 0.00091491578 | F39: 1 | G39: 0.57471128 | H39: 0.70351955 | I39: 0.69671578 | J39: 0.65871942 | K39: 0.77527238
A40: ICE Bofa Bond Emerging | B40: 0.053372287 | C40: 0.1864368 | D40: 0.50339791 | E40: 0.66385953 | F40: 0.57471128 | G40: 1 | H40: 0.37024191 | I40: 0.52454438 | J40: 0.46246907 | K40: 0.41448482
A41: MSCI Europe | B41: -0.3846843 | C41: -0.25545066 | D41: -0.050072293 | E41: -0.28199577 | F41: 0.70351955 | G41: 0.37024191 | H41: 1 | I41: 0.85397718 | J41: 0.86764236 | K41: 0.77310938
A42: MSCI North America | B42: -0.48281293 | C42: -0.30482256 | D42: 0.029824714 | E42: 0.013601979 | F42: 0.69671578 | G42: 0.52454438 | H42: 0.85397718 | I42: 1 | J42: 0.83363758 | K42: 0.61555711
A43: MSCI Pacific | B43: -0.46693916 | C43: -0.307718 | D43: -0.016900966 | E43: -0.11492942 | F43: 0.65871942 | G43: 0.46246907 | H43: 0.86764236 | I43: 0.83363758 | J43: 1 | K43: 0.78604221
A44: MSCI Emerging Markets | B44: -0.15262798 | C44: -0.060516921 | D44: 0.022506758 | E44: -0.22515231 | F44: 0.77527238 | G44: 0.41448482 | H44: 0.77310938 | I44: 0.61555711 | J44: 0.78604221 | K44: 1

Sheet Equity USA Hedging
B1: MSCI USA € | C1: MSCI USA $ | D1: MSCI USA HEDGED € | H1: €/$
A2: 36585 | B2: -0.008931566 | C2: -0.024737802 | D2: -0.027236265 | H2: 0.016207166
A3: 36616 | B3: 0.10554775 | C3: 0.098830027 | D3: 0.097324767 | H3: 0.0061135223
A4: 36644 | B4: 0.015185392 | C4: -0.033246032 | D4: -0.036875218 | H4: 0.050096949
A5: 36677 | B5: -0.044311016 | C5: -0.027375489 | D5: -0.029123571 | H5: -0.017412195
A6: 36707 | B6: -0.010205901 | C6: 0.023039896 | D6: 0.019811233 | H6: -0.032497068
A7: 36738 | B7: 0.015009355 | C7: -0.018821321 | D7: -0.021075781 | H7: 0.034479628
A8: 36769 | B8: 0.095421776 | C8: 0.051030496 | D8: 0.051296452 | H8: 0.042235958
A9: 36798 | B9: -0.048207263 | C9: -0.055271804 | D9: -0.056807052 | H9: 0.0074778554
A10: 36830 | B10: 0.032726987 | C10: -0.0080596293 | D10: -0.009855565 | H10: 0.041118012
A11: 36860 | B11: -0.10413021 | C11: -0.079925107 | D11: -0.079209809 | H11: -0.026307751
A12: 36889 | B12: -0.075191269 | C12: -0.0025792118 | D12: -0.0040692497 | H12: -0.072799824
A13: 36922 | B13: 0.045542554 | C13: 0.035634277 | D13: 0.034454437 | H13: 0.0095673514
... A309: 45930 | B309: 0.031657776 | C309: 0.035623702 | D309: 0.033572724 | H309: -0.0038295043
B311: MSCI USA € | C311: MSCI USA $ | D311: MSCI USA HEDGED € | F311: correl eq USA e €/$
A312: Monthly Sigma | B312: =STDEV(B2:B309) -> 0.04400348 | C312: =STDEV(C2:C309) -> 0.044323557 | D312: =STDEV(D2:D309) -> 0.044539172 | F312: =CORREL(C2:C309,H2:H309) -> -0.31807088 | H312: =STDEV(H2:H309) -> 0.0270251
B315: =B1 -> MSCI USA € | C315: =C1 -> MSCI USA $ | D315: =D1 -> MSCI USA HEDGED €
A316: =B315 -> MSCI USA €
A317: =C315 -> MSCI USA $
A318: =D315 -> MSCI USA HEDGED €

Sheet Global Bond Hedging
B1: WD CITIGROUP WGBI WORLD ALL MATS: TOTAL RETURN HEDGED - (E) | C1: WD CITIGROUP WGBI WORLD ALL MATS: TOTAL RETURN - (E) | D1: CGBI WGBI EMU ALL MATS. (E) - TOT RETURN IND
A2: 36585 | B2: 0.006986195 | C2: 0.0089103345 | D2: 0.0062819245
A3: 36616 | B3: 0.013425251 | C3: 0.0373187 | D3: 0.015954725
A4: 36644 | B4: 0.00058092648 | C4: 0.015751944 | D4: -0.00049358839
A5: 36677 | B5: 0.004043633 | C5: -0.0097054817 | D5: 0.0024691607
A6: 36707 | B6: 0.0060818395 | C6: -0.0090824207 | D6: 0.0042023143
A7: 36738 | B7: 0.0061104387 | C7: 0.017024963 | D7: 0.0039244346
A8: 36769 | B8: 0.002092397 | C8: 0.034338196 | D8: -3.988871e-05
A9: 36798 | B9: 0.0048892049 | C9: 0.0054920454 | D9: 0.0073098978
A10: 36830 | B10: 0.0070055773 | C10: 0.027951798 | D10: 0.0045441945
A11: 36860 | B11: 0.016198017 | C11: -0.0069729864 | D11: 0.014684577
A12: 36889 | B12: 0.011443976 | C12: -0.039624314 | D12: 0.014287518
A13: 36922 | B13: 0.0089286482 | C13: 0.0082825554 | D13: 0.0072968936
... A309: 45930 | B309: 0.0061737267 | C309: 0.0014669601 | D309: 0.0045815691
B311: WD CITIGROUP WGBI WORLD ALL MATS: TOTAL RETURN HEDGED - (E) | C311: WD CITIGROUP WGBI WORLD ALL MATS: TOTAL RETURN - (E) | D311: CGBI WGBI EMU ALL MATS. (E) - TOT RETURN IND
A312: Monthly sigma | B312: =STDEV(B2:B309) -> 0.010080446 | C312: =STDEV(C2:C309) -> 0.018999498 | D312: =STDEV(D2:D309) -> 0.013283725
A313: Annual sigma | B313: =B312*SQRT(12) -> 0.03491969 | C313: =C312*SQRT(12) -> 0.065816191 | D313: =D312*SQRT(12) -> 0.046016173
B315: WD CITIGROUP WGBI WORLD ALL MATS: TOTAL RETURN HEDGED - (E) | C315: WD CITIGROUP WGBI WORLD ALL MATS: TOTAL RETURN - (E) | D315: CGBI WGBI EMU ALL MATS. (E) - TOT RETURN IND
A316: WD CITIGROUP WGBI WORLD ALL MATS: TOTAL RETURN HEDGED - (E) | B316: 1
A317: WD CITIGROUP WGBI WORLD ALL MATS: TOTAL RETURN - (E) | B317: =CORREL(B2:B309,C2:C309) -> 0.54786623 | C317: 1
A318: CGBI WGBI EMU ALL MATS. (E) - TOT RETURN IND | B318: =CORREL(B2:B309,D2:D309) -> 0.88621519 | D318: 1

Sheet VaR
B1: MSCI USA
A2: 37435 | B2: -0.13066405
A3: 43921 | B3: -0.12516199
A4: 37529 | B4: -0.11527084 | D4: Time horizon | E4: 1 month | F4: 1 month | G4: 1 month
A5: 37621 | B5: -0.11056437 | D5: VaR(%) Hist sim | E5: =B5 -> -0.11056437 | F5: =B8 -> -0.097310743 | G5: =B17 -> -0.073718509
A6: 37134 | B6: -0.10749228 | D6: Confidence Level | E6: 0.99 | F6: 0.98 | G6: 0.95
A7: 36860 | B7: -0.10727781
A8: 43465 | B8: -0.097310743 | D8: Time horizon | E8: 1 month | F8: 1 month | G8: 1 month
A9: 39629 | B9: -0.096422128 | D9: VaR(%) Var-Cov | E9: =E14-E11*E15 -> -0.096617157 | F9: =E14-F11*E15 -> -0.084561934 | G9: =E14-G11*E15 -> -0.066479239
A10: 37376 | B10: -0.094340084 | D10: Confidence Level | E10: 0.99 | F10: 0.98 | G10: 0.95
A11: 45747 | B11: -0.093544297 | D11: k | E11: =_xlfn.NORM.S.INV(E10) -> 2.3263479 | F11: =_xlfn.NORM.S.INV(F10) -> 2.0537489 | G11: =_xlfn.NORM.S.INV(G10) -> 1.6448536
A12: 44925 | B12: -0.092863809
A13: 39871 | B13: -0.090281058 | E13: 1 month | G13: 1 year
A14: 36950 | B14: -0.084929463 | D14: MEAN | E14: =AVERAGE(B2:B301) -> 0.006261601 | G14: =E14*12 -> 0.075139212
A15: 42247 | B15: -0.081435675 | D15: SIGMA | E15: =STDEV(B2:B301) -> 0.044223291 | G15: =E15*SQRT(12) -> 0.15319397
A16: 43889 | B16: -0.075269731 | G16: 0.95
A17: 37162 | B17: -0.073718509 | F17: 1yr VaR 95% | G17: =G14-G11*G15 -> -0.17684245
A18: 39813 | B18: -0.073649128 | F18: 1yr VaR 99% | G18: =G14-E11*G15 -> -0.28124326
A19: 37894 | B19: -0.073046554
A20: 39780 | B20: -0.07160191
A21: 39752 | B21: -0.070552881
A22: 39478 | B22: -0.070102167
A23: 44834 | B23: -0.0683
A24: 36889 | B24: -0.068175837
A25: 40786 | B25: -0.067733396
A26: 39721 | B26: -0.064292593
A27: 39416 | B27: -0.062585325
A28: 44742 | B28: -0.061562492
A29: 43616 | B29: -0.057596693
A30: 42398 | B30: -0.056012956
... A301: 43951 | B301: 0.13986235

Sheet Grid
A2: HP/Risk Tol | B2: low | C2: medium | D2: medium-high | E2: high
A3: 1 yr
A4: 3 yrs
A5: 5 yrs | D5: 0.6
A6: 10 yrs
A7: + 10 yrs

Sheet Naive Strategy
A1: Asset Classes | B1: SAA Neutral HBA | C1: SAA Naive | E1: Weights | F1: naive | G1: neutral HBA | P1: COMPOSIZIONE DEI PORTAFOGLI NAIVE
A2: Money Mkt in € | B2: =$E$2*G2 -> 0.018 | C2: =$E$2*F2 -> 0.0135 | E2: =1-E8 -> 0.45 | F2: 0.03 | G2: 0.04 | H2: =A2 -> Money Mkt in € | P2: Porzione Azionaria | Q2: {=TRANSPOSE(A2:A12)} -> Money Mkt in € | R2: € Bond Mkt Short Term | S2: € Bond Mkt | T2: Global Bond Dev Mkts | U2: Global Corp Bond High Yield | V2: Em Mkts Bond Mkt | W2: Equ. Europe | X2: Equ. North America | Y2: Equ. Pacific | Z2: Equ. Em Mkts | AA2: Opportunities
A3: € Bond Mkt Short Term | B3: =$E$2*G3 -> 0.09 | C3: =$E$2*F3 -> 0.081 | F3: 0.18 | G3: 0.2 | H3: =A3 -> € Bond Mkt Short Term | P3: 0 | Q3: {=(1-$P3)*TRANSPOSE($F$2:$F$7)} -> 0.03 | R3: 0.18 | S3: 0.37 | T3: 0.2 | U3: 0.09 | V3: 0.13 | W3: {=$P3*TRANSPOSE($F$8:$F$12)} -> 0 | X3: 0 | Y3: 0 | Z3: 0 | AA3: 0
A4: € Bond Mkt | B4: =$E$2*G4 -> 0.18 | C4: =$E$2*F4 -> 0.1665 | F4: 0.37 | G4: 0.4 | H4: =A4 -> € Bond Mkt | P4: 0.01 | Q4: {=(1-$P4)*TRANSPOSE($F$2:$F$7)} -> 0.0297 | R4: 0.1782 | S4: 0.3663 | T4: 0.198 | U4: 0.0891 | V4: 0.1287 | W4: {=$P4*TRANSPOSE($F$8:$F$12)} -> 0.002 | X4: 0.0052 | Y4: 0.0004 | Z4: 0.0016 | AA4: 0.0008
A5: Global Bond Dev Mkts | B5: =$E$2*G5 -> 0.1035 | C5: =$E$2*F5 -> 0.09 | F5: 0.2 | G5: 0.23 | H5: =A5 -> Global Bond Dev Mkts | P5: 0.02 | Q5: {=(1-$P5)*TRANSPOSE($F$2:$F$7)} -> 0.0294 | R5: 0.1764 | S5: 0.3626 | T5: 0.196 | U5: 0.0882 | V5: 0.1274 | W5: {=$P5*TRANSPOSE($F$8:$F$12)} -> 0.004 | X5: 0.0104 | Y5: 0.0008 | Z5: 0.0032 | AA5: 0.0016
A6: Global Corp Bond High Yield | B6: =$E$2*G6 -> 0.0225 | C6: =$E$2*F6 -> 0.0405 | F6: 0.09 | G6: 0.05 | H6: =A6 -> Global Corp Bond High Yield | P6: 0.03 | Q6: {=(1-$P6)*TRANSPOSE($F$2:$F$7)} -> 0.0291 | R6: 0.1746 | S6: 0.3589 | T6: 0.194 | U6: 0.0873 | V6: 0.1261 | W6: {=$P6*TRANSPOSE($F$8:$F$12)} -> 0.006 | X6: 0.0156 | Y6: 0.0012 | Z6: 0.0048 | AA6: 0.0024
A7: Em Mkts Bond Mkt | B7: =$E$2*G7 -> 0.036 | C7: =$E$2*F7 -> 0.0585 | F7: 0.13 | G7: 0.08 | H7: =A7 -> Em Mkts Bond Mkt | P7: 0.04 | Q7: {=(1-$P7)*TRANSPOSE($F$2:$F$7)} -> 0.0288 | R7: 0.1728 | S7: 0.3552 | T7: 0.192 | U7: 0.0864 | V7: 0.1248 | W7: {=$P7*TRANSPOSE($F$8:$F$12)} -> 0.008 | X7: 0.0208 | Y7: 0.0016 | Z7: 0.0064 | AA7: 0.0032
A8: Equ. Europe | B8: =$E$8*G8 -> 0.1265 | C8: =$E$8*F8 -> 0.11 | E8: 0.55 | F8: 0.2 | G8: 0.23 | H8: =A8 -> Equ. Europe | P8: 0.05 | Q8: {=(1-$P8)*TRANSPOSE($F$2:$F$7)} -> 0.0285 | R8: 0.171 | S8: 0.3515 | T8: 0.19 | U8: 0.0855 | V8: 0.1235 | W8: {=$P8*TRANSPOSE($F$8:$F$12)} -> 0.01 | X8: 0.026 | Y8: 0.002 | Z8: 0.008 | AA8: 0.004
A9: Equ. North America | B9: =$E$8*G9 -> 0.275 | C9: =$E$8*F9 -> 0.286 | F9: 0.52 | G9: 0.5 | H9: =A9 -> Equ. North America | P9: 0.06 | Q9: {=(1-$P9)*TRANSPOSE($F$2:$F$7)} -> 0.0282 | R9: 0.1692 | S9: 0.3478 | T9: 0.188 | U9: 0.0846 | V9: 0.1222 | W9: {=$P9*TRANSPOSE($F$8:$F$12)} -> 0.012 | X9: 0.0312 | Y9: 0.0024 | Z9: 0.0096 | AA9: 0.0048
A10: Equ. Pacific | B10: =$E$8*G10 -> 0.0495 | C10: =$E$8*F10 -> 0.022 | F10: 0.04 | G10: 0.09 | H10: =A10 -> Equ. Pacific | P10: 0.07 | Q10: {=(1-$P10)*TRANSPOSE($F$2:$F$7)} -> 0.0279 | R10: 0.1674 | S10: 0.3441 | T10: 0.186 | U10: 0.0837 | V10: 0.1209 | W10: {=$P10*TRANSPOSE($F$8:$F$12)} -> 0.014 | X10: 0.0364 | Y10: 0.0028 | Z10: 0.0112 | AA10: 0.0056
A11: Equ. Em Mkts | B11: =$E$8*G11 -> 0.0715 | C11: =$E$8*F11 -> 0.088 | F11: 0.16 | G11: 0.13 | H11: =A11 -> Equ. Em Mkts | P11: 0.08 | Q11: {=(1-$P11)*TRANSPOSE($F$2:$F$7)} -> 0.0276 | R11: 0.1656 | S11: 0.3404 | T11: 0.184 | U11: 0.0828 | V11: 0.1196 | W11: {=$P11*TRANSPOSE($F$8:$F$12)} -> 0.016 | X11: 0.0416 | Y11: 0.0032 | Z11: 0.0128 | AA11: 0.0064
A12: Opportunities | B12: =$E$8*G12 -> 0.0275 | C12: =$E$8*F12 -> 0.044 | F12: 0.08 | G12: 0.05 | H12: =A12 -> Opportunities | P12: 0.09 | Q12: {=(1-$P12)*TRANSPOSE($F$2:$F$7)} -> 0.0273 | R12: 0.1638 | S12: 0.3367 | T12: 0.182 | U12: 0.0819 | V12: 0.1183 | W12: {=$P12*TRANSPOSE($F$8:$F$12)} -> 0.018 | X12: 0.0468 | Y12: 0.0036 | Z12: 0.0144 | AA12: 0.0072
B13: Long Term Views | P13: 0.1 | Q13: {=(1-$P13)*TRANSPOSE($F$2:$F$7)} -> 0.027 | R13: 0.162 | S13: 0.333 | T13: 0.18 | U13: 0.081 | V13: 0.117 | W13: {=$P13*TRANSPOSE($F$8:$F$12)} -> 0.02 | X13: 0.052 | Y13: 0.004 | Z13: 0.016 | AA13: 0.008
B14: view | C14: fiducia | P14: 0.11 | Q14: {=(1-$P14)*TRANSPOSE($F$2:$F$7)} -> 0.0267 | R14: 0.1602 | S14: 0.3293 | T14: 0.178 | U14: 0.0801 | V14: 0.1157 | W14: {=$P14*TRANSPOSE($F$8:$F$12)} -> 0.022 | X14: 0.0572 | Y14: 0.0044 | Z14: 0.0176 | AA14: 0.0088
A15: € interest rate | B15: stable | C15: medium | P15: 0.12 | Q15: {=(1-$P15)*TRANSPOSE($F$2:$F$7)} -> 0.0264 | R15: 0.1584 | S15: 0.3256 | T15: 0.176 | U15: 0.0792 | V15: 0.1144 | W15: {=$P15*TRANSPOSE($F$8:$F$12)} -> 0.024 | X15: 0.0624 | Y15: 0.0048 | Z15: 0.0192 | AA15: 0.0096
P16: 0.13 | Q16: {=(1-$P16)*TRANSPOSE($F$2:$F$7)} -> 0.0261 | R16: 0.1566 | S16: 0.3219 | T16: 0.174 | U16: 0.0783 | V16: 0.1131 | W16: {=$P16*TRANSPOSE($F$8:$F$12)} -> 0.026 | X16: 0.0676 | Y16: 0.0052 | Z16: 0.0208 | AA16: 0.0104
A17: strong currencies | B17: stable dollar $ | C17: medium | P17: 0.14 | Q17: {=(1-$P17)*TRANSPOSE($F$2:$F$7)} -> 0.0258 | R17: 0.1548 | S17: 0.3182 | T17: 0.172 | U17: 0.0774 | V17: 0.1118 | W17: {=$P17*TRANSPOSE($F$8:$F$12)} -> 0.028 | X17: 0.0728 | Y17: 0.0056 | Z17: 0.0224 | AA17: 0.0112
P18: 0.15 | Q18: {=(1-$P18)*TRANSPOSE($F$2:$F$7)} -> 0.0255 | R18: 0.153 | S18: 0.3145 | T18: 0.17 | U18: 0.0765 | V18: 0.1105 | W18: {=$P18*TRANSPOSE($F$8:$F$12)} -> 0.03 | X18: 0.078 | Y18: 0.006 | Z18: 0.024 | AA18: 0.012
A19: spread low rating bonds | B19: credit spread reduction | C19: high | P19: 0.16 | Q19: {=(1-$P19)*TRANSPOSE($F$2:$F$7)} -> 0.0252 | R19: 0.1512 | S19: 0.3108 | T19: 0.168 | U19: 0.0756 | V19: 0.1092 | W19: {=$P19*TRANSPOSE($F$8:$F$12)} -> 0.032 | X19: 0.0832 | Y19: 0.0064 | Z19: 0.0256 | AA19: 0.0128
P20: 0.17 | Q20: {=(1-$P20)*TRANSPOSE($F$2:$F$7)} -> 0.0249 | R20: 0.1494 | S20: 0.3071 | T20: 0.166 | U20: 0.0747 | V20: 0.1079 | W20: {=$P20*TRANSPOSE($F$8:$F$12)} -> 0.034 | X20: 0.0884 | Y20: 0.0068 | Z20: 0.0272 | AA20: 0.0136
A21: Equ. Europe | B21: - | C21: medium | P21: 0.18 | Q21: {=(1-$P21)*TRANSPOSE($F$2:$F$7)} -> 0.0246 | R21: 0.1476 | S21: 0.3034 | T21: 0.164 | U21: 0.0738 | V21: 0.1066 | W21: {=$P21*TRANSPOSE($F$8:$F$12)} -> 0.036 | X21: 0.0936 | Y21: 0.0072 | Z21: 0.0288 | AA21: 0.0144
A22: Equ. North America | B22: + | C22: medium | P22: 0.19 | Q22: {=(1-$P22)*TRANSPOSE($F$2:$F$7)} -> 0.0243 | R22: 0.1458 | S22: 0.2997 | T22: 0.162 | U22: 0.0729 | V22: 0.1053 | W22: {=$P22*TRANSPOSE($F$8:$F$12)} -> 0.038 | X22: 0.0988 | Y22: 0.0076 | Z22: 0.0304 | AA22: 0.0152
A23: Equ. Pacific | B23: - | C23: medium | P23: 0.2 | Q23: {=(1-$P23)*TRANSPOSE($F$2:$F$7)} -> 0.024 | R23: 0.144 | S23: 0.296 | T23: 0.16 | U23: 0.072 | V23: 0.104 | W23: {=$P23*TRANSPOSE($F$8:$F$12)} -> 0.04 | X23: 0.104 | Y23: 0.008 | Z23: 0.032 | AA23: 0.016
A24: Equ. Em Mkts | B24: + | C24: medium | P24: 0.21 | Q24: {=(1-$P24)*TRANSPOSE($F$2:$F$7)} -> 0.0237 | R24: 0.1422 | S24: 0.2923 | T24: 0.158 | U24: 0.0711 | V24: 0.1027 | W24: {=$P24*TRANSPOSE($F$8:$F$12)} -> 0.042 | X24: 0.1092 | Y24: 0.0084 | Z24: 0.0336 | AA24: 0.0168
P25: 0.22 | Q25: {=(1-$P25)*TRANSPOSE($F$2:$F$7)} -> 0.0234 | R25: 0.1404 | S25: 0.2886 | T25: 0.156 | U25: 0.0702 | V25: 0.1014 | W25: {=$P25*TRANSPOSE($F$8:$F$12)} -> 0.044 | X25: 0.1144 | Y25: 0.0088 | Z25: 0.0352 | AA25: 0.0176
A26: Opportunities | B26: + | C26: high | P26: 0.23 | Q26: {=(1-$P26)*TRANSPOSE($F$2:$F$7)} -> 0.0231 | R26: 0.1386 | S26: 0.2849 | T26: 0.154 | U26: 0.0693 | V26: 0.1001 | W26: {=$P26*TRANSPOSE($F$8:$F$12)} -> 0.046 | X26: 0.1196 | Y26: 0.0092 | Z26: 0.0368 | AA26: 0.0184
P27: 0.24 | Q27: {=(1-$P27)*TRANSPOSE($F$2:$F$7)} -> 0.0228 | R27: 0.1368 | S27: 0.2812 | T27: 0.152 | U27: 0.0684 | V27: 0.0988 | W27: {=$P27*TRANSPOSE($F$8:$F$12)} -> 0.048 | X27: 0.1248 | Y27: 0.0096 | Z27: 0.0384 | AA27: 0.0192
P28: 0.25 | Q28: {=(1-$P28)*TRANSPOSE($F$2:$F$7)} -> 0.0225 | R28: 0.135 | S28: 0.2775 | T28: 0.15 | U28: 0.0675 | V28: 0.0975 | W28: {=$P28*TRANSPOSE($F$8:$F$12)} -> 0.05 | X28: 0.13 | Y28: 0.01 | Z28: 0.04 | AA28: 0.02
P29: 0.26 | Q29: {=(1-$P29)*TRANSPOSE($F$2:$F$7)} -> 0.0222 | R29: 0.1332 | S29: 0.2738 | T29: 0.148 | U29: 0.0666 | V29: 0.0962 | W29: {=$P29*TRANSPOSE($F$8:$F$12)} -> 0.052 | X29: 0.1352 | Y29: 0.0104 | Z29: 0.0416 | AA29: 0.0208
P30: 0.27 | Q30: {=(1-$P30)*TRANSPOSE($F$2:$F$7)} -> 0.0219 | R30: 0.1314 | S30: 0.2701 | T30: 0.146 | U30: 0.0657 | V30: 0.0949 | W30: {=$P30*TRANSPOSE($F$8:$F$12)} -> 0.054 | X30: 0.1404 | Y30: 0.0108 | Z30: 0.0432 | AA30: 0.0216
P31: 0.28 | Q31: {=(1-$P31)*TRANSPOSE($F$2:$F$7)} -> 0.0216 | R31: 0.1296 | S31: 0.2664 | T31: 0.144 | U31: 0.0648 | V31: 0.0936 | W31: {=$P31*TRANSPOSE($F$8:$F$12)} -> 0.056 | X31: 0.1456 | Y31: 0.0112 | Z31: 0.0448 | AA31: 0.0224
P32: 0.29 | Q32: {=(1-$P32)*TRANSPOSE($F$2:$F$7)} -> 0.0213 | R32: 0.1278 | S32: 0.2627 | T32: 0.142 | U32: 0.0639 | V32: 0.0923 | W32: {=$P32*TRANSPOSE($F$8:$F$12)} -> 0.058 | X32: 0.1508 | Y32: 0.0116 | Z32: 0.0464 | AA32: 0.0232
P33: 0.3 | Q33: {=(1-$P33)*TRANSPOSE($F$2:$F$7)} -> 0.021 | R33: 0.126 | S33: 0.259 | T33: 0.14 | U33: 0.063 | V33: 0.091 | W33: {=$P33*TRANSPOSE($F$8:$F$12)} -> 0.06 | X33: 0.156 | Y33: 0.012 | Z33: 0.048 | AA33: 0.024
P34: 0.31 | Q34: {=(1-$P34)*TRANSPOSE($F$2:$F$7)} -> 0.0207 | R34: 0.1242 | S34: 0.2553 | T34: 0.138 | U34: 0.0621 | V34: 0.0897 | W34: {=$P34*TRANSPOSE($F$8:$F$12)} -> 0.062 | X34: 0.1612 | Y34: 0.0124 | Z34: 0.0496 | AA34: 0.0248
P35: 0.32 | Q35: {=(1-$P35)*TRANSPOSE($F$2:$F$7)} -> 0.0204 | R35: 0.1224 | S35: 0.2516 | T35: 0.136 | U35: 0.0612 | V35: 0.0884 | W35: {=$P35*TRANSPOSE($F$8:$F$12)} -> 0.064 | X35: 0.1664 | Y35: 0.0128 | Z35: 0.0512 | AA35: 0.0256
P36: 0.33 | Q36: {=(1-$P36)*TRANSPOSE($F$2:$F$7)} -> 0.0201 | R36: 0.1206 | S36: 0.2479 | T36: 0.134 | U36: 0.0603 | V36: 0.0871 | W36: {=$P36*TRANSPOSE($F$8:$F$12)} -> 0.066 | X36: 0.1716 | Y36: 0.0132 | Z36: 0.0528 | AA36: 0.0264
P37: 0.34 | Q37: {=(1-$P37)*TRANSPOSE($F$2:$F$7)} -> 0.0198 | R37: 0.1188 | S37: 0.2442 | T37: 0.132 | U37: 0.0594 | V37: 0.0858 | W37: {=$P37*TRANSPOSE($F$8:$F$12)} -> 0.068 | X37: 0.1768 | Y37: 0.0136 | Z37: 0.0544 | AA37: 0.0272
P38: 0.35 | Q38: {=(1-$P38)*TRANSPOSE($F$2:$F$7)} -> 0.0195 | R38: 0.117 | S38: 0.2405 | T38: 0.13 | U38: 0.0585 | V38: 0.0845 | W38: {=$P38*TRANSPOSE($F$8:$F$12)} -> 0.07 | X38: 0.182 | Y38: 0.014 | Z38: 0.056 | AA38: 0.028
... P103: 1 | Q103: {=(1-$P103)*TRANSPOSE($F$2:$F$7)} -> 0 | R103: 0 | S103: 0 | T103: 0 | U103: 0 | V103: 0 | W103: {=$P103*TRANSPOSE($F$8:$F$12)} -> 0.2 | X103: 0.52 | Y103: 0.04 | Z103: 0.16 | AA103: 0.08

Sheet METAPORTFOLIO example
A1: ASSET CLASSES | B1: Metaportfolio (Medium size Bank )
A2: Money Market Area € | B2: 0.00026421701
A3: Bond Area € Short Term | B3: 0.01963632
A4: Bond Area € All Maturities | B4: 0.32344321
A5: Bond € Corporate | B5: 0.054352288
A6: Bond Global | B6: 0.076320393
A7: Bond Global HY | B7: 0.0073157946
A8: Bond Emerging Mkts | B8: 0.054226423
A9: Equity Europe | B9: 0.065554189
A10: Equity North America | B10: 0.057108941
A11: Equity Pacific | B11: 0.01446757
A12: Equity Emerging Markets | B12: 0.034012546
A13: Opportunities | B13: 0.018786135
... A15: Flexible Funds medium-high risk | B15: 0.059522439
B16: 1

Sheet Mark opt
A1: Asset Classes | B1: E(r) pred | C1: s (ts) | D1: Pesi | G1: cov (ts) | H1: Money Mkt in € | I1: € Bond Mkt Short Term | J1: € Bond Mkt | K1: Global Bond Dev Mkts | L1: Global Corp Bond High Yield | M1: Em Mkts Bond Mkt | N1: Equ. Europe | O1: Equ. North America | P1: Equ. Pacific | Q1: Equ. Em Mkts | R1: Opportunities
A2: Money Mkt in € | B2: 0.02 | C2: 0.0086802842 | D2: 0 | G2: =A2 -> Money Mkt in € | H2: 7.5347334e-05 | I2: 8.4124644e-05 | J2: 8.3378228e-05 | K2: 7.1342985e-05 | L2: -0.00017397431 | M2: -6.1542754e-05 | N2: -0.00033207095 | O2: -0.00039257831 | P2: -0.00034189094 | Q2: -0.00033686116 | R2: -0.00026083404
A3: € Bond Mkt Short Term | B3: 0.029 | C3: 0.016887831 | D3: 0.60485527 | G3: =A3 -> € Bond Mkt Short Term | H3: 8.4124644e-05 | I3: 0.00028519884 | J3: 0.00052850669 | K3: 0.000301066 | L3: -1.9639822e-06 | M3: 7.8226156e-05 | N3: -0.00044277805 | O3: -0.00057545911 | P3: -0.0002638948 | Q3: -0.00051360836 | R3: -0.00054852013
A4: € Bond Mkt | B4: 0.03255 | C4: 0.04168791 | D4: 0.036078149 | G4: =A4 -> € Bond Mkt | H4: 8.3378228e-05 | I4: 0.00052850669 | J4: 0.0017378818 | K4: 0.0012112773 | L4: 0.00043922155 | M4: 0.00082645978 | N4: -0.00036330969 | O4: -0.00033697727 | P4: -0.00023877628 | Q4: -0.0004320099 | R4: -0.00066831916
A5: Global Bond Dev Mkts | B5: 0.030122243 | C5: 0.069174632 | D5: 0 | G5: =A5 -> Global Bond Dev Mkts | H5: 7.1342985e-05 | I5: 0.000301066 | J5: 0.0012112773 | K5: 0.0047851297 | L5: 0.0023664839 | M5: 0.0025755328 | N5: -0.0023069931 | O5: 0.0008906135 | P5: 0.00028093602 | Q5: -0.0019456008 | R5: -0.00055598841
A6: Global Corp Bond High Yield | B6: 0.073 | C6: 0.11065841 | D6: 0.33744985 | G6: =A6 -> Global Corp Bond High Yield | H6: -0.00017397431 | I6: -1.9639822e-06 | J6: 0.00043922155 | K6: 0.0023664839 | L6: 0.012245283 | M6: 0.00983592 | N6: 0.010775571 | O6: 0.012850416 | P6: 0.010944858 | Q6: 0.01493782 | R6: 0.011378505
A7: Em Mkts Bond Mkt | B7: 0.06 | C7: 0.12718802 | D7: 0 | G7: =A7 -> Em Mkts Bond Mkt | H7: -6.1542754e-05 | I7: 7.8226156e-05 | J7: 0.00082645978 | K7: 0.0025755328 | L7: 0.00983592 | M7: 0.016176792 | N7: 0.010983252 | O7: 0.013100393 | P7: 0.012511455 | Q7: 0.019179196 | R7: 0.011104224
A8: Equ. Europe | B8: 0.065 | C8: 0.17527257 | D8: 0 | G8: =A8 -> Equ. Europe | H8: -0.00033207095 | I8: -0.00044277805 | J8: -0.00036330969 | K8: -0.0023069931 | L8: 0.010775571 | M8: 0.010983252 | N8: 0.030720472 | O8: 0.024597742 | P8: 0.022749367 | Q8: 0.030464166 | R8: 0.022943713
A9: Equ. North America | B9: 0.075 | C9: 0.178 | D9: 0.013964444 | G9: =A9 -> Equ. North America | H9: -0.00039257831 | I9: -0.00057545911 | J9: -0.00033697727 | K9: 0.0008906135 | L9: 0.012850416 | M9: 0.013100393 | N9: 0.024597742 | O9: 0.031684 | P9: 0.022144246 | Q9: 0.028532455 | R9: 0.023753384
A10: Equ. Pacific | B10: 0.068068267 | C10: 0.18555431 | D10: 0 | G10: =A10 -> Equ. Pacific | H10: -0.00034189094 | I10: -0.0002638948 | J10: -0.00023877628 | K10: 0.00028093602 | L10: 0.010944858 | M10: 0.012511455 | N10: 0.022749367 | O10: 0.022144246 | P10: 0.034430403 | Q10: 0.034107686 | R10: 0.02169613
A11: Equ. Em Mkts | B11: 0.083775786 | C11: 0.23692683 | D11: 0.0051645757 | G11: =A11 -> Equ. Em Mkts | H11: -0.00033686116 | I11: -0.00051360836 | J11: -0.0004320099 | K11: -0.0019456008 | L11: 0.01493782 | M11: 0.019179196 | N11: 0.030464166 | O11: 0.028532455 | P11: 0.034107686 | Q11: 0.056134322 | R11: 0.028302038
A12: Opportunities | B12: 0.068743756 | C12: 0.15358287 | D12: 0.0024877134 | G12: =A12 -> Opportunities | H12: -0.00026083404 | I12: -0.00054852013 | J12: -0.00066831916 | K12: -0.00055598841 | L12: 0.011378505 | M12: 0.011104224 | N12: 0.022943713 | O12: 0.023753384 | P12: 0.02169613 | Q12: 0.028302038 | R12: 0.023587697
A13: PORTFOLIO | B13: =SUMPRODUCT(D2:D12,B2:B12) -> 0.045 | C13: {=SQRT(MMULT(MMULT(TRANSPOSE(D2:D12),H2:R12),D2:D12))} -> 0.041537399 | D13: =SUM(D2:D12) -> 1
G14: corr (ts) | H14: 1 | I14: 0.5738725 | J14: 0.23041386 | K14: 0.11881478 | L14: -0.18112014 | M14: -0.055743828 | N14: -0.21826445 | O14: -0.26406301 | P14: -0.21226705 | Q14: -0.1637958 | R14: -0.19565347
A15: 0.045 | H15: 0.5738725 | I15: 1 | J15: 0.75070012 | K15: 0.25771576 | L15: -0.0010509432 | M15: 0.036419327 | N15: -0.14958852 | O15: -0.19895543 | P15: -0.08421431 | Q15: -0.12836421 | R15: -0.21148322
A16: Targeted Return (R*) | H16: 0.23041386 | I16: 0.75070012 | J16: 1 | K16: 0.4200361 | L16: 0.095211435 | M16: 0.15587103 | N16: -0.049722496 | O16: -0.047196055 | P16: -0.030868108 | Q16: -0.04373905 | R16: -0.1043833
H17: 0.11881478 | I17: 0.25771576 | J17: 0.4200361 | K17: 1 | L17: 0.30915216 | M17: 0.29273459 | N17: -0.19027665 | O17: 0.075172263 | P17: 0.021887165 | Q17: -0.11871146 | R17: -0.052333058
H18: -0.18112014 | I18: -0.0010509432 | J18: 0.095211435 | K18: 0.30915216 | L18: 1 | M18: 0.69885067 | N18: 0.55557404 | O18: 0.67802855 | P18: 0.53303368 | Q18: 0.56975555 | R18: 0.66951145
H19: -0.055743828 | I19: 0.036419327 | J19: 0.15587103 | K19: 0.29273459 | L19: 0.69885067 | M19: 1 | N19: 0.49268665 | O19: 0.60138604 | P19: 0.53014001 | Q19: 0.6364583 | R19: 0.56845913
H20: -0.21826445 | I20: -0.14958852 | J20: -0.049722496 | K20: -0.19027665 | L20: 0.55557404 | M20: 0.49268665 | N20: 1 | O20: 0.81940102 | P20: 0.69949453 | Q20: 0.73360301 | R20: 0.85232846
H21: -0.26406301 | I21: -0.19895543 | J21: -0.047196055 | K21: 0.075172263 | L21: 0.67802855 | M21: 0.60138604 | N21: 0.81940102 | O21: 1 | P21: 0.69679505 | Q21: 0.70313726 | R21: 0.90302117
H22: -0.21226705 | I22: -0.08421431 | J22: -0.030868108 | K22: 0.021887165 | L22: 0.53303368 | M22: 0.53014001 | N22: 0.69949453 | O22: 0.69679505 | P22: 1 | Q22: 0.77583071 | R22: 0.76132213
H23: -0.1637958 | I23: -0.12836421 | J23: -0.04373905 | K23: -0.11871146 | L23: 0.56975555 | M23: 0.6364583 | N23: 0.73360301 | O23: 0.70313726 | P23: 0.77583071 | Q23: 1 | R23: 0.77778704
H24: -0.19565347 | I24: -0.21148322 | J24: -0.1043833 | K24: -0.052333058 | L24: 0.66951145 | M24: 0.56845913 | N24: 0.85232846 | O24: 0.90302117 | P24: 0.76132213 | Q24: 0.77778704 | R24: 1
A27: Sigma | B27: Expected Return | D27: Bofa ML Euro 0-1 anni | E27: Bofa ML Bond Euro 1-3 Y | F27: Bofa ML Obbl. Euro | G27: Bofa ML Obbl. Globale | H27: ML Global HY | I27: Bofa ML Obbl Emergente | J27: MSCI Europe | K27: MSCI North America | L27: MSCI Pacific | M27: MSCI Emerging Markets | N27: Opportunities
A28: 0.0082393786 | B28: 0.021027011 | D28: 0.98039599 | E28: 0 | F28: 0 | G28: 0 | H28: 0.0066436701 | I28: 0 | J28: 0.0015066792 | K28: 0.0080152254 | L28: 0.0034384305 | M28: 0 | N28: 0
A29: 0.0099530912 | B29: 0.025 | D29: 0.66710363 | E29: 0.28733845 | F29: 0 | G29: 0 | H29: 0.027098165 | I29: 0 | J29: 0 | K29: 0.012538118 | L29: 0.00072279992 | M29: 0 | N29: 0.0051988436
A30: 0.014534694 | B30: 0.03 | D30: 0.25063992 | E30: 0.67377024 | F30: 0 | G30: 0 | H30: 0.04475045 | I30: 0 | J30: 0 | K30: 0.0097608672 | L30: 0 | M30: 0 | N30: 0.021078525
A31: 0.020584336 | B31: 0.035 | D31: 0 | E31: 0.86153094 | F31: 0 | G31: 0 | H31: 0.10308865 | I31: 0 | J31: 0 | K31: 0.0092626244 | L31: 0 | M31: 0 | N31: 0.026117783
A32: 0.03024018 | B32: 0.04 | D32: 0 | E32: 0.74947572 | F32: 0 | G32: 0 | H32: 0.22268153 | I32: 0 | J32: 0 | K32: 0.012280961 | L32: 0 | M32: 0.0012376633 | N32: 0.014324129
A33: 0.0415374 | B33: 0.045 | D33: 0 | E33: 0.60487441 | F33: 0.036062638 | G33: 0 | H33: 0.33743315 | I33: 0 | J33: 0 | K33: 0.01394894 | L33: 0 | M33: 0.0051890483 | N33: 0.0024918073
A34: 0.053338885 | B34: 0.05 | D34: 0 | E34: 0.40935022 | F34: 0.12590754 | G34: 0 | H34: 0.44578769 | I34: 0 | J34: 0 | K34: 0.011381355 | L34: 0 | M34: 0.0075732 | N34: 0
A35: 0.065354063 | B35: 0.055 | D35: 0 | E35: 0.2125297 | F35: 0.2167075 | G35: 0 | H35: 0.55374655 | I35: 0 | J35: 0 | K35: 0.0075478518 | L35: 0 | M35: 0.0094683983 | N35: 0
A36: 0.077483748 | B36: 0.06 | D36: 0 | E36: 0.015709173 | F36: 0.30750745 | G36: 0 | H36: 0.66170541 | I36: 0 | J36: 0 | K36: 0.0037143879 | L36: 0 | M36: 0.011363573 | N36: 0
A37: 0.089900925 | B37: 0.065 | D37: 0 | E37: 0 | F37: 0.2010891 | G37: 0 | H37: 0.7864706 | I37: 0 | J37: 0 | K37: 0 | L37: 0 | M37: 0.012440305 | N37: 0
A38: 0.10276464 | B38: 0.07 | D38: 0 | E38: 0 | F38: 0.077415919 | G38: 0 | H38: 0.91038319 | I38: 0 | J38: 0 | K38: 0 | L38: 0 | M38: 0.012200893 | N38: 0
A39: 0.12071097 | B39: 0.075 | D39: 0 | E39: 0 | F39: 0 | G39: 0 | H39: 0.81439868 | I39: 0 | J39: 0 | K39: 0 | L39: 0 | M39: 0.18560132 | N39: 0
... A41: 0.23692683 | B41: 0.083775786 | D41: 0 | E41: 0 | F41: 0 | G41: 0 | H41: 0 | I41: 0 | J41: 0 | K41: 0 | L41: 0 | M41: 1 | N41: 0

Sheet Mark abs
A1: Asset Class | B1: E(r) | C1: s | D1: Weights | G1: COV | H1: {=TRANSPOSE(G2:G12)} -> Money Mkt in € | I1: € Bond Mkt Short Term | J1: € Bond Mkt | K1: Global Bond Dev Mkts | L1: Global Corp Bond High Yield | M1: Em Mkts Bond Mkt | N1: Equ. Europe | O1: Equ. North America | P1: Equ. Pacific | Q1: Equ. Em Mkts | R1: Opportunities | U1: Asset Class | V1: Lower Bounds | W1: Upper Bounds
A2: ='Mark opt'!A2 -> Money Mkt in € | B2: ='Mark opt'!B2 -> 0.02 | C2: ='Mark opt'!C2 -> 0.0086802842 | D2: 0 | G2: =A2 -> Money Mkt in € | H2: ='Mark opt'!H2 -> 7.5347334e-05 | I2: ='Mark opt'!I2 -> 8.4124644e-05 | J2: ='Mark opt'!J2 -> 8.3378228e-05 | K2: ='Mark opt'!K2 -> 7.1342985e-05 | L2: ='Mark opt'!L2 -> -0.00017397431 | M2: ='Mark opt'!M2 -> -6.1542754e-05 | N2: ='Mark opt'!N2 -> -0.00033207095 | O2: ='Mark opt'!O2 -> -0.00039257831 | ... R2: ='Mark opt'!R2 -> -0.00026083404 | U2: Money Mkt euro | V2: 0 | W2: 1
A3: ='Mark opt'!A3 -> € Bond Mkt Short Term | B3: ='Mark opt'!B3 -> 0.029 | C3: ='Mark opt'!C3 -> 0.016887831 | D3: 0 | G3: =A3 -> € Bond Mkt Short Term | H3: ='Mark opt'!H3 -> 8.4124644e-05 | I3: ='Mark opt'!I3 -> 0.00028519884 | J3: ='Mark opt'!J3 -> 0.00052850669 | K3: ='Mark opt'!K3 -> 0.000301066 | L3: ='Mark opt'!L3 -> -1.9639822e-06 | M3: ='Mark opt'!M3 -> 7.8226156e-05 | N3: ='Mark opt'!N3 -> -0.00044277805 | O3: ='Mark opt'!O3 -> -0.00057545911 | ... R3: ='Mark opt'!R3 -> -0.00054852013 | U3: Bond € Short Term | V3: 0 | W3: 1
A4: ='Mark opt'!A4 -> € Bond Mkt | B4: ='Mark opt'!B4 -> 0.03255 | C4: ='Mark opt'!C4 -> 0.04168791 | D4: 0.24330222 | G4: =A4 -> € Bond Mkt | H4: ='Mark opt'!H4 -> 8.3378228e-05 | I4: ='Mark opt'!I4 -> 0.00052850669 | J4: ='Mark opt'!J4 -> 0.0017378818 | K4: ='Mark opt'!K4 -> 0.0012112773 | L4: ='Mark opt'!L4 -> 0.00043922155 | M4: ='Mark opt'!M4 -> 0.00082645978 | N4: ='Mark opt'!N4 -> -0.00036330969 | O4: ='Mark opt'!O4 -> -0.00033697727 | ... R4: ='Mark opt'!R4 -> -0.00066831916 | U4: Bond € MLT | V4: 0 | W4: 1
A5: ='Mark opt'!A5 -> Global Bond Dev Mkts | B5: ='Mark opt'!B5 -> 0.030122243 | C5: ='Mark opt'!C5 -> 0.069174632 | D5: 0 | G5: =A5 -> Global Bond Dev Mkts | H5: ='Mark opt'!H5 -> 7.1342985e-05 | I5: ='Mark opt'!I5 -> 0.000301066 | J5: ='Mark opt'!J5 -> 0.0012112773 | K5: ='Mark opt'!K5 -> 0.0047851297 | L5: ='Mark opt'!L5 -> 0.0023664839 | M5: ='Mark opt'!M5 -> 0.0025755328 | N5: ='Mark opt'!N5 -> -0.0023069931 | O5: ='Mark opt'!O5 -> 0.0008906135 | ... R5: ='Mark opt'!R5 -> -0.00055598841 | U5: Global Bond Dev Mkts | V5: 0 | W5: 1
A6: ='Mark opt'!A6 -> Global Corp Bond High Yield | B6: ='Mark opt'!B6 -> 0.073 | C6: ='Mark opt'!C6 -> 0.11065841 | D6: 0.15 | G6: =A6 -> Global Corp Bond High Yield | H6: ='Mark opt'!H6 -> -0.00017397431 | I6: ='Mark opt'!I6 -> -1.9639822e-06 | J6: ='Mark opt'!J6 -> 0.00043922155 | K6: ='Mark opt'!K6 -> 0.0023664839 | L6: ='Mark opt'!L6 -> 0.012245283 | M6: ='Mark opt'!M6 -> 0.00983592 | N6: ='Mark opt'!N6 -> 0.010775571 | O6: ='Mark opt'!O6 -> 0.012850416 | ... R6: ='Mark opt'!R6 -> 0.011378505 | U6: Bond Corp. High Yield | V6: 0 | W6: 0.15
A7: ='Mark opt'!A7 -> Em Mkts Bond Mkt | B7: ='Mark opt'!B7 -> 0.06 | C7: ='Mark opt'!C7 -> 0.12718802 | D7: 0.218056 | G7: =A7 -> Em Mkts Bond Mkt | H7: ='Mark opt'!H7 -> -6.1542754e-05 | I7: ='Mark opt'!I7 -> 7.8226156e-05 | J7: ='Mark opt'!J7 -> 0.00082645978 | K7: ='Mark opt'!K7 -> 0.0025755328 | L7: ='Mark opt'!L7 -> 0.00983592 | M7: ='Mark opt'!M7 -> 0.016176792 | N7: ='Mark opt'!N7 -> 0.010983252 | O7: ='Mark opt'!O7 -> 0.013100393 | ... R7: ='Mark opt'!R7 -> 0.011104224 | U7: Bond Emerg. Markets | V7: 0 | W7: 1
A8: ='Mark opt'!A8 -> Equ. Europe | B8: ='Mark opt'!B8 -> 0.065 | C8: ='Mark opt'!C8 -> 0.17527257 | D8: 0.07 | G8: =A8 -> Equ. Europe | H8: ='Mark opt'!H8 -> -0.00033207095 | I8: ='Mark opt'!I8 -> -0.00044277805 | J8: ='Mark opt'!J8 -> -0.00036330969 | K8: ='Mark opt'!K8 -> -0.0023069931 | L8: ='Mark opt'!L8 -> 0.010775571 | M8: ='Mark opt'!M8 -> 0.010983252 | N8: ='Mark opt'!N8 -> 0.030720472 | O8: ='Mark opt'!O8 -> 0.024597742 | ... R8: ='Mark opt'!R8 -> 0.022943713 | U8: Equ Europe | V8: 0.07 | W8: 1
A9: ='Mark opt'!A9 -> Equ. North America | B9: ='Mark opt'!B9 -> 0.075 | C9: ='Mark opt'!C9 -> 0.178 | D9: 0.18 | G9: =A9 -> Equ. North America | H9: ='Mark opt'!H9 -> -0.00039257831 | I9: ='Mark opt'!I9 -> -0.00057545911 | J9: ='Mark opt'!J9 -> -0.00033697727 | K9: ='Mark opt'!K9 -> 0.0008906135 | L9: ='Mark opt'!L9 -> 0.012850416 | M9: ='Mark opt'!M9 -> 0.013100393 | N9: ='Mark opt'!N9 -> 0.024597742 | O9: ='Mark opt'!O9 -> 0.031684 | ... R9: ='Mark opt'!R9 -> 0.023753384 | U9: Equ North America | V9: 0.18 | W9: 1
A10: ='Mark opt'!A10 -> Equ. Pacific | B10: ='Mark opt'!B10 -> 0.068068267 | C10: ='Mark opt'!C10 -> 0.18555431 | D10: 0.02 | G10: =A10 -> Equ. Pacific | H10: ='Mark opt'!H10 -> -0.00034189094 | I10: ='Mark opt'!I10 -> -0.0002638948 | J10: ='Mark opt'!J10 -> -0.00023877628 | K10: ='Mark opt'!K10 -> 0.00028093602 | L10: ='Mark opt'!L10 -> 0.010944858 | M10: ='Mark opt'!M10 -> 0.012511455 | N10: ='Mark opt'!N10 -> 0.022749367 | O10: ='Mark opt'!O10 -> 0.022144246 | ... R10: ='Mark opt'!R10 -> 0.02169613 | U10: Equ Pacific | V10: 0.02 | W10: 1
A11: ='Mark opt'!A11 -> Equ. Em Mkts | B11: ='Mark opt'!B11 -> 0.083775786 | C11: ='Mark opt'!C11 -> 0.23692683 | D11: 0.031925562 | G11: =A11 -> Equ. Em Mkts | H11: ='Mark opt'!H11 -> -0.00033686116 | I11: ='Mark opt'!I11 -> -0.00051360836 | J11: ='Mark opt'!J11 -> -0.0004320099 | K11: ='Mark opt'!K11 -> -0.0019456008 | L11: ='Mark opt'!L11 -> 0.01493782 | M11: ='Mark opt'!M11 -> 0.019179196 | N11: ='Mark opt'!N11 -> 0.030464166 | O11: ='Mark opt'!O11 -> 0.028532455 | ... R11: ='Mark opt'!R11 -> 0.028302038 | U11: Equ Emerg. Markets | V11: 0 | W11: 1
A12: ='Mark opt'!A12 -> Opportunities | B12: ='Mark opt'!B12 -> 0.068743756 | C12: ='Mark opt'!C12 -> 0.15358287 | D12: 0.086716219 | G12: =A12 -> Opportunities | H12: ='Mark opt'!H12 -> -0.00026083404 | I12: ='Mark opt'!I12 -> -0.00054852013 | J12: ='Mark opt'!J12 -> -0.00066831916 | K12: ='Mark opt'!K12 -> -0.00055598841 | L12: ='Mark opt'!L12 -> 0.011378505 | M12: ='Mark opt'!M12 -> 0.011104224 | N12: ='Mark opt'!N12 -> 0.022943713 | O12: ='Mark opt'!O12 -> 0.023753384 | ... R12: ='Mark opt'!R12 -> 0.023587697 | U12: Opportunities | V12: 0 | W12: 1
A13: PORTFOLIO | B13: {=MMULT(TRANSPOSE(D2:D12),B2:B12)} -> 0.06 | C13: {=SQRT(MMULT(MMULT(TRANSPOSE(D2:D12),H2:R12),D2:D12))} -> 0.097182851 | D13: =SUM(D2:D12) -> 1
A15: 0.06
A16: Targeted Return (R*)
H20: Weights
A21: s | B21: E(r) | H21: =H1 -> Money Mkt in € | I21: =I1 -> € Bond Mkt Short Term | J21: =J1 -> € Bond Mkt | K21: =K1 -> Global Bond Dev Mkts | L21: =L1 -> Global Corp Bond High Yield | M21: =M1 -> Em Mkts Bond Mkt | N21: =N1 -> Equ. Europe | O21: =O1 -> Equ. North America | ... R21: =R1 -> Opportunities
A22: 0.043833428 | B22: 0.0355 | H22: 0.56459614 | I22: 0.16540386 | J22: 0 | K22: 0 | L22: 0 | M22: 0 | N22: 0.07 | O22: 0.18 | P22: 0.02 | Q22: 0 | R22: 0
A23: 0.04436834 | B23: 0.04 | H23: 0.06459612 | I23: 0.66540388 | J23: 0 | K23: 0 | L23: 0 | M23: 0 | N23: 0.07 | O23: 0.18 | P23: 0.02 | Q23: 0 | R23: 0
A24: 0.052356091 | B24: 0.045 | H24: 0 | I24: 0.5258613 | J24: 0.1128175 | K24: 0 | L24: 0.091321195 | M24: 0 | N24: 0.07 | O24: 0.18 | P24: 0.02 | Q24: 0 | R24: 0
A25: 0.063869588 | B25: 0.05 | H25: 0 | I25: 0.13498954 | J25: 0.39987941 | K25: 0 | L25: 0.15 | M25: 0.045131058 | N25: 0.07 | O25: 0.18 | P25: 0.02 | Q25: 0 | R25: 0
A26: 0.079663608 | B26: 0.055 | H26: 0 | I26: 0 | J26: 0.39385367 | K26: 0 | L26: 0.15 | M26: 0.14244828 | N26: 0.07 | O26: 0.18 | P26: 0.02 | Q26: 0.017817466 | R26: 0.025880589
A27: 0.09718285 | B27: 0.06 | H27: 0 | I27: 0 | J27: 0.24330222 | K27: 0 | L27: 0.15 | M27: 0.21805601 | N27: 0.07 | O27: 0.18 | P27: 0.02 | Q27: 0.031925563 | R27: 0.086716205
A28: 0.11560763 | B28: 0.065 | H28: 0 | I28: 0 | J28: 0.10230254 | K28: 0 | L28: 0.15 | M28: 0.28342386 | N28: 0.07 | O28: 0.21787126 | P28: 0.02 | Q28: 0.04724758 | R28: 0.10915476
A29: 0.13462332 | B29: 0.07 | H29: 0 | I29: 0 | J29: 0 | K29: 0 | L29: 0.15 | M29: 0.28948706 | N29: 0.07 | O29: 0.30869999 | P29: 0.02 | Q29: 0.09934006 | R29: 0.062472894
A30: 0.15729646 | B30: 0.075 | H30: 0 | I30: 0 | J30: 0 | K30: 0 | L30: 0.15 | M30: 0.070958983 | N30: 0.07 | O30: 0.43800711 | P30: 0.02 | Q30: 0.25103391 | R30: 0
A31: 0.19999141 | B31: 0.08 | H31: 0 | I31: 3.665139e-07 | J31: 4.855811e-07 | K31: 5.1550981e-07 | L31: 0.052767967 | M31: 0 | N31: 0.07 | O31: 0.18 | P31: 0.02 | Q31: 0.67723066 | R31: 0
A32: 0.20869968 | B32: 0.080567689 | H32: 0 | I32: 0 | J32: 0 | K32: 0 | L32: 0 | M32: 0 | N32: 0.07 | O32: 0.18 | P32: 0.02 | Q32: 0.73 | R32: 0

Sheet Mark infra optim
A1: ASSET CLASSES | B1: E(r) | C1: s | D1: Pesi | G1: cov | H1: Bofa ML Euro 0-1 anni | I1: Bofa ML Bond Euro 1-3 Y | J1: Bofa ML Obbl. Euro | K1: Bofa ML Obbl. Globale | L1: ML Global HY | M1: Bofa ML Obbl Emergente | N1: MSCI Europe | O1: MSCI North America | P1: MSCI Pacific | Q1: MSCI Emerging Markets | R1: Opportunities | T1: Asset Class | U1: min | V1: MKT NEUTR HBA | W1: MAX
A2: ='Mark opt'!A2 -> Money Mkt in € | B2: ='Mark opt'!B2 -> 0.02 | C2: ='Mark opt'!C2 -> 0.0086802842 | D2: 0.018071359 | G2: =A2 -> Money Mkt in € | H2: ='Mark opt'!H2 -> 7.5347334e-05 | I2: ='Mark opt'!I2 -> 8.4124644e-05 | J2: ='Mark opt'!J2 -> 8.3378228e-05 | K2: ='Mark opt'!K2 -> 7.1342985e-05 | L2: ='Mark opt'!L2 -> -0.00017397431 | M2: ='Mark opt'!M2 -> -6.1542754e-05 | N2: ='Mark opt'!N2 -> -0.00033207095 | O2: ='Mark opt'!O2 -> -0.00039257831 | ... R2: ='Mark opt'!R2 -> -0.00026083404 | T2: =A2 -> Money Mkt in € | U2: 0.02 | V2: ='Naive Strategy'!G2 -> 0.04 | W2: 0.45 | Z2: =D2/SUM($D$2:$D$7) -> 0.02
A3: ='Mark opt'!A3 -> € Bond Mkt Short Term | B3: ='Mark opt'!B3 -> 0.029 | C3: ='Mark opt'!C3 -> 0.016887831 | D3: 0.40660558 | G3: =A3 -> € Bond Mkt Short Term | H3: ='Mark opt'!H3 -> 8.4124644e-05 | I3: ='Mark opt'!I3 -> 0.00028519884 | J3: ='Mark opt'!J3 -> 0.00052850669 | K3: ='Mark opt'!K3 -> 0.000301066 | L3: ='Mark opt'!L3 -> -1.9639822e-06 | M3: ='Mark opt'!M3 -> 7.8226156e-05 | N3: ='Mark opt'!N3 -> -0.00044277805 | O3: ='Mark opt'!O3 -> -0.00057545911 | ... R3: ='Mark opt'!R3 -> -0.00054852013 | T3: =A3 -> € Bond Mkt Short Term | U3: 0.1 | V3: ='Naive Strategy'!G3 -> 0.2 | W3: 0.45 | Z3: =D3/SUM($D$2:$D$7) -> 0.45
A4: ='Mark opt'!A4 -> € Bond Mkt | B4: ='Mark opt'!B4 -> 0.03255 | C4: ='Mark opt'!C4 -> 0.04168791 | D4: 0.24396335 | G4: =A4 -> € Bond Mkt | H4: ='Mark opt'!H4 -> 8.3378228e-05 | I4: ='Mark opt'!I4 -> 0.00052850669 | J4: ='Mark opt'!J4 -> 0.0017378818 | K4: ='Mark opt'!K4 -> 0.0012112773 | L4: ='Mark opt'!L4 -> 0.00043922155 | M4: ='Mark opt'!M4 -> 0.00082645978 | N4: ='Mark opt'!N4 -> -0.00036330969 | O4: ='Mark opt'!O4 -> -0.00033697727 | ... R4: ='Mark opt'!R4 -> -0.00066831916 | T4: =A4 -> € Bond Mkt | U4: 0.15 | V4: ='Naive Strategy'!G4 -> 0.4 | W4: 0.6 | Z4: =D4/SUM($D$2:$D$7) -> 0.27
A5: ='Mark opt'!A5 -> Global Bond Dev Mkts | B5: ='Mark opt'!B5 -> 0.030122243 | C5: ='Mark opt'!C5 -> 0.069174632 | D5: 0.090356795 | G5: =A5 -> Global Bond Dev Mkts | H5: ='Mark opt'!H5 -> 7.1342985e-05 | I5: ='Mark opt'!I5 -> 0.000301066 | J5: ='Mark opt'!J5 -> 0.0012112773 | K5: ='Mark opt'!K5 -> 0.0047851297 | L5: ='Mark opt'!L5 -> 0.0023664839 | M5: ='Mark opt'!M5 -> 0.0025755328 | N5: ='Mark opt'!N5 -> -0.0023069931 | O5: ='Mark opt'!O5 -> 0.0008906135 | ... R5: ='Mark opt'!R5 -> -0.00055598841 | T5: =A5 -> Global Bond Dev Mkts | U5: 0.1 | V5: ='Naive Strategy'!G5 -> 0.23 | W5: 0.28 | Z5: =D5/SUM($D$2:$D$7) -> 0.1
A6: ='Mark opt'!A6 -> Global Corp Bond High Yield | B6: ='Mark opt'!B6 -> 0.073 | C6: ='Mark opt'!C6 -> 0.11065841 | D6: 0.10842815 | G6: =A6 -> Global Corp Bond High Yield | H6: ='Mark opt'!H6 -> -0.00017397431 | I6: ='Mark opt'!I6 -> -1.9639822e-06 | J6: ='Mark opt'!J6 -> 0.00043922155 | K6: ='Mark opt'!K6 -> 0.0023664839 | L6: ='Mark opt'!L6 -> 0.012245283 | M6: ='Mark opt'!M6 -> 0.00983592 | N6: ='Mark opt'!N6 -> 0.010775571 | O6: ='Mark opt'!O6 -> 0.012850416 | ... R6: ='Mark opt'!R6 -> 0.011378505 | T6: =A6 -> Global Corp Bond High Yield | U6: 0.03 | V6: ='Naive Strategy'!G6 -> 0.05 | W6: 0.12 | Z6: =D6/SUM($D$2:$D$7) -> 0.12
A7: ='Mark opt'!A7 -> Em Mkts Bond Mkt | B7: ='Mark opt'!B7 -> 0.06 | C7: ='Mark opt'!C7 -> 0.12718802 | D7: 0.036142718 | G7: =A7 -> Em Mkts Bond Mkt | H7: ='Mark opt'!H7 -> -6.1542754e-05 | I7: ='Mark opt'!I7 -> 7.8226156e-05 | J7: ='Mark opt'!J7 -> 0.00082645978 | K7: ='Mark opt'!K7 -> 0.0025755328 | L7: ='Mark opt'!L7 -> 0.00983592 | M7: ='Mark opt'!M7 -> 0.016176792 | N7: ='Mark opt'!N7 -> 0.010983252 | O7: ='Mark opt'!O7 -> 0.013100393 | ... R7: ='Mark opt'!R7 -> 0.011104224 | T7: =A7 -> Em Mkts Bond Mkt | U7: 0.04 | V7: ='Naive Strategy'!G7 -> 0.08 | W7: 0.14 | Z7: =D7/SUM($D$2:$D$7) -> 0.04
A8: ='Mark opt'!A8 -> Equ. Europe | B8: ='Mark opt'!B8 -> 0.065 | C8: ='Mark opt'!C8 -> 0.17527257 | D8: 0.017357769 | G8: =A8 -> Equ. Europe | H8: ='Mark opt'!H8 -> -0.00033207095 | I8: ='Mark opt'!I8 -> -0.00044277805 | J8: ='Mark opt'!J8 -> -0.00036330969 | K8: ='Mark opt'!K8 -> -0.0023069931 | L8: ='Mark opt'!L8 -> 0.010775571 | M8: ='Mark opt'!M8 -> 0.010983252 | N8: ='Mark opt'!N8 -> 0.030720472 | O8: ='Mark opt'!O8 -> 0.024597742 | ... R8: ='Mark opt'!R8 -> 0.022943713 | T8: =A8 -> Equ. Europe | U8: 0.18 | V8: ='Naive Strategy'!G8 -> 0.23 | W8: 0.35 | Z8: =D8/SUM($D$8:$D$12) -> 0.18
A9: ='Mark opt'!A9 -> Equ. North America | B9: ='Mark opt'!B9 -> 0.075 | C9: ='Mark opt'!C9 -> 0.178 | D9: 0.042651992 | G9: =A9 -> Equ. North America | H9: ='Mark opt'!H9 -> -0.00039257831 | I9: ='Mark opt'!I9 -> -0.00057545911 | J9: ='Mark opt'!J9 -> -0.00033697727 | K9: ='Mark opt'!K9 -> 0.0008906135 | L9: ='Mark opt'!L9 -> 0.012850416 | M9: ='Mark opt'!M9 -> 0.013100393 | N9: ='Mark opt'!N9 -> 0.024597742 | O9: ='Mark opt'!O9 -> 0.031684 | ... R9: ='Mark opt'!R9 -> 0.023753384 | T9: =A9 -> Equ. North America | U9: 0.35 | V9: ='Naive Strategy'!G9 -> 0.5 | W9: 0.6 | Z9: =D9/SUM($D$8:$D$12) -> 0.44230101
A10: ='Mark opt'!A10 -> Equ. Pacific | B10: ='Mark opt'!B10 -> 0.068068267 | C10: ='Mark opt'!C10 -> 0.18555431 | D10: 0.003857282 | G10: =A10 -> Equ. Pacific | H10: ='Mark opt'!H10 -> -0.00034189094 | I10: ='Mark opt'!I10 -> -0.0002638948 | J10: ='Mark opt'!J10 -> -0.00023877628 | K10: ='Mark opt'!K10 -> 0.00028093602 | L10: ='Mark opt'!L10 -> 0.010944858 | M10: ='Mark opt'!M10 -> 0.012511455 | N10: ='Mark opt'!N10 -> 0.022749367 | O10: ='Mark opt'!O10 -> 0.022144246 | ... R10: ='Mark opt'!R10 -> 0.02169613 | T10: =A10 -> Equ. Pacific | U10: 0.04 | V10: ='Naive Strategy'!G10 -> 0.09 | W10: 0.15 | Z10: =D10/SUM($D$8:$D$12) -> 0.04
A11: ='Mark opt'!A11 -> Equ. Em Mkts | B11: ='Mark opt'!B11 -> 0.083775786 | C11: ='Mark opt'!C11 -> 0.23692683 | D11: 0.018100198 | G11: =A11 -> Equ. Em Mkts | H11: ='Mark opt'!H11 -> -0.00033686116 | I11: ='Mark opt'!I11 -> -0.00051360836 | J11: ='Mark opt'!J11 -> -0.0004320099 | K11: ='Mark opt'!K11 -> -0.0019456008 | L11: ='Mark opt'!L11 -> 0.01493782 | M11: ='Mark opt'!M11 -> 0.019179196 | N11: ='Mark opt'!N11 -> 0.030464166 | O11: ='Mark opt'!O11 -> 0.028532455 | ... R11: ='Mark opt'!R11 -> 0.028302038 | T11: =A11 -> Equ. Em Mkts | U11: 0.06 | V11: ='Naive Strategy'!G11 -> 0.13 | W11: 0.21 | Z11: =D11/SUM($D$8:$D$12) -> 0.18769899
A12: ='Mark opt'!A12 -> Opportunities | B12: ='Mark opt'!B12 -> 0.068743756 | C12: ='Mark opt'!C12 -> 0.15358287 | D12: 0.014464807 | G12: =A12 -> Opportunities | H12: ='Mark opt'!H12 -> -0.00026083404 | I12: ='Mark opt'!I12 -> -0.00054852013 | J12: ='Mark opt'!J12 -> -0.00066831916 | K12: ='Mark opt'!K12 -> -0.00055598841 | L12: ='Mark opt'!L12 -> 0.011378505 | M12: ='Mark opt'!M12 -> 0.011104224 | N12: ='Mark opt'!N12 -> 0.022943713 | O12: ='Mark opt'!O12 -> 0.023753384 | ... R12: ='Mark opt'!R12 -> 0.023587697 | T12: =A12 -> Opportunities | U12: 0.03 | V12: ='Naive Strategy'!G12 -> 0.05 | W12: 0.15 | Z12: =D12/SUM($D$8:$D$12) -> 0.15
A13: PORTFOLIO | B13: {=MMULT(TRANSPOSE(D2:D12),B2:B12)} -> 0.04 | C13: {=SQRT(MMULT(MMULT(TRANSPOSE(D2:D12),H2:R12),D2:D12))} -> 0.035612686 | D13: =SUM(D2:D12) -> 1
A15: 0.04
A16: Targeted Return (R*)
H19: Weights
A20: s | B20: E(r) | H20: =H1 -> Bofa ML Euro 0-1 anni | I20: =I1 -> Bofa ML Bond Euro 1-3 Y | J20: =J1 -> Bofa ML Obbl. Euro | K20: =K1 -> Bofa ML Obbl. Globale | L20: =L1 -> ML Global HY | M20: =M1 -> Bofa ML Obbl Emergente | N20: =N1 -> MSCI Europe | O20: =O1 -> MSCI North America | ... R20: =R1 -> Opportunities
A21: 0.019246659 | B21: 0.0294 | H21: 0.41083908 | I21: 0.25351468 | J21: 0.14654862 | K21: 0.097699083 | L21: 0.029309725 | M21: 0.039079633 | N21: 0.0080532094 | O21: 0.0086871662 | P21: 0.00092036679 | Q21: 0.0018970518 | R21: 0.0034513755
A22: 0.026071869 | B22: 0.035 | H22: 0.15750898 | I22: 0.43408073 | J22: 0.14469358 | K22: 0.096462384 | L22: 0.093293212 | M22: 0.038584953 | N22: 0.012381678 | O22: 0.012381658 | P22: 0.0014150466 | Q22: 0.0038913574 | R22: 0.0053064247
A23: 0.035612686 | B23: 0.04 | H23: 0.018071359 | I23: 0.40660558 | J23: 0.24396335 | K23: 0.090356795 | L23: 0.10842815 | M23: 0.036142718 | N23: 0.017357769 | O23: 0.042651992 | P23: 0.003857282 | Q23: 0.018100198 | R23: 0.014464807
A24: 0.050658507 | B24: 0.045 | H24: 0.016323894 | I24: 0.27510747 | J24: 0.25927453 | K24: 0.081619469 | L24: 0.097943362 | M24: 0.085925964 | N24: 0.033084956 | O24: 0.086063369 | P24: 0.0073522126 | Q24: 0.029733979 | R24: 0.027570797
A25: 0.067554104 | B25: 0.05 | H25: 0.014199287 | I25: 0.070996435 | J25: 0.36918146 | K25: 0.070996435 | L25: 0.085195722 | M25: 0.099395009 | N25: 0.052206417 | O25: 0.13250594 | P25: 0.011601426 | Q25: 0.05021652 | R25: 0.043505347
A26: 0.086994662 | B26: 0.055 | H26: 0.011314265 | I26: 0.056571323 | J26: 0.29417088 | K26: 0.056571323 | L26: 0.067885587 | M26: 0.079199852 | N26: 0.078171619 | O26: 0.20361415 | P26: 0.017371471 | Q26: 0.08795992 | R26: 0.047169612
A27: 0.10789072 | B27: 0.06 | H27: 0.0084716772 | I27: 0.042358386 | J27: 0.22026361 | K27: 0.042358386 | L27: 0.050830063 | M27: 0.05930174 | N27: 0.10375491 | O27: 0.29528452 | P27: 0.023056646 | Q27: 0.12104747 | R27: 0.033272598
A28: 0.12954744 | B28: 0.065 | H28: 0.0055985238 | I28: 0.02799262 | J28: 0.14556162 | K28: 0.02799262 | L28: 0.033591143 | M28: 0.039189666 | N28: 0.12961329 | O28: 0.38721653 | P28: 0.028802952 | Q28: 0.15121552 | R28: 0.023225518
A29: 0.15164379 | B29: 0.07 | H29: 0.0026787559 | I29: 0.01339378 | J29: 0.069647654 | K29: 0.01339378 | L29: 0.016072536 | M29: 0.018751291 | N29: 0.1558912 | O29: 0.46767357 | P29: 0.034642488 | Q29: 0.18187306 | R29: 0.025981891
A30: 0.17208514 | B30: 0.07457 | H30: 4.6568535e-06 | I30: 2.3284268e-05 | J30: 0.0001210782 | K30: 2.3284255e-05 | L30: 2.7941121e-05 | M30: 3.2597974e-05 | N30: 0.17995808 | O30: 0.53987427 | P30: 0.039990686 | Q30: 0.2099511 | R30: 0.029993015

Sheet MC Sim
A1: European Equ Mkt | B1: Expectation | C1: Simulation | E1: rand numb | F1: simul returns | L1: Rand
A2: Exp return | B2: ='Mark opt'!B7 -> 0.06 | C2: =AVERAGE(F2:F13) -> 0.095083646 | E2: =RAND() -> 0.1100333 | F2: =_xlfn.NORM.INV(E2,$B$2,$B$3) -> -0.095977158 | L2: =RAND() -> 0.38421723 | M2: =NORMINV(L2,$B$2,$B$3) -> 0.022552884
A3: Sigma | B3: ='Mark opt'!C7 -> 0.12718802 | C3: =STDEV(F2:F13) -> 0.12496677 | E3: =RAND() -> 0.9336496 | F3: =_xlfn.NORM.INV(E3,$B$2,$B$3) -> 0.2512318 | L3: =RAND() -> 0.68079214 | M3: =NORMINV(L3,$B$2,$B$3) -> 0.11976756
E4: =RAND() -> 0.89975352 | F4: =_xlfn.NORM.INV(E4,$B$2,$B$3) -> 0.22281953 | L4: =RAND() -> 0.86867011 | M4: =NORMINV(L4,$B$2,$B$3) -> 0.20246669
E5: =RAND() -> 0.23618934 | F5: =_xlfn.NORM.INV(E5,$B$2,$B$3) -> -0.031399112 | L5: =RAND() -> 0.81878895 | M5: =NORMINV(L5,$B$2,$B$3) -> 0.1758377
E6: =RAND() -> 0.40274982 | F6: =_xlfn.NORM.INV(E6,$B$2,$B$3) -> 0.028681746 | L6: =RAND() -> 0.29506458 | M6: =NORMINV(L6,$B$2,$B$3) -> -0.0085096817
E7: =RAND() -> 0.80112868 | F7: =_xlfn.NORM.INV(E7,$B$2,$B$3) -> 0.16755777 | L7: =RAND() -> 0.77531197 | M7: =NORMINV(L7,$B$2,$B$3) -> 0.15621209
E8: =RAND() -> 0.62617727 | F8: =_xlfn.NORM.INV(E8,$B$2,$B$3) -> 0.10092218 | L8: =RAND() -> 0.58443072 | M8: =NORMINV(L8,$B$2,$B$3) -> 0.08712177
E9: =RAND() -> 0.81151103 | F9: =_xlfn.NORM.INV(E9,$B$2,$B$3) -> 0.17236784 | L9: =RAND() -> 0.39452583 | M9: =NORMINV(L9,$B$2,$B$3) -> 0.025971828
E10: =RAND() -> 0.35026352 | F10: =_xlfn.NORM.INV(E10,$B$2,$B$3) -> 0.011082331 | L10: =RAND() -> 0.9944181 | M10: =NORMINV(L10,$B$2,$B$3) -> 0.38274333
E11: =RAND() -> 0.31227772 | F11: =_xlfn.NORM.INV(E11,$B$2,$B$3) -> -0.002246372 | L11: =RAND() -> 0.41010136 | M11: =NORMINV(L11,$B$2,$B$3) -> 0.031092167
E12: =RAND() -> 0.37444529 | F12: =_xlfn.NORM.INV(E12,$B$2,$B$3) -> 0.01928679 | L12: =RAND() -> 0.29593661 | M12: =NORMINV(L12,$B$2,$B$3) -> -0.0081884796
E13: =RAND() -> 0.96861653 | F13: =_xlfn.NORM.INV(E13,$B$2,$B$3) -> 0.2966764 | L13: =RAND() -> 0.88189562 | M13: =NORMINV(L13,$B$2,$B$3) -> 0.21065627
E14: =RAND() -> 0.91694417 | F14: =_xlfn.NORM.INV(E14,$B$2,$B$3) -> 0.23613079 | L14: =RAND() -> 0.16901932 | M14: =NORMINV(L14,$B$2,$B$3) -> -0.061852205
E15: =RAND() -> 0.1272055 | F15: =_xlfn.NORM.INV(E15,$B$2,$B$3) -> -0.084956279 | L15: =RAND() -> 0.7960422 | M15: =NORMINV(L15,$B$2,$B$3) -> 0.16525664
... E1001: =RAND() -> 0.64713709 | F1001: =_xlfn.NORM.INV(E1001,$B$2,$B$3) -> 0.10802653 | L1001: =RAND() -> 0.92667689 | M1001: =NORMINV(L1001,$B$2,$B$3) -> 0.24461088

Sheet Sim MC1 n MKT
V1: MODELLO MONTECARLO
V2: DATI DA UNIFORME (0;1) | AA2: Calcolare valore della Norm standardizzata | AF2: calcola norm stand con correlazioni | AK2: Simulazioni finali | AP2: Cholesky | AQ2: MSCI Europe | AR2: MSCI USA | AS2: MSCI Japan | AT2: MSCI EM
A3: From ESTIMATION…… | G3: …. To SIMULATION | V3: MSCI Europe | W3: MSCI USA | X3: MSCI Japan | Y3: MSCI EM | AA3: MSCI Europe | AB3: MSCI USA | AC3: MSCI Japan | AD3: MSCI EM | AF3: MSCI Europe | AG3: MSCI USA | AH3: MSCI Japan | AI3: MSCI EM | AK3: MSCI Europe | AL3: MSCI USA | AM3: MSCI Japan | AN3: MSCI EM | AP3: MSCI Europe | AQ3: 1 | AR3: 0.85 | AS3: 0.6 | AT3: 0.76
B4: MSCI Europe | C4: MSCI USA | D4: MSCI Japan | E4: MSCI EM | H4: MSCI Europe | I4: MSCI USA | J4: MSCI Japan | K4: MSCI EM | V4: =RAND() -> 0.94759739 | W4: =RAND() -> 0.352759 | X4: =RAND() -> 0.84810815 | Y4: =RAND() -> 0.065639249 | AA4: =NORMSINV(V4) -> 1.6219913 | AB4: =NORMSINV(W4) -> -0.37788234 | AC4: =NORMSINV(X4) -> 1.0283532 | AD4: =NORMSINV(Y4) -> -1.5090794 | AF4: {=MMULT(AA4:AD4,$AQ$3:$AT$6)} -> 1.6219913 | AG4: 1.1796307 | AH4: 1.6487272 | AI4: 0.45332921 | AK4: =B$5+AF4*B$6 -> 0.39439825 | AL4: =C$5+AG4*C$6 -> 0.30772245 | AM4: =D$5+AH4*D$6 -> 0.4209098 | AN4: =E$5+AI4*E$6 -> 0.21146547 | AP4: MSCI USA | AQ4: 0 | AR4: 0.52678269 | AS4: 0.26576424 | AT4: 0.21640802
A5: E(R) | B5: 0.07 | C5: 0.06 | D5: 0.045 | E5: 0.08 | G5: E(R) | H5: =AVERAGE(AK4:AK153) -> 0.061142739 | I5: =AVERAGE(AL4:AL153) -> 0.038991031 | J5: =AVERAGE(AM4:AM153) -> 0.056548893 | K5: =AVERAGE(AN4:AN153) -> 0.083243382 | V5: =RAND() -> 0.43367646 | W5: =RAND() -> 0.39522944 | X5: =RAND() -> 0.15677421 | Y5: =RAND() -> 0.49922921 | AA5: =NORMSINV(V5) -> -0.16702176 | AB5: =NORMSINV(W5) -> -0.26571477 | AC5: =NORMSINV(X5) -> -1.0078043 | AD5: =NORMSINV(Y5) -> -0.0019320732 | AF5: {=MMULT(AA5:AD5,$AQ$3:$AT$6)} -> -0.16702176 | AG5: -0.28194244 | AH5: -0.93128509 | AI5: -0.36786315 | AK5: =B$5+AF5*B$6 -> 0.036595647 | AL5: =C$5+AG5*C$6 -> 0.00079208748 | AM5: =D$5+AH5*D$6 -> -0.167333 | AN5: =E$5+AI5*E$6 -> -0.026680313 | AP5: MSCI Japan | AQ5: 0 | AR5: 0 | AS5: 0.75456568 | AT5: 0.18088086
A6: s | B6: 0.2 | C6: 0.21 | D6: 0.228 | E6: 0.29 | G6: s | H6: =STDEVP(AK4:AK153) -> 0.19484951 | I6: =STDEVP(AL4:AL153) -> 0.21103037 | J6: =STDEVP(AM4:AM153) -> 0.23197609 | K6: =STDEVP(AN4:AN153) -> 0.28262092 | V6: =RAND() -> 0.20385767 | W6: =RAND() -> 0.42495898 | X6: =RAND() -> 0.012165679 | Y6: =RAND() -> 0.21501445 | AA6: =NORMSINV(V6) -> -0.82792084 | AB6: =NORMSINV(W6) -> -0.1892231 | AC6: =NORMSINV(X6) -> -2.2518562 | AD6: =NORMSINV(Y6) -> -0.7891422 | AF6: {=MMULT(AA6:AD6,$AQ$3:$AT$6)} -> -0.82792084 | AG6: -0.80341216 | AH6: -2.2462147 | AI6: -1.5395562 | AK6: =B$5+AF6*B$6 -> -0.095584167 | AL6: =C$5+AG6*C$6 -> -0.10871655 | AM6: =D$5+AH6*D$6 -> -0.46713695 | AN6: =E$5+AI6*E$6 -> -0.36647131 | AP6: MSCI EM | AQ6: 0 | AR6: 0 | AS6: 0 | AT6: 0.58553367
V7: =RAND() -> 0.78922915 | W7: =RAND() -> 0.57965019 | X7: =RAND() -> 0.84865528 | Y7: =RAND() -> 0.96864349 | AA7: =NORMSINV(V7) -> 0.80374942 | AB7: =NORMSINV(W7) -> 0.20099866 | AC7: =NORMSINV(X7) -> 1.0306831 | AD7: =NORMSINV(Y7) -> 1.8612207 | AF7: {=MMULT(AA7:AD7,$AQ$3:$AT$6)} -> 0.80374942 | AG7: 0.78906962 | AH7: 1.313386 | AI7: 1.9305855 | AK7: =B$5+AF7*B$6 -> 0.23074988 | AL7: =C$5+AG7*C$6 -> 0.22570462 | AM7: =D$5+AH7*D$6 -> 0.34445202 | AN7: =E$5+AI7*E$6 -> 0.6398698
B8: MSCI Europe | C8: MSCI USA | D8: MSCI Japan | E8: MSCI EM | H8: MSCI Europe | I8: MSCI USA | J8: MSCI Japan | K8: MSCI EM | V8: =RAND() -> 0.47606519 | W8: =RAND() -> 0.021351487 | X8: =RAND() -> 0.7575818 | Y8: =RAND() -> 0.50432305 | AA8: =NORMSINV(V8) -> -0.060031704 | AB8: =NORMSINV(W8) -> -2.0266035 | AC8: =NORMSINV(X8) -> 0.69854504 | AD8: =NORMSINV(Y8) -> 0.010836504 | AF8: {=MMULT(AA8:AD8,$AQ$3:$AT$6)} -> -0.060031704 | AG8: -1.1186066 | AH8: -0.047519658 | AI8: -0.3514988 | AK8: =B$5+AF8*B$6 -> 0.057993659 | AL8: =C$5+AG8*C$6 -> -0.17490739 | AM8: =D$5+AH8*D$6 -> 0.034165518 | AN8: =E$5+AI8*E$6 -> -0.021934652
A9: MSCI Europe | B9: 1 | G9: MSCI Europe | H9: 1 | V9: =RAND() -> 0.74415679 | W9: =RAND() -> 0.36300991 | X9: =RAND() -> 0.55886392 | Y9: =RAND() -> 0.9530702 | AA9: =NORMSINV(V9) -> 0.65621405 | AB9: =NORMSINV(W9) -> -0.35042493 | AC9: =NORMSINV(X9) -> 0.14808947 | AD9: =NORMSINV(Y9) -> 1.6753805 | AF9: {=MMULT(AA9:AD9,$AQ$3:$AT$6)} -> 0.65621405 | AG9: 0.37318416 | AH9: 0.41234125 | AI9: 1.4306661 | AK9: =B$5+AF9*B$6 -> 0.20124281 | AL9: =C$5+AG9*C$6 -> 0.13836867 | AM9: =D$5+AH9*D$6 -> 0.13901381 | AN9: =E$5+AI9*E$6 -> 0.49489318
A10: MSCI USA | B10: 0.85 | C10: 1 | G10: MSCI USA | H10: =CORREL(AK4:AK153,AL4:AL153) -> 0.84060151 | I10: 1 | V10: =RAND() -> 0.70344973 | W10: =RAND() -> 0.10356848 | X10: =RAND() -> 0.17786189 | Y10: =RAND() -> 0.88511162 | AA10: =NORMSINV(V10) -> 0.53434836 | AB10: =NORMSINV(W10) -> -1.2614772 | AC10: =NORMSINV(X10) -> -0.92354402 | AD10: =NORMSINV(Y10) -> 1.2009341 | AF10: {=MMULT(AA10:AD10,$AQ$3:$AT$6)} -> 0.53434836 | AG10: -0.21032826 | AH10: -0.71152114 | AI10: 0.66924689 | AK10: =B$5+AF10*B$6 -> 0.17686967 | AL10: =C$5+AG10*C$6 -> 0.015831064 | AM10: =D$5+AH10*D$6 -> -0.11722682 | AN10: =E$5+AI10*E$6 -> 0.2740816
A11: MSCI Japan | B11: 0.6 | C11: 0.65 | D11: 1 | G11: MSCI Japan | H11: =CORREL(AK4:AK153,AM4:AM153) -> 0.6128287 | I11: =CORREL(AL4:AL153,AM4:AM153) -> 0.61461101 | J11: 1 | M11: HIGH CONFIDENCE | V11: =RAND() -> 0.76781051 | W11: =RAND() -> 0.092984558 | X11: =RAND() -> 0.65675753 | Y11: =RAND() -> 0.86086871 | AA11: =NORMSINV(V11) -> 0.7316553 | AB11: =NORMSINV(W11) -> -1.322598 | AC11: =NORMSINV(X11) -> 0.40362985 | AD11: =NORMSINV(Y11) -> 1.0842306 | AF11: {=MMULT(AA11:AD11,$AQ$3:$AT$6)} -> 0.7316553 | AG11: -0.074814701 | AH11: 0.39205917 | AI11: 0.97769965 | AK11: =B$5+AF11*B$6 -> 0.21633106 | AL11: =C$5+AG11*C$6 -> 0.044288913 | AM11: =D$5+AH11*D$6 -> 0.13438949 | AN11: =E$5+AI11*E$6 -> 0.3635329
A12: MSCI EM | B12: 0.76 | C12: 0.76 | D12: 0.65 | E12: 1 | G12: MSCI EM | H12: =CORREL(AK4:AK153,AN4:AN153) -> 0.72891208 | I12: =CORREL(AL4:AL153,AN4:AN153) -> 0.7384139 | J12: =CORREL(AM4:AM153,AN4:AN153) -> 0.64366072 | K12: 1 | V12: =RAND() -> 0.32213751 | W12: =RAND() -> 0.30063783 | X12: =RAND() -> 0.78566615 | Y12: =RAND() -> 0.99410148 | AA12: =NORMSINV(V12) -> -0.46172991 | AB12: =NORMSINV(W12) -> -0.52256693 | AC12: =NORMSINV(X12) -> 0.79147356 | AD12: =NORMSINV(Y12) -> 2.5181582 | AF12: {=MMULT(AA12:AD12,$AQ$3:$AT$6)} -> -0.46172991 | AG12: -0.66774963 | AH12: 0.18130124 | AI12: 1.1536264 | AK12: =B$5+AF12*B$6 -> -0.022345982 | AL12: =C$5+AG12*C$6 -> -0.080227423 | AM12: =D$5+AH12*D$6 -> 0.086336682 | AN12: =E$5+AI12*E$6 -> 0.41455167
V13: =RAND() -> 0.82738005 | W13: =RAND() -> 0.87459586 | X13: =RAND() -> 0.3367088 | Y13: =RAND() -> 0.4505806 | AA13: =NORMSINV(V13) -> 0.94386255 | AB13: =NORMSINV(W13) -> 1.1483884 | AC13: =NORMSINV(X13) -> -0.4214622 | AD13: =NORMSINV(Y13) -> -0.12419461 | AF13: {=MMULT(AA13:AD13,$AQ$3:$AT$6)} -> 0.94386255 | AG13: 1.4072343 | AH13: 0.55349717 | AI13: 0.81690142 | AK13: =B$5+AF13*B$6 -> 0.25877251 | AL13: =C$5+AG13*C$6 -> 0.3555192 | AM13: =D$5+AH13*D$6 -> 0.17119736 | AN13: =E$5+AI13*E$6 -> 0.31690141
V14: =RAND() -> 0.42133151 | W14: =RAND() -> 0.74675816 | X14: =RAND() -> 0.58317898 | Y14: =RAND() -> 0.36381337 | AA14: =NORMSINV(V14) -> -0.19848832 | AB14: =NORMSINV(W14) -> 0.66432289 | AC14: =NORMSINV(X14) -> 0.21003285 | AD14: =NORMSINV(Y14) -> -0.34828423 | AF14: {=MMULT(AA14:AD14,$AQ$3:$AT$6)} -> -0.19848832 | AG14: 0.18123872 | AH14: 0.21594386 | AI14: -0.17302755 | AK14: =B$5+AF14*B$6 -> 0.030302336 | AL14: =C$5+AG14*C$6 -> 0.098060132 | AM14: =D$5+AH14*D$6 -> 0.094235199 | AN14: =E$5+AI14*E$6 -> 0.029822012
V15: =RAND() -> 0.030452484 | W15: =RAND() -> 0.54164767 | X15: =RAND() -> 0.41724943 | Y15: =RAND() -> 0.74171629 | AA15: =NORMSINV(V15) -> -1.8741847 | AB15: =NORMSINV(W15) -> 0.10458558 | AC15: =NORMSINV(X15) -> -0.20893516 | AD15: =NORMSINV(Y15) -> 0.64864569 | AF15: {=MMULT(AA15:AD15,$AQ$3:$AT$6)} -> -1.8741847 | AG15: -1.5379631 | AH15: -1.254371 | AI15: -1.0597357 | AK15: =B$5+AF15*B$6 -> -0.30483694 | AL15: =C$5+AG15*C$6 -> -0.26297226 | AM15: =D$5+AH15*D$6 -> -0.24099659 | AN15: =E$5+AI15*E$6 -> -0.22732336
V16: =RAND() -> 0.41003854 | W16: =RAND() -> 0.47118554 | X16: =RAND() -> 0.86956401 | Y16: =RAND() -> 0.64905642 | AA16: =NORMSINV(V16) -> -0.22744585 | AB16: =NORMSINV(W16) -> -0.072290051 | AC16: =NORMSINV(X16) -> 1.1243325 | AD16: =NORMSINV(Y16) -> 0.38277426 | AF16: {=MMULT(AA16:AD16,$AQ$3:$AT$6)} -> -0.22744585 | AG16: -0.23141012 | AH16: 0.69270312 | AI16: 0.23899446 | AK16: =B$5+AF16*B$6 -> 0.02451083 | AL16: =C$5+AG16*C$6 -> 0.011403875 | AM16: =D$5+AH16*D$6 -> 0.20293631 | AN16: =E$5+AI16*E$6 -> 0.14930839
V17: =RAND() -> 0.46902176 | W17: =RAND() -> 0.37273887 | X17: =RAND() -> 0.87031616 | Y17: =RAND() -> 0.35854162 | AA17: =NORMSINV(V17) -> -0.077729124 | AB17: =NORMSINV(W17) -> -0.32460804 | AC17: =NORMSINV(X17) -> 1.1278869 | AD17: =NORMSINV(Y17) -> -0.3623597 | AF17: {=MMULT(AA17:AD17,$AQ$3:$AT$6)} -> -0.077729124 | AG17: -0.23706765 | AH17: 0.71815808 | AI17: -0.13748258 | AK17: =B$5+AF17*B$6 -> 0.054454175 | AL17: =C$5+AG17*C$6 -> 0.010215794 | AM17: =D$5+AH17*D$6 -> 0.20874004 | AN17: =E$5+AI17*E$6 -> 0.040130053
V18: =RAND() -> 0.83088111 | W18: =RAND() -> 0.18530735 | X18: =RAND() -> 0.81157159 | Y18: =RAND() -> 0.62104822 | AA18: =NORMSINV(V18) -> 0.95765296 | AB18: =NORMSINV(W18) -> -0.89532253 | AC18: =NORMSINV(X18) -> 0.88370254 | AD18: =NORMSINV(Y18) -> 0.30823496 | AF18: {=MMULT(AA18:AD18,$AQ$3:$AT$6)} -> 0.95765296 | AG18: 0.34236461 | AH18: 1.0034587 | AI18: 0.87438809 | AK18: =B$5+AF18*B$6 -> 0.26153059 | AL18: =C$5+AG18*C$6 -> 0.13189657 | AM18: =D$5+AH18*D$6 -> 0.27378858 | AN18: =E$5+AI18*E$6 -> 0.33357255
V19: =RAND() -> 0.57101637 | W19: =RAND() -> 0.95592042 | X19: =RAND() -> 0.62578428 | Y19: =RAND() -> 0.089354108 | AA19: =NORMSINV(V19) -> 0.17896235 | AB19: =NORMSINV(W19) -> 1.7051891 | AC19: =NORMSINV(X19) -> 0.32070831 | AD19: =NORMSINV(Y19) -> -1.3447431 | AF19: {=MMULT(AA19:AD19,$AQ$3:$AT$6)} -> 0.17896235 | AG19: 1.0503821 | AH19: 0.80255119 | AI19: -0.22435436 | AK19: =B$5+AF19*B$6 -> 0.10579247 | AL19: =C$5+AG19*C$6 -> 0.28058024 | AM19: =D$5+AH19*D$6 -> 0.22798167 | AN19: =E$5+AI19*E$6 -> 0.014937234
V20: =RAND() -> 0.627008 | W20: =RAND() -> 0.24823145 | X20: =RAND() -> 0.13373315 | Y20: =RAND() -> 0.16284069 | AA20: =NORMSINV(V20) -> 0.32393928 | AB20: =NORMSINV(W20) -> -0.68006563 | AC20: =NORMSINV(X20) -> -1.1089163 | AD20: =NORMSINV(Y20) -> -0.98284978 | AF20: {=MMULT(AA20:AD20,$AQ$3:$AT$6)} -> 0.32393928 | AG20: -0.082898418 | AH20: -0.82312371 | AI20: -0.67705117 | AK20: =B$5+AF20*B$6 -> 0.13478786 | AL20: =C$5+AG20*C$6 -> 0.042591332 | AM20: =D$5+AH20*D$6 -> -0.14267221 | AN20: =E$5+AI20*E$6 -> -0.11634484
V21: =RAND() -> 0.046364313 | W21: =RAND() -> 0.23208101 | X21: =RAND() -> 0.1991586 | Y21: =RAND() -> 0.77517238 | AA21: =NORMSINV(V21) -> -1.6811766 | AB21: =NORMSINV(W21) -> -0.73201073 | AC21: =NORMSINV(X21) -> -0.84463045 | AD21: =NORMSINV(Y21) -> 0.75598991 | AF21: {=MMULT(AA21:AD21,$AQ$3:$AT$6)} -> -1.6811766 | AG21: -1.8146106 | AH21: -1.8405774 | AI21: -1.1462271 | AK21: =B$5+AF21*B$6 -> -0.26623531 | AL21: =C$5+AG21*C$6 -> -0.32106824 | AM21: =D$5+AH21*D$6 -> -0.37465164 | AN21: =E$5+AI21*E$6 -> -0.25240586
V22: =RAND() -> 0.60348562 | W22: =RAND() -> 0.73411871 | X22: =RAND() -> 0.14095776 | Y22: =RAND() -> 0.13373705 | AA22: =NORMSINV(V22) -> 0.26237966 | AB22: =NORMSINV(W22) -> 0.62531767 | AC22: =NORMSINV(X22) -> -1.0760262 | AD22: =NORMSINV(Y22) -> -1.1088982 | AF22: {=MMULT(AA22:AD22,$AQ$3:$AT$6)} -> 0.26237966 | AG22: 0.55242923 | AH22: -0.48831761 | AI22: -0.50919749 | AK22: =B$5+AF22*B$6 -> 0.12247593 | AL22: =C$5+AG22*C$6 -> 0.17601014 | AM22: =D$5+AH22*D$6 -> -0.066336416 | AN22: =E$5+AI22*E$6 -> -0.067667274
V23: =RAND() -> 0.010301957 | W23: =RAND() -> 0.86599645 | X23: =RAND() -> 0.78913613 | Y23: =RAND() -> 0.75838812 | AA23: =NORMSINV(V23) -> -2.3151648 | AB23: =NORMSINV(W23) -> 1.1076637 | AC23: =NORMSINV(X23) -> 0.80342741 | AD23: =NORMSINV(Y23) -> 0.701127 | AF23: {=MMULT(AA23:AD23,$AQ$3:$AT$6)} -> -2.3151648 | AG23: -1.384392 | AH23: -0.48848273 | AI23: -0.96395983 | AK23: =B$5+AF23*B$6 -> -0.39303296 | AL23: =C$5+AG23*C$6 -> -0.23072233 | AM23: =D$5+AH23*D$6 -> -0.066374063 | AN23: =E$5+AI23*E$6 -> -0.19954835
V24: =RAND() -> 0.40883875 | W24: =RAND() -> 0.07632746 | X24: =RAND() -> 0.41257765 | Y24: =RAND() -> 0.91003935 | AA24: =NORMSINV(V24) -> -0.23053317 | AB24: =NORMSINV(W24) -> -1.4302164 | AC24: =NORMSINV(X24) -> -0.22091925 | AD24: =NORMSINV(Y24) -> 1.3409974 | AF24: {=MMULT(AA24:AD24,$AQ$3:$AT$6)} -> -0.23053317 | AG24: -0.94936643 | AH24: -0.68511836 | AI24: 0.26052356 | AK24: =B$5+AF24*B$6 -> 0.023893366 | AL24: =C$5+AG24*C$6 -> -0.13936695 | AM24: =D$5+AH24*D$6 -> -0.11120699 | AN24: =E$5+AI24*E$6 -> 0.15555183
... V153: =RAND() -> 0.91850853 | W153: =RAND() -> 0.23728161 | X153: =RAND() -> 0.85082954 | Y153: =RAND() -> 0.46713667 | AA153: =NORMSINV(V153) -> 1.3951091 | AB153: =NORMSINV(W153) -> -0.71507415 | AC153: =NORMSINV(X153) -> 1.0399978 | AD153: =NORMSINV(Y153) -> -0.082469545 | AF153: {=MMULT(AA153:AD153,$AQ$3:$AT$6)} -> 1.3951091 | AG153: 0.80915408 | AH153: 1.431771 | AI153: 1.0453622 | AK153: =B$5+AF153*B$6 -> 0.34902183 | AL153: =C$5+AG153*C$6 -> 0.22992236 | AM153: =D$5+AH153*D$6 -> 0.37144378 | AN153: =E$5+AI153*E$6 -> 0.38315502
AJ2006: Rend. Sim | AK2006: =AVERAGE(AK4:AK2003) -> 0.061142739 | AL2006: =AVERAGE(AL4:AL2003) -> 0.038991031 | AM2006: =AVERAGE(AM4:AM2003) -> 0.056548893 | AN2006: =AVERAGE(AN4:AN2003) -> 0.083243382
AJ2007: Rischi Sim. | AK2007: =STDEV(AK4:AK2003) -> 0.19550228 | AL2007: =STDEV(AL4:AL2003) -> 0.21173734 | AM2007: =STDEV(AM4:AM2003) -> 0.23275323 | AN2007: =STDEV(AN4:AN2003) -> 0.28356773

Sheet Resampling_TM
A1: ASSET CLASSES | B1: E(r) | C1: s | F1: cov | G1: Money Mkt in € | H1: € Bond Mkt Short Term | I1: € Bond Mkt | J1: Global Bond Dev Mkts | K1: Global Corp Bond High Yield | L1: Em Mkts Bond Mkt | M1: Equ. Europe | N1: Equ. North America | O1: Equ. Pacific | P1: Equ. Em Mkts | Q1: Opportunities
A2: Money Mkt in € | B2: 0.02 | C2: 0.0086802842 | F2: Money Mkt in € | G2: 7.5347334e-05 | H2: 8.4124644e-05 | I2: 8.3378228e-05 | J2: 7.1342985e-05 | K2: -0.00017397431 | L2: -6.1542754e-05 | M2: -0.00033207095 | N2: -0.00039257831 | O2: -0.00034189094 | P2: -0.00033686116 | Q2: -0.00026083404
A3: € Bond Mkt Short Term | B3: 0.029 | C3: 0.016887831 | F3: € Bond Mkt Short Term | G3: 8.4124644e-05 | H3: 0.00028519884 | I3: 0.00052850669 | J3: 0.000301066 | K3: -1.9639822e-06 | L3: 7.8226156e-05 | M3: -0.00044277805 | N3: -0.00057545911 | O3: -0.0002638948 | P3: -0.00051360836 | Q3: -0.00054852013
A4: € Bond Mkt | B4: 0.03255 | C4: 0.04168791 | F4: € Bond Mkt | G4: 8.3378228e-05 | H4: 0.00052850669 | I4: 0.0017378818 | J4: 0.0012112773 | K4: 0.00043922155 | L4: 0.00082645978 | M4: -0.00036330969 | N4: -0.00033697727 | O4: -0.00023877628 | P4: -0.0004320099 | Q4: -0.00066831916
A5: Global Bond Dev Mkts | B5: 0.030122243 | C5: 0.069174632 | F5: Global Bond Dev Mkts | G5: 7.1342985e-05 | H5: 0.000301066 | I5: 0.0012112773 | J5: 0.0047851297 | K5: 0.0023664839 | L5: 0.0025755328 | M5: -0.0023069931 | N5: 0.0008906135 | O5: 0.00028093602 | P5: -0.0019456008 | Q5: -0.00055598841
A6: Global Corp Bond High Yield | B6: 0.073 | C6: 0.11065841 | F6: Global Corp Bond High Yield | G6: -0.00017397431 | H6: -1.9639822e-06 | I6: 0.00043922155 | J6: 0.0023664839 | K6: 0.012245283 | L6: 0.00983592 | M6: 0.010775571 | N6: 0.012850416 | O6: 0.010944858 | P6: 0.01493782 | Q6: 0.011378505
A7: Em Mkts Bond Mkt | B7: 0.06 | C7: 0.12718802 | F7: Em Mkts Bond Mkt | G7: -6.1542754e-05 | H7: 7.8226156e-05 | I7: 0.00082645978 | J7: 0.0025755328 | K7: 0.00983592 | L7: 0.016176792 | M7: 0.010983252 | N7: 0.013100393 | O7: 0.012511455 | P7: 0.019179196 | Q7: 0.011104224
A8: Equ. Europe | B8: 0.065 | C8: 0.17527257 | F8: Equ. Europe | G8: -0.00033207095 | H8: -0.00044277805 | I8: -0.00036330969 | J8: -0.0023069931 | K8: 0.010775571 | L8: 0.010983252 | M8: 0.030720472 | N8: 0.024597742 | O8: 0.022749367 | P8: 0.030464166 | Q8: 0.022943713
A9: Equ. North America | B9: 0.075 | C9: 0.178 | F9: Equ. North America | G9: -0.00039257831 | H9: -0.00057545911 | I9: -0.00033697727 | J9: 0.0008906135 | K9: 0.012850416 | L9: 0.013100393 | M9: 0.024597742 | N9: 0.031684 | O9: 0.022144246 | P9: 0.028532455 | Q9: 0.023753384
A10: Equ. Pacific | B10: 0.068068267 | C10: 0.18555431 | F10: Equ. Pacific | G10: -0.00034189094 | H10: -0.0002638948 | I10: -0.00023877628 | J10: 0.00028093602 | K10: 0.010944858 | L10: 0.012511455 | M10: 0.022749367 | N10: 0.022144246 | O10: 0.034430403 | P10: 0.034107686 | Q10: 0.02169613
A11: Equ. Em Mkts | B11: 0.083775786 | C11: 0.23692683 | F11: Equ. Em Mkts | G11: -0.00033686116 | H11: -0.00051360836 | I11: -0.0004320099 | J11: -0.0019456008 | K11: 0.01493782 | L11: 0.019179196 | M11: 0.030464166 | N11: 0.028532455 | O11: 0.034107686 | P11: 0.056134322 | Q11: 0.028302038
A12: Opportunities | B12: 0.068743756 | C12: 0.15358287 | F12: Opportunities | G12: -0.00026083404 | H12: -0.00054852013 | I12: -0.00066831916 | J12: -0.00055598841 | K12: 0.011378505 | L12: 0.011104224 | M12: 0.022943713 | N12: 0.023753384 | O12: 0.02169613 | P12: 0.028302038 | Q12: 0.023587697
A14: 1000
A15: Num. of Simulations
A17: 15
A18: Size

Sheet BL
A1: Views | D1: View | E1: Confidence
A2: Corporate Global HY will overperform Global Bond | D2: 0.035 | E2: 0.35
A3: Equity North America will overperform Equity EM | D3: 0.005 | E3: 0.35
A5: ASSET CLASS | B5: Wmn | D5: S
A6: Money Mkt in € | B6: ='Naive Strategy'!B2 -> 0.018 | D6: 7.5347334e-05 | E6: 8.4124644e-05 | F6: 8.3378228e-05 | G6: 7.1342985e-05 | H6: -0.00017397431 | I6: -6.1542754e-05 | J6: -0.00033207095 | K6: -0.00039257831 | L6: -0.00034189094 | M6: -0.00033686116 | N6: -0.00026083404
A7: € Bond Mkt Short Term | B7: ='Naive Strategy'!B3 -> 0.09 | D7: 8.4124644e-05 | E7: 0.00028519884 | F7: 0.00052850669 | G7: 0.000301066 | H7: -1.9639822e-06 | I7: 7.8226156e-05 | J7: -0.00044277805 | K7: -0.00057545911 | L7: -0.0002638948 | M7: -0.00051360836 | N7: -0.00054852013
A8: € Bond Mkt | B8: ='Naive Strategy'!B4 -> 0.18 | D8: 8.3378228e-05 | E8: 0.00052850669 | F8: 0.0017378818 | G8: 0.0012112773 | H8: 0.00043922155 | I8: 0.00082645978 | J8: -0.00036330969 | K8: -0.00033697727 | L8: -0.00023877628 | M8: -0.0004320099 | N8: -0.00066831916
A9: Global Bond Dev Mkts | B9: ='Naive Strategy'!B5 -> 0.1035 | D9: 7.1342985e-05 | E9: 0.000301066 | F9: 0.0012112773 | G9: 0.0047851297 | H9: 0.0023664839 | I9: 0.0025755328 | J9: -0.0023069931 | K9: 0.0008906135 | L9: 0.00028093602 | M9: -0.0019456008 | N9: -0.00055598841
A10: Global Corp Bond High Yield | B10: ='Naive Strategy'!B6 -> 0.0225 | D10: -0.00017397431 | E10: -1.9639822e-06 | F10: 0.00043922155 | G10: 0.0023664839 | H10: 0.012245283 | I10: 0.00983592 | J10: 0.010775571 | K10: 0.012850416 | L10: 0.010944858 | M10: 0.01493782 | N10: 0.011378505
A11: Em Mkts Bond Mkt | B11: ='Naive Strategy'!B7 -> 0.036 | D11: -6.1542754e-05 | E11: 7.8226156e-05 | F11: 0.00082645978 | G11: 0.0025755328 | H11: 0.00983592 | I11: 0.016176792 | J11: 0.010983252 | K11: 0.013100393 | L11: 0.012511455 | M11: 0.019179196 | N11: 0.011104224
A12: Equ. Europe | B12: ='Naive Strategy'!B8 -> 0.1265 | D12: -0.00033207095 | E12: -0.00044277805 | F12: -0.00036330969 | G12: -0.0023069931 | H12: 0.010775571 | I12: 0.010983252 | J12: 0.030720472 | K12: 0.024597742 | L12: 0.022749367 | M12: 0.030464166 | N12: 0.022943713
A13: Equ. North America | B13: ='Naive Strategy'!B9 -> 0.275 | D13: -0.00039257831 | E13: -0.00057545911 | F13: -0.00033697727 | G13: 0.0008906135 | H13: 0.012850416 | I13: 0.013100393 | J13: 0.024597742 | K13: 0.029333884 | L13: 0.022144246 | M13: 0.028532455 | N13: 0.023753384
A14: Equ. Pacific | B14: ='Naive Strategy'!B10 -> 0.0495 | D14: -0.00034189094 | E14: -0.0002638948 | F14: -0.00023877628 | G14: 0.00028093602 | H14: 0.010944858 | I14: 0.012511455 | J14: 0.022749367 | K14: 0.022144246 | L14: 0.034430403 | M14: 0.034107686 | N14: 0.02169613
A15: Equ. Em Mkts | B15: ='Naive Strategy'!B11 -> 0.0715 | D15: -0.00033686116 | E15: -0.00051360836 | F15: -0.0004320099 | G15: -0.0019456008 | H15: 0.01493782 | I15: 0.019179196 | J15: 0.030464166 | K15: 0.028532455 | L15: 0.034107686 | M15: 0.056134322 | N15: 0.028302038
A16: Opportunities | B16: ='Naive Strategy'!B12 -> 0.0275 | D16: -0.00026083404 | E16: -0.00054852013 | F16: -0.00066831916 | G16: -0.00055598841 | H16: 0.011378505 | I16: 0.011104224 | J16: 0.022943713 | K16: 0.023753384 | L16: 0.02169613 | M16: 0.028302038 | N16: 0.023587697
A19: rf | B19: 0.015
A20: lambda | B20: 3.5
Y21: t | Z21: =1/25 -> 0.04
B22: P MN | C22: Rend BL
A23: =A6 -> Money Mkt in € | B23: {=B19+B20*MMULT(D6:N16,B6:B16)} -> 0.014394645 | C23: {=MMULT(B53:L63,N53:N63)} -> 0.014303392 | Y23: t*S
A24: =A7 -> € Bond Mkt Short Term | B24: 0.014569895 | C24: 0.014458694 | Y24: {=Z21*(D6:N16)} -> 3.0138933e-06 | Z24: 3.3649858e-06 | AA24: 3.3351291e-06 | AB24: 2.8537194e-06 | AC24: -6.9589722e-06 | AD24: -2.4617102e-06 | AE24: -1.3282838e-05 | AF24: -1.5703132e-05 | AG24: -1.3675637e-05 | AH24: -1.3474446e-05 | AI24: -1.0433362e-05
A25: =A8 -> € Bond Mkt | B25: 0.016145106 | C25: 0.01591688 | Y25: 3.3649858e-06 | Z25: 1.1407954e-05 | AA25: 2.1140268e-05 | AB25: 1.204264e-05 | AC25: -7.8559287e-08 | AD25: 3.1290462e-06 | AE25: -1.7711122e-05 | AF25: -2.3018365e-05 | AG25: -1.0555792e-05 | AH25: -2.0544334e-05 | AI25: -2.1940805e-05
A26: =A9 -> Global Bond Dev Mkts | B26: 0.017450792 | C26: 0.01728941 | E26: Prior | F26: View | G26: BL | Y26: 3.3351291e-06 | Z26: 2.1140268e-05 | AA26: 6.9515273e-05 | AB26: 4.8451094e-05 | AC26: 1.7568862e-05 | AD26: 3.3058391e-05 | AE26: -1.4532388e-05 | AF26: -1.3479091e-05 | AG26: -9.5510511e-06 | AH26: -1.7280396e-05 | AI26: -2.6732766e-05
A27: =A10 -> Global Corp Bond High Yield | B27: 0.042195008 | C27: 0.044925226 | E27: =B27-B26 -> 0.024744216 | F27: =D2 -> 0.035 | G27: =C27-C26 -> 0.027635816 | Y27: 2.8537194e-06 | Z27: 1.204264e-05 | AA27: 4.8451094e-05 | AB27: 0.00019140519 | AC27: 9.4659356e-05 | AD27: 0.00010302131 | AE27: -9.2279726e-05 | AF27: 3.562454e-05 | AG27: 1.1237441e-05 | AH27: -7.7824033e-05 | AI27: -2.2239537e-05
A28: =A11 -> Em Mkts Bond Mkt | B28: 0.044795223 | C28: 0.045810697 | Y28: -6.9589722e-06 | Z28: -7.8559287e-08 | AA28: 1.7568862e-05 | AB28: 9.4659356e-05 | AC28: 0.00048981131 | AD28: 0.0003934368 | AE28: 0.00043102284 | AF28: 0.00051401664 | AG28: 0.0004377943 | AH28: 0.0005975128 | AI28: 0.00045514019
A29: =A12 -> Equ. Europe | B29: 0.06705761 | C29: 0.069996769 | Y29: -2.4617102e-06 | Z29: 3.1290462e-06 | AA29: 3.3058391e-05 | AB29: 0.00010302131 | AC29: 0.0003934368 | AD29: 0.00064707166 | AE29: 0.00043933007 | AF29: 0.00052401572 | AG29: 0.00050045821 | AH29: 0.00076716783 | AI29: 0.00044416896
A30: =A13 -> Equ. North America | B30: 0.069954461 | C30: 0.073985691 | Y30: -1.3282838e-05 | Z30: -1.7711122e-05 | AA30: -1.4532388e-05 | AB30: -9.2279726e-05 | AC30: 0.00043102284 | AD30: 0.00043933007 | AE30: 0.0012288189 | AF30: 0.00098390966 | AG30: 0.00090997469 | AH30: 0.0012185666 | AI30: 0.00091774854
A31: =A14 -> Equ. Pacific | B31: 0.065259913 | C31: 0.066089556 | E31: Prior | F31: View | G31: BL | Y31: -1.5703132e-05 | Z31: -2.3018365e-05 | AA31: -1.3479091e-05 | AB31: 3.562454e-05 | AC31: 0.00051401664 | AD31: 0.00052401572 | AE31: 0.00098390966 | AF31: 0.0011733554 | AG31: 0.00088576984 | AH31: 0.0011412982 | AI31: 0.00095013537
A32: =A15 -> Equ. Em Mkts | B32: 0.081064302 | C32: 0.080489047 | E32: =B30-B32 -> -0.011109841 | F32: =D3 -> 0.005 | G32: =C30-C32 -> -0.006503355 | Y32: -1.3675637e-05 | Z32: -1.0555792e-05 | AA32: -9.5510511e-06 | AB32: 1.1237441e-05 | AC32: 0.0004377943 | AD32: 0.00050045821 | AE32: 0.00090997469 | AF32: 0.00088576984 | AG32: 0.0013772161 | AH32: 0.0013643075 | AI32: 0.00086784521
A33: =A16 -> Opportunities | B33: 0.062616242 | C33: 0.065472579 | Y33: -1.3474446e-05 | Z33: -2.0544334e-05 | AA33: -1.7280396e-05 | AB33: -7.7824033e-05 | AC33: 0.0005975128 | AD33: 0.00076716783 | AE33: 0.0012185666 | AF33: 0.0011412982 | AG33: 0.0013643075 | AH33: 0.0022453729 | AI33: 0.0011320815
Y34: -1.0433362e-05 | Z34: -2.1940805e-05 | AA34: -2.6732766e-05 | AB34: -2.2239537e-05 | AC34: 0.00045514019 | AD34: 0.00044416896 | AE34: 0.00091774854 | AF34: 0.00095013537 | AG34: 0.00086784521 | AH34: 0.0011320815 | AI34: 0.00094350789
U36: {=TRANSPOSE(A23:A34)} -> Money Mkt in € | V36: € Bond Mkt Short Term | W36: € Bond Mkt | X36: Global Bond Dev Mkts | Y36: Global Corp Bond High Yield | Z36: Em Mkts Bond Mkt | AA36: Equ. Europe | AB36: Equ. North America | AC36: Equ. Pacific | AD36: Equ. Em Mkts | AE36: Opportunities
T37: P | U37: 0 | V37: 0 | W37: 0 | X37: -1 | Y37: 1 | Z37: 0 | AA37: 0 | AB37: 0 | AC37: 0 | AD37: 0 | AE37: 0
U38: 0 | V38: 0 | W38: 0 | X38: 0 | Y38: 0 | Z38: 0 | AA38: 0 | AB38: 1 | AC38: 0 | AD38: -1 | AE38: 0
T40: Q | U40: =D2 -> 0.035
U41: =D3 -> 0.005
T43: C | U43: =E2 -> 0.35
U44: =E3 -> 0.35
T46: W | U46: {=(1/U43-1)*MMULT(MMULT(U37:AE37,Z21*(D6:N16)),TRANSPOSE(U37:AE37))} -> 0.00091352447 | V46: 0
U47: 0 | V47: {=(1/U44-1)*MMULT(MMULT(U38:AE38,Z21*(D6:N16)),TRANSPOSE(U38:AE38))} -> 0.0021099592
B53: {=MINVERSE(MINVERSE(Y24:AI34)+MMULT(MMULT(TRANSPOSE(U37:AE38),MINVERSE(U46:V47)),U37:AE38))} -> 2.9413458e-06 | C53: 3.2756832e-06 | D53: 3.1189194e-06 | E53: 2.2900864e-06 | F53: -4.2315009e-06 | G53: -6.6071262e-07 | H53: -9.809764e-06 | I53: -1.225203e-05 | J53: -1.1166298e-05 | K53: -9.8895006e-06 | L53: -7.2291068e-06 | N53: {=MMULT(MINVERSE(Y24:AI34),B23:B33)+MMULT(MMULT(TRANSPOSE(U37:AE38),MINVERSE(U46:V47)),U40:U41)} -> 6535.9456
B54: 3.2756832e-06 | C54: 1.1298004e-05 | D54: 2.0873238e-05 | E54: 1.133775e-05 | F54: 3.2930072e-06 | G54: 5.37129e-06 | H54: -1.3406998e-05 | I54: -1.8763954e-05 | J54: -7.4198149e-06 | K54: -1.6028508e-05 | L54: -1.7972754e-05 | N54: -793.24061
B55: 3.1189194e-06 | C55: 2.0873238e-05 | D55: 6.8836592e-05 | E55: 4.6341571e-05 | F55: 2.6247187e-05 | G55: 3.9406769e-05 | H55: -3.0599095e-06 | I55: -2.9508749e-06 | J55: -2.4652348e-07 | K55: -2.6058558e-06 | L55: -1.6261813e-05 | N55: 201.3599
B56: 2.2900864e-06 | C56: 1.133775e-05 | D56: 4.6341571e-05 | E56: 0.00018164514 | F56: 0.00012273349 | G56: 0.00012929636 | H56: -5.1249846e-05 | I56: 6.5480293e-05 | J56: 5.3597602e-05 | K56: -5.8666216e-09 | L56: 1.4192887e-05 | N56: -123.55231
B57: -4.2315009e-06 | C57: 3.2930072e-06 | D57: 2.6247187e-05 | E57: 0.00012273349 | F57: 0.00037846369 | G57: 0.00031001385 | H57: 0.00028248018 | I57: 0.00038037662 | J57: 0.00031420344 | K57: 0.00039881313 | L57: 0.00031991365 | N57: 183.83225
B58: -6.6071262e-07 | C58: 5.37129e-06 | D58: 3.9406769e-05 | E58: 0.00012929636 | F58: 0.00031001385 | G58: 0.00057432517 | H58: 0.00032104719 | I58: 0.00043139458 | J58: 0.00038597297 | K58: 0.00056411913 | L58: 0.00033828646 | N58: -77.9415
B59: -9.809764e-06 | C59: -1.3406998e-05 | D59: -3.0599095e-06 | E59: -5.1249846e-05 | F59: 0.00028248018 | G59: 0.00032104719 | H59: 0.0010258832 | I59: 0.00081074965 | J59: 0.00073015786 | K59: 0.00091651041 | L59: 0.00073423155 | N59: 26.830057
B60: -1.225203e-05 | C60: -1.8763954e-05 | D60: -2.9508749e-06 | E60: 6.5480293e-05 | F60: 0.00038037662 | G60: 0.00043139458 | H60: 0.00081074965 | I60: 0.0010074643 | J60: 0.00075346747 | K60: 0.00094250004 | L60: 0.00079118226 | N60: 176.61484
B61: -1.1166298e-05 | C61: -7.4198149e-06 | D61: -2.4652348e-07 | E61: 5.3597602e-05 | F61: 0.00031420344 | G61: 0.00038597297 | H61: 0.00073015786 | I61: 0.00075346747 | J61: 0.0011932667 | K61: 0.0010279977 | L61: 0.00070798732 | N61: 78.148023
B62: -9.8895006e-06 | C62: -1.6028508e-05 | D62: -2.6058558e-06 | E62: -5.8666216e-09 | F62: 0.00039881313 | G62: 0.00056411913 | H62: 0.00091651041 | I62: 0.00094250004 | J62: 0.0010279977 | K62: 0.0016042613 | L62: 0.00086660598 | N62: -11.849552
B63: -7.2291068e-06 | C63: -1.7972754e-05 | D63: -1.6261813e-05 | E63: 1.4192887e-05 | F63: 0.00031991365 | G63: 0.00033828646 | H63: 0.00073423155 | I63: 0.00079118226 | J63: 0.00070798732 | K63: 0.00086660598 | L63: 0.0007772437 | N63: -171.68857

Sheet BL + Infra Optim
A1: Asset Classes | B1: E(r) BL | C1: s | D1: Pesi | G1: cov | H1: Bofa ML Euro 0-1 anni | I1: Bofa ML Bond Euro 1-3 Y | J1: Bofa ML Obbl. Euro | K1: Bofa ML Obbl. Globale | L1: ML Global HY | M1: Bofa ML Obbl Emergente | N1: MSCI Europe | O1: MSCI North America | P1: MSCI Pacific | Q1: MSCI Emerging Markets | R1: Opportunities | T1: Asset Class | U1: min | V1: MKT NEUTR HBA | W1: MAX
A2: ='Mark opt'!A2 -> Money Mkt in € | B2: =BL!C23 -> 0.014303392 | C2: ='Mark opt'!C2 -> 0.0086802842 | D2: 0.0048053828 | G2: =A2 -> Money Mkt in € | H2: ='Mark opt'!H2 -> 7.5347334e-05 | I2: ='Mark opt'!I2 -> 8.4124644e-05 | J2: ='Mark opt'!J2 -> 8.3378228e-05 | K2: ='Mark opt'!K2 -> 7.1342985e-05 | L2: ='Mark opt'!L2 -> -0.00017397431 | M2: ='Mark opt'!M2 -> -6.1542754e-05 | N2: ='Mark opt'!N2 -> -0.00033207095 | O2: ='Mark opt'!O2 -> -0.00039257831 | ... R2: ='Mark opt'!R2 -> -0.00026083404 | T2: =A2 -> Money Mkt in € | U2: ='Mark infra optim'!U2 -> 0.02 | V2: ='Naive Strategy'!G2 -> 0.04 | W2: ='Mark infra optim'!W2 -> 0.45 | Z2: =D2/SUM($D$2:$D$7) -> 0.02
A3: ='Mark opt'!A3 -> € Bond Mkt Short Term | B3: =BL!C24 -> 0.014458694 | C3: ='Mark opt'!C3 -> 0.016887831 | D3: 0.024026914 | G3: =A3 -> € Bond Mkt Short Term | H3: ='Mark opt'!H3 -> 8.4124644e-05 | I3: ='Mark opt'!I3 -> 0.00028519884 | J3: ='Mark opt'!J3 -> 0.00052850669 | K3: ='Mark opt'!K3 -> 0.000301066 | L3: ='Mark opt'!L3 -> -1.9639822e-06 | M3: ='Mark opt'!M3 -> 7.8226156e-05 | N3: ='Mark opt'!N3 -> -0.00044277805 | O3: ='Mark opt'!O3 -> -0.00057545911 | ... R3: ='Mark opt'!R3 -> -0.00054852013 | T3: =A3 -> € Bond Mkt Short Term | U3: ='Mark infra optim'!U3 -> 0.1 | V3: ='Naive Strategy'!G3 -> 0.2 | W3: ='Mark infra optim'!W3 -> 0.45 | Z3: =D3/SUM($D$2:$D$7) -> 0.1
A4: ='Mark opt'!A4 -> € Bond Mkt | B4: =BL!C25 -> 0.01591688 | C4: ='Mark opt'!C4 -> 0.04168791 | D4: 0.081691508 | G4: =A4 -> € Bond Mkt | H4: ='Mark opt'!H4 -> 8.3378228e-05 | I4: ='Mark opt'!I4 -> 0.00052850669 | J4: ='Mark opt'!J4 -> 0.0017378818 | K4: ='Mark opt'!K4 -> 0.0012112773 | L4: ='Mark opt'!L4 -> 0.00043922155 | M4: ='Mark opt'!M4 -> 0.00082645978 | N4: ='Mark opt'!N4 -> -0.00036330969 | O4: ='Mark opt'!O4 -> -0.00033697727 | ... R4: ='Mark opt'!R4 -> -0.00066831916 | T4: =A4 -> € Bond Mkt | U4: ='Mark infra optim'!U4 -> 0.15 | V4: ='Naive Strategy'!G4 -> 0.4 | W4: ='Mark infra optim'!W4 -> 0.6 | Z4: =D4/SUM($D$2:$D$7) -> 0.34
A5: ='Mark opt'!A5 -> Global Bond Dev Mkts | B5: =BL!C26 -> 0.01728941 | C5: ='Mark opt'!C5 -> 0.069174632 | D5: 0.067275359 | G5: =A5 -> Global Bond Dev Mkts | H5: ='Mark opt'!H5 -> 7.1342985e-05 | I5: ='Mark opt'!I5 -> 0.000301066 | J5: ='Mark opt'!J5 -> 0.0012112773 | K5: ='Mark opt'!K5 -> 0.0047851297 | L5: ='Mark opt'!L5 -> 0.0023664839 | M5: ='Mark opt'!M5 -> 0.0025755328 | N5: ='Mark opt'!N5 -> -0.0023069931 | O5: ='Mark opt'!O5 -> 0.0008906135 | ... R5: ='Mark opt'!R5 -> -0.00055598841 | T5: =A5 -> Global Bond Dev Mkts | U5: ='Mark infra optim'!U5 -> 0.1 | V5: ='Naive Strategy'!G5 -> 0.23 | W5: ='Mark infra optim'!W5 -> 0.28 | Z5: =D5/SUM($D$2:$D$7) -> 0.28
A6: ='Mark opt'!A6 -> Global Corp Bond High Yield | B6: =BL!C27 -> 0.044925226 | C6: ='Mark opt'!C6 -> 0.11065841 | D6: 0.028832297 | G6: =A6 -> Global Corp Bond High Yield | H6: ='Mark opt'!H6 -> -0.00017397431 | I6: ='Mark opt'!I6 -> -1.9639822e-06 | J6: ='Mark opt'!J6 -> 0.00043922155 | K6: ='Mark opt'!K6 -> 0.0023664839 | L6: ='Mark opt'!L6 -> 0.012245283 | M6: ='Mark opt'!M6 -> 0.00983592 | N6: ='Mark opt'!N6 -> 0.010775571 | O6: ='Mark opt'!O6 -> 0.012850416 | ... R6: ='Mark opt'!R6 -> 0.011378505 | T6: =A6 -> Global Corp Bond High Yield | U6: ='Mark infra optim'!U6 -> 0.03 | V6: ='Naive Strategy'!G6 -> 0.05 | W6: ='Mark infra optim'!W6 -> 0.12 | Z6: =D6/SUM($D$2:$D$7) -> 0.12
A7: ='Mark opt'!A7 -> Em Mkts Bond Mkt | B7: =BL!C28 -> 0.045810697 | C7: ='Mark opt'!C7 -> 0.12718802 | D7: 0.03363768 | G7: =A7 -> Em Mkts Bond Mkt | H7: ='Mark opt'!H7 -> -6.1542754e-05 | I7: ='Mark opt'!I7 -> 7.8226156e-05 | J7: ='Mark opt'!J7 -> 0.00082645978 | K7: ='Mark opt'!K7 -> 0.0025755328 | L7: ='Mark opt'!L7 -> 0.00983592 | M7: ='Mark opt'!M7 -> 0.016176792 | N7: ='Mark opt'!N7 -> 0.010983252 | O7: ='Mark opt'!O7 -> 0.013100393 | ... R7: ='Mark opt'!R7 -> 0.011104224 | T7: =A7 -> Em Mkts Bond Mkt | U7: ='Mark infra optim'!U7 -> 0.04 | V7: ='Naive Strategy'!G7 -> 0.08 | W7: ='Mark infra optim'!W7 -> 0.14 | Z7: =D7/SUM($D$2:$D$7) -> 0.14
A8: ='Mark opt'!A8 -> Equ. Europe | B8: =BL!C29 -> 0.069996769 | C8: ='Mark opt'!C8 -> 0.17527257 | D8: 0.19963076 | G8: =A8 -> Equ. Europe | H8: ='Mark opt'!H8 -> -0.00033207095 | I8: ='Mark opt'!I8 -> -0.00044277805 | J8: ='Mark opt'!J8 -> -0.00036330969 | K8: ='Mark opt'!K8 -> -0.0023069931 | L8: ='Mark opt'!L8 -> 0.010775571 | M8: ='Mark opt'!M8 -> 0.010983252 | N8: ='Mark opt'!N8 -> 0.030720472 | O8: ='Mark opt'!O8 -> 0.024597742 | ... R8: ='Mark opt'!R8 -> 0.022943713 | T8: =A8 -> Equ. Europe | U8: ='Mark infra optim'!U8 -> 0.18 | V8: ='Naive Strategy'!G8 -> 0.23 | W8: ='Mark infra optim'!W8 -> 0.35 | Z8: =D8/SUM($D$8:$D$12) -> 0.26276511
A9: ='Mark opt'!A9 -> Equ. North America | B9: =BL!C30 -> 0.073985691 | C9: ='Mark opt'!C9 -> 0.178 | D9: 0.34293131 | G9: =A9 -> Equ. North America | H9: ='Mark opt'!H9 -> -0.00039257831 | I9: ='Mark opt'!I9 -> -0.00057545911 | J9: ='Mark opt'!J9 -> -0.00033697727 | K9: ='Mark opt'!K9 -> 0.0008906135 | L9: ='Mark opt'!L9 -> 0.012850416 | M9: ='Mark opt'!M9 -> 0.013100393 | N9: ='Mark opt'!N9 -> 0.024597742 | O9: ='Mark opt'!O9 -> 0.031684 | ... R9: ='Mark opt'!R9 -> 0.023753384 | T9: =A9 -> Equ. North America | U9: ='Mark infra optim'!U9 -> 0.35 | V9: ='Naive Strategy'!G9 -> 0.5 | W9: ='Mark infra optim'!W9 -> 0.6 | Z9: =D9/SUM($D$8:$D$12) -> 0.45138525
A10: ='Mark opt'!A10 -> Equ. Pacific | B10: =BL!C31 -> 0.066089556 | C10: ='Mark opt'!C10 -> 0.18555431 | D10: 0.057625078 | G10: =A10 -> Equ. Pacific | H10: ='Mark opt'!H10 -> -0.00034189094 | I10: ='Mark opt'!I10 -> -0.0002638948 | J10: ='Mark opt'!J10 -> -0.00023877628 | K10: ='Mark opt'!K10 -> 0.00028093602 | L10: ='Mark opt'!L10 -> 0.010944858 | M10: ='Mark opt'!M10 -> 0.012511455 | N10: ='Mark opt'!N10 -> 0.022749367 | O10: ='Mark opt'!O10 -> 0.022144246 | ... R10: ='Mark opt'!R10 -> 0.02169613 | T10: =A10 -> Equ. Pacific | U10: ='Mark infra optim'!U10 -> 0.04 | V10: ='Naive Strategy'!G10 -> 0.09 | W10: ='Mark infra optim'!W10 -> 0.15 | Z10: =D10/SUM($D$8:$D$12) -> 0.075849332
A11: ='Mark opt'!A11 -> Equ. Em Mkts | B11: =BL!C32 -> 0.080489047 | C11: ='Mark opt'!C11 -> 0.23692683 | D11: 0.04558385 | G11: =A11 -> Equ. Em Mkts | H11: ='Mark opt'!H11 -> -0.00033686116 | I11: ='Mark opt'!I11 -> -0.00051360836 | J11: ='Mark opt'!J11 -> -0.0004320099 | K11: ='Mark opt'!K11 -> -0.0019456008 | L11: ='Mark opt'!L11 -> 0.01493782 | M11: ='Mark opt'!M11 -> 0.019179196 | N11: ='Mark opt'!N11 -> 0.030464166 | O11: ='Mark opt'!O11 -> 0.028532455 | ... R11: ='Mark opt'!R11 -> 0.028302038 | T11: =A11 -> Equ. Em Mkts | U11: ='Mark infra optim'!U11 -> 0.06 | V11: ='Naive Strategy'!G11 -> 0.13 | W11: ='Mark infra optim'!W11 -> 0.21 | Z11: =D11/SUM($D$8:$D$12) -> 0.059999998
A12: ='Mark opt'!A12 -> Opportunities | B12: =BL!C33 -> 0.065472579 | C12: ='Mark opt'!C12 -> 0.15358287 | D12: 0.11395986 | G12: =A12 -> Opportunities | H12: ='Mark opt'!H12 -> -0.00026083404 | I12: ='Mark opt'!I12 -> -0.00054852013 | J12: ='Mark opt'!J12 -> -0.00066831916 | K12: ='Mark opt'!K12 -> -0.00055598841 | L12: ='Mark opt'!L12 -> 0.011378505 | M12: ='Mark opt'!M12 -> 0.011104224 | N12: ='Mark opt'!N12 -> 0.022943713 | O12: ='Mark opt'!O12 -> 0.023753384 | ... R12: ='Mark opt'!R12 -> 0.023587697 | T12: =A12 -> Opportunities | U12: ='Mark infra optim'!U12 -> 0.03 | V12: ='Naive Strategy'!G12 -> 0.05 | W12: ='Mark infra optim'!W12 -> 0.15 | Z12: =D12/SUM($D$8:$D$12) -> 0.15000031
A13: PORTFOLIO | B13: {=MMULT(TRANSPOSE(D2:D12),B2:B12)} -> 0.06 | C13: {=SQRT(MMULT(MMULT(TRANSPOSE(D2:D12),H2:R12),D2:D12))} -> 0.12863205 | D13: =SUM(D2:D12) -> 1
A15: 0.06
A16: Targeted Return (R*)

Sheet Grid (2)
A2: HP/Risk Tol | B2: low | C2: medium | D2: medium-high | E2: high
A3: 1 yr
A4: 3 yrs
A5: 5 yrs | D5: -0.12
A6: 10 yrs
A7: + 10 yrs

Sheet Optim-VaR
A1: ASSET CLASSES | B1: E(r) BL | C1: s | D1: Weights | G1: cov | H1: Bofa ML Euro 0-1 anni | I1: Bofa ML Bond Euro 1-3 Y | J1: Bofa ML Obbl. Euro | K1: Bofa ML Obbl. Globale | L1: ML Global HY | M1: Bofa ML Obbl Emergente | N1: MSCI Europe | O1: MSCI North America | P1: MSCI Pacific | Q1: MSCI Emerging Markets | R1: Opportunities | T1: Asset Class | U1: min | V1: MKT NEUTR HBA | W1: MAX
A2: ='BL + Infra Optim'!A2 -> Money Mkt in € | B2: ='BL + Infra Optim'!B2 -> 0.014303392 | C2: ='BL + Infra Optim'!C2 -> 0.0086802842 | D2: 0.0082691395 | G2: =A2 -> Money Mkt in € | H2: ='BL + Infra Optim'!H2 -> 7.5347334e-05 | I2: ='BL + Infra Optim'!I2 -> 8.4124644e-05 | J2: ='BL + Infra Optim'!J2 -> 8.3378228e-05 | K2: ='BL + Infra Optim'!K2 -> 7.1342985e-05 | L2: ='BL + Infra Optim'!L2 -> -0.00017397431 | M2: ='BL + Infra Optim'!M2 -> -6.1542754e-05 | N2: ='BL + Infra Optim'!N2 -> -0.00033207095 | O2: ='BL + Infra Optim'!O2 -> -0.00039257831 | ... R2: ='BL + Infra Optim'!R2 -> -0.00026083404 | T2: =A2 -> Money Mkt in € | U2: ='BL + Infra Optim'!U2 -> 0.02 | V2: ='BL + Infra Optim'!V2 -> 0.04 | W2: ='BL + Infra Optim'!W2 -> 0.45 | Z2: =D2/SUM($D$2:$D$7) -> 0.02
A3: ='BL + Infra Optim'!A3 -> € Bond Mkt Short Term | B3: ='BL + Infra Optim'!B3 -> 0.014458694 | C3: ='BL + Infra Optim'!C3 -> 0.016887831 | D3: 0.041345697 | G3: =A3 -> € Bond Mkt Short Term | H3: ='BL + Infra Optim'!H3 -> 8.4124644e-05 | I3: ='BL + Infra Optim'!I3 -> 0.00028519884 | J3: ='BL + Infra Optim'!J3 -> 0.00052850669 | K3: ='BL + Infra Optim'!K3 -> 0.000301066 | L3: ='BL + Infra Optim'!L3 -> -1.9639822e-06 | M3: ='BL + Infra Optim'!M3 -> 7.8226156e-05 | N3: ='BL + Infra Optim'!N3 -> -0.00044277805 | O3: ='BL + Infra Optim'!O3 -> -0.00057545911 | ... R3: ='BL + Infra Optim'!R3 -> -0.00054852013 | T3: =A3 -> € Bond Mkt Short Term | U3: ='BL + Infra Optim'!U3 -> 0.1 | V3: ='BL + Infra Optim'!V3 -> 0.2 | W3: ='BL + Infra Optim'!W3 -> 0.45 | Z3: =D3/SUM($D$2:$D$7) -> 0.1
A4: ='BL + Infra Optim'!A4 -> € Bond Mkt | B4: ='BL + Infra Optim'!B4 -> 0.01591688 | C4: ='BL + Infra Optim'!C4 -> 0.04168791 | D4: 0.14057537 | G4: =A4 -> € Bond Mkt | H4: ='BL + Infra Optim'!H4 -> 8.3378228e-05 | I4: ='BL + Infra Optim'!I4 -> 0.00052850669 | J4: ='BL + Infra Optim'!J4 -> 0.0017378818 | K4: ='BL + Infra Optim'!K4 -> 0.0012112773 | L4: ='BL + Infra Optim'!L4 -> 0.00043922155 | M4: ='BL + Infra Optim'!M4 -> 0.00082645978 | N4: ='BL + Infra Optim'!N4 -> -0.00036330969 | O4: ='BL + Infra Optim'!O4 -> -0.00033697727 | ... R4: ='BL + Infra Optim'!R4 -> -0.00066831916 | T4: =A4 -> € Bond Mkt | U4: ='BL + Infra Optim'!U4 -> 0.15 | V4: ='BL + Infra Optim'!V4 -> 0.4 | W4: ='BL + Infra Optim'!W4 -> 0.6 | Z4: =D4/SUM($D$2:$D$7) -> 0.34
A5: ='BL + Infra Optim'!A5 -> Global Bond Dev Mkts | B5: ='BL + Infra Optim'!B5 -> 0.01728941 | C5: ='BL + Infra Optim'!C5 -> 0.069174632 | D5: 0.11576795 | G5: =A5 -> Global Bond Dev Mkts | H5: ='BL + Infra Optim'!H5 -> 7.1342985e-05 | I5: ='BL + Infra Optim'!I5 -> 0.000301066 | J5: ='BL + Infra Optim'!J5 -> 0.0012112773 | K5: ='BL + Infra Optim'!K5 -> 0.0047851297 | L5: ='BL + Infra Optim'!L5 -> 0.0023664839 | M5: ='BL + Infra Optim'!M5 -> 0.0025755328 | N5: ='BL + Infra Optim'!N5 -> -0.0023069931 | O5: ='BL + Infra Optim'!O5 -> 0.0008906135 | ... R5: ='BL + Infra Optim'!R5 -> -0.00055598841 | T5: =A5 -> Global Bond Dev Mkts | U5: ='BL + Infra Optim'!U5 -> 0.1 | V5: ='BL + Infra Optim'!V5 -> 0.23 | W5: ='BL + Infra Optim'!W5 -> 0.28 | Z5: =D5/SUM($D$2:$D$7) -> 0.28
A6: ='BL + Infra Optim'!A6 -> Global Corp Bond High Yield | B6: ='BL + Infra Optim'!B6 -> 0.044925226 | C6: ='BL + Infra Optim'!C6 -> 0.11065841 | D6: 0.049614837 | G6: =A6 -> Global Corp Bond High Yield | H6: ='BL + Infra Optim'!H6 -> -0.00017397431 | I6: ='BL + Infra Optim'!I6 -> -1.9639822e-06 | J6: ='BL + Infra Optim'!J6 -> 0.00043922155 | K6: ='BL + Infra Optim'!K6 -> 0.0023664839 | L6: ='BL + Infra Optim'!L6 -> 0.012245283 | M6: ='BL + Infra Optim'!M6 -> 0.00983592 | N6: ='BL + Infra Optim'!N6 -> 0.010775571 | O6: ='BL + Infra Optim'!O6 -> 0.012850416 | ... R6: ='BL + Infra Optim'!R6 -> 0.011378505 | T6: =A6 -> Global Corp Bond High Yield | U6: ='BL + Infra Optim'!U6 -> 0.03 | V6: ='BL + Infra Optim'!V6 -> 0.05 | W6: ='BL + Infra Optim'!W6 -> 0.12 | Z6: =D6/SUM($D$2:$D$7) -> 0.12
A7: ='BL + Infra Optim'!A7 -> Em Mkts Bond Mkt | B7: ='BL + Infra Optim'!B7 -> 0.045810697 | C7: ='BL + Infra Optim'!C7 -> 0.12718802 | D7: 0.057883976 | G7: =A7 -> Em Mkts Bond Mkt | H7: ='BL + Infra Optim'!H7 -> -6.1542754e-05 | I7: ='BL + Infra Optim'!I7 -> 7.8226156e-05 | J7: ='BL + Infra Optim'!J7 -> 0.00082645978 | K7: ='BL + Infra Optim'!K7 -> 0.0025755328 | L7: ='BL + Infra Optim'!L7 -> 0.00983592 | M7: ='BL + Infra Optim'!M7 -> 0.016176792 | N7: ='BL + Infra Optim'!N7 -> 0.010983252 | O7: ='BL + Infra Optim'!O7 -> 0.013100393 | ... R7: ='BL + Infra Optim'!R7 -> 0.011104224 | T7: =A7 -> Em Mkts Bond Mkt | U7: ='BL + Infra Optim'!U7 -> 0.04 | V7: ='BL + Infra Optim'!V7 -> 0.08 | W7: ='BL + Infra Optim'!W7 -> 0.14 | Z7: =D7/SUM($D$2:$D$7) -> 0.14
A8: ='BL + Infra Optim'!A8 -> Equ. Europe | B8: ='BL + Infra Optim'!B8 -> 0.069996769 | C8: ='BL + Infra Optim'!C8 -> 0.17527257 | D8: 0.18212755 | G8: =A8 -> Equ. Europe | H8: ='BL + Infra Optim'!H8 -> -0.00033207095 | I8: ='BL + Infra Optim'!I8 -> -0.00044277805 | J8: ='BL + Infra Optim'!J8 -> -0.00036330969 | K8: ='BL + Infra Optim'!K8 -> -0.0023069931 | L8: ='BL + Infra Optim'!L8 -> 0.010775571 | M8: ='BL + Infra Optim'!M8 -> 0.010983252 | N8: ='BL + Infra Optim'!N8 -> 0.030720472 | O8: ='BL + Infra Optim'!O8 -> 0.024597742 | ... R8: ='BL + Infra Optim'!R8 -> 0.022943713 | T8: =A8 -> Equ. Europe | U8: ='BL + Infra Optim'!U8 -> 0.18 | V8: ='BL + Infra Optim'!V8 -> 0.23 | W8: ='BL + Infra Optim'!W8 -> 0.35 | Z8: =D8/SUM($D$8:$D$12) -> 0.31051012
A9: ='BL + Infra Optim'!A9 -> Equ. North America | B9: ='BL + Infra Optim'!B9 -> 0.073985691 | C9: ='BL + Infra Optim'!C9 -> 0.178 | D9: 0.2435718 | G9: =A9 -> Equ. North America | H9: ='BL + Infra Optim'!H9 -> -0.00039257831 | I9: ='BL + Infra Optim'!I9 -> -0.00057545911 | J9: ='BL + Infra Optim'!J9 -> -0.00033697727 | K9: ='BL + Infra Optim'!K9 -> 0.0008906135 | L9: ='BL + Infra Optim'!L9 -> 0.012850416 | M9: ='BL + Infra Optim'!M9 -> 0.013100393 | N9: ='BL + Infra Optim'!N9 -> 0.024597742 | O9: ='BL + Infra Optim'!O9 -> 0.031684 | ... R9: ='BL + Infra Optim'!R9 -> 0.023753384 | T9: =A9 -> Equ. North America | U9: ='BL + Infra Optim'!U9 -> 0.35 | V9: ='BL + Infra Optim'!V9 -> 0.5 | W9: ='BL + Infra Optim'!W9 -> 0.6 | Z9: =D9/SUM($D$8:$D$12) -> 0.41526672
A10: ='BL + Infra Optim'!A10 -> Equ. Pacific | B10: ='BL + Infra Optim'!B10 -> 0.066089556 | C10: ='BL + Infra Optim'!C10 -> 0.18555431 | D10: 0.037669157 | G10: =A10 -> Equ. Pacific | H10: ='BL + Infra Optim'!H10 -> -0.00034189094 | I10: ='BL + Infra Optim'!I10 -> -0.0002638948 | J10: ='BL + Infra Optim'!J10 -> -0.00023877628 | K10: ='BL + Infra Optim'!K10 -> 0.00028093602 | L10: ='BL + Infra Optim'!L10 -> 0.010944858 | M10: ='BL + Infra Optim'!M10 -> 0.012511455 | N10: ='BL + Infra Optim'!N10 -> 0.022749367 | O10: ='BL + Infra Optim'!O10 -> 0.022144246 | ... R10: ='BL + Infra Optim'!R10 -> 0.02169613 | T10: =A10 -> Equ. Pacific | U10: ='BL + Infra Optim'!U10 -> 0.04 | V10: ='BL + Infra Optim'!V10 -> 0.09 | W10: ='BL + Infra Optim'!W10 -> 0.15 | Z10: =D10/SUM($D$8:$D$12) -> 0.064222325
A11: ='BL + Infra Optim'!A11 -> Equ. Em Mkts | B11: ='BL + Infra Optim'!B11 -> 0.080489047 | C11: ='BL + Infra Optim'!C11 -> 0.23692683 | D11: 0.035192721 | G11: =A11 -> Equ. Em Mkts | H11: ='BL + Infra Optim'!H11 -> -0.00033686116 | I11: ='BL + Infra Optim'!I11 -> -0.00051360836 | J11: ='BL + Infra Optim'!J11 -> -0.0004320099 | K11: ='BL + Infra Optim'!K11 -> -0.0019456008 | L11: ='BL + Infra Optim'!L11 -> 0.01493782 | M11: ='BL + Infra Optim'!M11 -> 0.019179196 | N11: ='BL + Infra Optim'!N11 -> 0.030464166 | O11: ='BL + Infra Optim'!O11 -> 0.028532455 | ... R11: ='BL + Infra Optim'!R11 -> 0.028302038 | T11: =A11 -> Equ. Em Mkts | U11: ='BL + Infra Optim'!U11 -> 0.06 | V11: ='BL + Infra Optim'!V11 -> 0.13 | W11: ='BL + Infra Optim'!W11 -> 0.21 | Z11: =D11/SUM($D$8:$D$12) -> 0.060000237
A12: ='BL + Infra Optim'!A12 -> Opportunities | B12: ='BL + Infra Optim'!B12 -> 0.065472579 | C12: ='BL + Infra Optim'!C12 -> 0.15358287 | D12: 0.087981803 | G12: =A12 -> Opportunities | H12: ='BL + Infra Optim'!H12 -> -0.00026083404 | I12: ='BL + Infra Optim'!I12 -> -0.00054852013 | J12: ='BL + Infra Optim'!J12 -> -0.00066831916 | K12: ='BL + Infra Optim'!K12 -> -0.00055598841 | L12: ='BL + Infra Optim'!L12 -> 0.011378505 | M12: ='BL + Infra Optim'!M12 -> 0.011104224 | N12: ='BL + Infra Optim'!N12 -> 0.022943713 | O12: ='BL + Infra Optim'!O12 -> 0.023753384 | ... R12: ='BL + Infra Optim'!R12 -> 0.023587697 | T12: =A12 -> Opportunities | U12: ='BL + Infra Optim'!U12 -> 0.03 | V12: ='BL + Infra Optim'!V12 -> 0.05 | W12: ='BL + Infra Optim'!W12 -> 0.15 | Z12: =D12/SUM($D$8:$D$12) -> 0.15000059
A13: PORTFOLIO | B13: {=MMULT(TRANSPOSE(D2:D12),B2:B12)} -> 0.051687555 | C13: {=SQRT(MMULT(MMULT(TRANSPOSE(D2:D12),H2:R12),D2:D12))} -> 0.10436954 | D13: =SUM(D2:D12) -> 1
D15: Equ %
A16: -0.12 | C16: lambda=3,5 | D16: 0.5867056
A17: Tolerated Annual Loss | C17: lambda=5 | D17: 0.64710108
A19: =B13-1.645*C13 -> -0.12000033
A20: VaR 1yr (95%)
A22: 0.047

Sheet Time Series_2
B1: Money Mkt in € | C1: € Bond Mkt Short Term | D1: € Bond Mkt | E1: Global Bond Dev Mkts | F1: Global Corp Bond High Yield | G1: Em Mkts Bond Mkt | H1: Equ. Europe | I1: Equ. North America | J1: Equ. Pacific | K1: Equ. Em Mkts | L1: Opprtunities
A2: in € | B2: Bofa ML Euro 0-1 yr | C2: Bofa ML Bond Euro 1-3 Y | D2: Bofa ML Bond. Euro | E2: Bofa ML Bond. Global | F2: ML Global HY | G2: Bofa ML Bond Emerging | H2: MSCI Europe | I2: MSCI North America | J2: MSCI Pacific | K2: MSCI Emerging Markets | L2: Opportunities
A3: 2000 | B3: 0.043210458 | C3: 0.047892032 | D3: 0.083903018 | E3: 0.10487753 | F3: 0.0057225468 | G3: 0.17383462 | H3: -0.019300397 | I3: -0.057888151 | J3: -0.20614969 | K3: -0.25916788 | L3: 0.076002506
A4: 2001 | B4: 0.047402997 | C4: 0.059393889 | D4: 0.062532541 | E4: 0.047453241 | F4: 0.087266411 | G4: 0.069257981 | H4: -0.15262665 | I4: -0.076290839 | J4: -0.21150835 | K4: 0.029399749 | L4: -0.16060875
A5: 2002 | B5: 0.035273134 | C5: 0.059999736 | D5: 0.08487556 | E5: 0.0031368277 | F5: -0.16127991 | G5: -0.049689976 | H5: -0.30504445 | I5: -0.34110843 | J5: -0.22793553 | K5: -0.20242283 | L5: -0.22188495
A6: 2003 | B6: 0.025411503 | C6: 0.033410167 | D6: 0.037685942 | E6: -0.049184812 | F6: 0.087401597 | G6: 0.014666739 | H6: 0.15761029 | I6: 0.082617922 | J6: 0.15629158 | K6: 0.30017289 | L6: 0.092450294
A7: 2004 | B7: 0.021831288 | C7: 0.033969726 | D7: 0.075593423 | E7: 0.020888849 | F7: 0.043264419 | G7: 0.051034586 | H7: 0.12646241 | I7: 0.032721522 | J7: 0.10709243 | K7: 0.16880286 | L7: 0.080494475
A8: 2005 | B8: 0.021950303 | C8: 0.020481815 | D8: 0.056697384 | E8: 0.07925695 | F8: 0.16937125 | G8: 0.24110171 | H8: 0.26679539 | I8: 0.23225417 | J8: 0.4174703 | K8: 0.55039624 | L8: 0.31843533
A9: 2006 | B9: 0.03016019 | C9: 0.017654016 | D9: -0.0028239842 | E9: -0.05107058 | F9: 0.015390709 | G9: -0.0018941893 | H9: 0.20183832 | I9: 0.033003098 | J9: 0.0063905048 | K9: 0.18598341 | L9: -0.0063570745
A10: 2007 | B10: 0.044157779 | C10: 0.037934887 | D10: 0.0097233134 | E10: -0.0086455151 | F10: -0.07089022 | G10: -0.0053456654 | H10: 0.031744812 | I10: -0.028932587 | J10: -0.047486666 | K10: 0.26070317 | L10: 0.037263383
A11: 2008 | B11: 0.057465407 | C11: 0.070002921 | D11: 0.099693757 | E11: 0.18469272 | F11: -0.24126013 | G11: -0.012968904 | H11: -0.43286399 | I11: -0.34579211 | J11: -0.32865114 | K11: -0.50755916 | L11: -0.38150412
A12: 2009 | B12: 0.023113024 | C12: 0.042513396 | D12: 0.043247221 | E12: -0.01275322 | F12: 0.56925753 | G12: 0.14658974 | H12: 0.32548822 | I12: 0.25316067 | J12: 0.20469975 | K12: 0.73444663 | L12: 0.22703402
A13: 2010 | B13: 0.011052959 | C13: 0.0089584445 | D13: 0.01143811 | E13: 0.14098047 | F13: 0.21801765 | G13: 0.17277332 | H13: 0.11747023 | I13: 0.24041419 | J13: 0.24141549 | K13: 0.27476196 | L13: 0.19626131
A14: 2011 | B14: 0.015905964 | C14: 0.0025226178 | D14: 0.021785493 | E14: 0.13575395 | F14: 0.060595095 | G14: 0.051516516 | H14: -0.075109009 | I14: 0.039165051 | J14: -0.10717121 | K14: -0.15437573 | L14: -0.0074270671
... A27: 2024 | B27: 0.035102196 | C27: 0.036641592 | D27: 0.019536411 | E27: 0.030835549 | F27: 0.16733265 | G27: 0.14425464 | H27: 0.092716357 | I27: 0.32858683 | J27: 0.14489331 | K27: 0.15266077 | L27: 0.083235635
A29: skewness | B29: =SKEW(B3:B27) -> 0.42073349 | C29: =SKEW(C3:C27) -> -0.44528707 | D29: =SKEW(D3:D27) -> -1.8170519 | E29: =SKEW(E3:E27) -> 0.22797586 | F29: =SKEW(F3:F27) -> 1.1287835 | G29: =SKEW(G3:G27) -> 0.14722579 | H29: =SKEW(H3:H27) -> -1.0210152 | I29: =SKEW(I3:I27) -> -0.76624856 | ... L29: =SKEW(L3:L27) -> -0.51907644
A30: Kurtosys | B30: =KURT(B3:B27) -> -0.96788725 | C30: =KURT(C3:C27) -> 0.88852249 | D30: =KURT(D3:D27) -> 6.5998454 | E30: =KURT(E3:E27) -> -0.23415777 | F30: =KURT(F3:F27) -> 4.5646308 | G30: =KURT(G3:G27) -> -0.41941485 | H30: =KURT(H3:H27) -> 1.1498728 | I30: =KURT(I3:I27) -> 0.42337642 | ... L30: =KURT(L3:L27) -> 1.0054971

Sheet Skew Optim
A1: ASSET CLASSES | B1: P BL | C1: s | D1: Skewn | E1: Weights | G1: Rend Port | I1: COV | J1: Bofa ML Euro 0-1 anni | K1: Bofa ML Bond Euro 1-3 Y | L1: Bofa ML Obbl. Euro | M1: Bofa ML Obbl. Globale | N1: ML Global HY | O1: Bofa ML Obbl Emergente | P1: MSCI Europe | Q1: MSCI North America | R1: MSCI Pacific | S1: MSCI Emerging Markets | T1: Opportunities
A2: Money Mkt in € | B2: =BL!C23 -> 0.014303392 | C2: ='Mark infra optim'!C2 -> 0.0086802842 | D2: {=TRANSPOSE('Time Series_2'!B29:L29)} -> 0.42073349 | E2: 0 | G2: {=MMULT('Time Series_2'!B3:L3,$E$2:$E$12)} -> 0.0097887479 | I2: =A2 -> Money Mkt in € | J2: ='[6]Mark infra optim'!H2 -> 7.5347334e-05 | K2: ='[6]Mark infra optim'!I2 -> 8.4124644e-05 | L2: ='[6]Mark infra optim'!J2 -> 8.3378228e-05 | M2: ='[6]Mark infra optim'!K2 -> 7.1342985e-05 | N2: ='[6]Mark infra optim'!L2 -> -0.00017397431 | O2: ='[6]Mark infra optim'!M2 -> -6.1542754e-05 | P2: ='[6]Mark infra optim'!N2 -> -0.00033207095 | Q2: ='[6]Mark infra optim'!O2 -> -0.00039257831 | ... T2: ='[6]Mark infra optim'!R2 -> -0.00026083404
A3: € Bond Mkt Short Term | B3: =BL!C24 -> 0.014458694 | C3: ='Mark infra optim'!C3 -> 0.016887831 | D3: -0.44528707 | E3: 0.0964252 | G3: {=MMULT('Time Series_2'!B4:L4,$E$2:$E$12)} -> 0.084578798 | I3: =A3 -> € Bond Mkt Short Term | J3: ='[6]Mark infra optim'!H3 -> 8.4124644e-05 | K3: ='[6]Mark infra optim'!I3 -> 0.00028519884 | L3: ='[6]Mark infra optim'!J3 -> 0.00052850669 | M3: ='[6]Mark infra optim'!K3 -> 0.000301066 | N3: ='[6]Mark infra optim'!L3 -> -1.9639822e-06 | O3: ='[6]Mark infra optim'!M3 -> 7.8226156e-05 | P3: ='[6]Mark infra optim'!N3 -> -0.00044277805 | Q3: ='[6]Mark infra optim'!O3 -> -0.00057545911 | ... T3: ='[6]Mark infra optim'!R3 -> -0.00054852013
A4: € Bond Mkt | B4: =BL!C25 -> 0.01591688 | C4: ='Mark infra optim'!C4 -> 0.04168791 | D4: -1.8170519 | E4: 0 | G4: {=MMULT('Time Series_2'!B5:L5,$E$2:$E$12)} -> -0.13994298 | I4: =A4 -> € Bond Mkt | J4: ='[6]Mark infra optim'!H4 -> 8.3378228e-05 | K4: ='[6]Mark infra optim'!I4 -> 0.00052850669 | L4: ='[6]Mark infra optim'!J4 -> 0.0017378818 | M4: ='[6]Mark infra optim'!K4 -> 0.0012112773 | N4: ='[6]Mark infra optim'!L4 -> 0.00043922155 | O4: ='[6]Mark infra optim'!M4 -> 0.00082645978 | P4: ='[6]Mark infra optim'!N4 -> -0.00036330969 | Q4: ='[6]Mark infra optim'!O4 -> -0.00033697727 | ... T4: ='[6]Mark infra optim'!R4 -> -0.00066831916
A5: Global Bond Dev Mkts | B5: =BL!C26 -> 0.01728941 | C5: ='Mark infra optim'!C5 -> 0.069174632 | D5: 0.22797586 | E5: 0 | G5: {=MMULT('Time Series_2'!B6:L6,$E$2:$E$12)} -> 0.082195463 | I5: =A5 -> Global Bond Dev Mkts | J5: ='[6]Mark infra optim'!H5 -> 7.1342985e-05 | K5: ='[6]Mark infra optim'!I5 -> 0.000301066 | L5: ='[6]Mark infra optim'!J5 -> 0.0012112773 | M5: ='[6]Mark infra optim'!K5 -> 0.0047851297 | N5: ='[6]Mark infra optim'!L5 -> 0.0023664839 | O5: ='[6]Mark infra optim'!M5 -> 0.0025755328 | P5: ='[6]Mark infra optim'!N5 -> -0.0023069931 | Q5: ='[6]Mark infra optim'!O5 -> 0.0008906135 | ... T5: ='[6]Mark infra optim'!R5 -> -0.00055598841
A6: Global Corp Bond High Yield | B6: =BL!C27 -> 0.044925226 | C6: ='Mark infra optim'!C6 -> 0.11065841 | D6: 1.1287835 | E6: 0.9035748 | G6: {=MMULT('Time Series_2'!B7:L7,$E$2:$E$12)} -> 0.042368176 | I6: =A6 -> Global Corp Bond High Yield | J6: ='[6]Mark infra optim'!H6 -> -0.00017397431 | K6: ='[6]Mark infra optim'!I6 -> -1.9639822e-06 | L6: ='[6]Mark infra optim'!J6 -> 0.00043922155 | M6: ='[6]Mark infra optim'!K6 -> 0.0023664839 | N6: ='[6]Mark infra optim'!L6 -> 0.012245283 | O6: ='[6]Mark infra optim'!M6 -> 0.00983592 | P6: ='[6]Mark infra optim'!N6 -> 0.010775571 | Q6: ='[6]Mark infra optim'!O6 -> 0.012850416 | ... T6: ='[6]Mark infra optim'!R6 -> 0.011378505
A7: Em Mkts Bond Mkt | B7: =BL!C28 -> 0.045810697 | C7: ='Mark infra optim'!C7 -> 0.12718802 | D7: 0.14722579 | E7: 0 | G7: {=MMULT('Time Series_2'!B8:L8,$E$2:$E$12)} -> 0.15501455 | I7: =A7 -> Em Mkts Bond Mkt | J7: ='[6]Mark infra optim'!H7 -> -6.1542754e-05 | K7: ='[6]Mark infra optim'!I7 -> 7.8226156e-05 | L7: ='[6]Mark infra optim'!J7 -> 0.00082645978 | M7: ='[6]Mark infra optim'!K7 -> 0.0025755328 | N7: ='[6]Mark infra optim'!L7 -> 0.00983592 | O7: ='[6]Mark infra optim'!M7 -> 0.016176792 | P7: ='[6]Mark infra optim'!N7 -> 0.010983252 | Q7: ='[6]Mark infra optim'!O7 -> 0.013100393 | ... T7: ='[6]Mark infra optim'!R7 -> 0.011104224
A8: Equ. Europe | B8: =BL!C29 -> 0.069996769 | C8: ='Mark infra optim'!C8 -> 0.17527257 | D8: -1.0210152 | E8: 0 | G8: {=MMULT('Time Series_2'!B9:L9,$E$2:$E$12)} -> 0.015608949 | I8: =A8 -> Equ. Europe | J8: ='[6]Mark infra optim'!H8 -> -0.00033207095 | K8: ='[6]Mark infra optim'!I8 -> -0.00044277805 | L8: ='[6]Mark infra optim'!J8 -> -0.00036330969 | M8: ='[6]Mark infra optim'!K8 -> -0.0023069931 | N8: ='[6]Mark infra optim'!L8 -> 0.010775571 | O8: ='[6]Mark infra optim'!M8 -> 0.010983252 | P8: ='[6]Mark infra optim'!N8 -> 0.030720472 | Q8: ='[6]Mark infra optim'!O8 -> 0.024597742 | ... T8: ='[6]Mark infra optim'!R8 -> 0.022943713
A9: Equ. North America | B9: =BL!C30 -> 0.073985691 | C9: ='Mark infra optim'!C9 -> 0.178 | D9: -0.76624856 | E9: 0 | G9: {=MMULT('Time Series_2'!B10:L10,$E$2:$E$12)} -> -0.060396737 | I9: =A9 -> Equ. North America | J9: ='[6]Mark infra optim'!H9 -> -0.00039257831 | K9: ='[6]Mark infra optim'!I9 -> -0.00057545911 | L9: ='[6]Mark infra optim'!J9 -> -0.00033697727 | M9: ='[6]Mark infra optim'!K9 -> 0.0008906135 | N9: ='[6]Mark infra optim'!L9 -> 0.012850416 | O9: ='[6]Mark infra optim'!M9 -> 0.013100393 | P9: ='[6]Mark infra optim'!N9 -> 0.024597742 | Q9: ='[6]Mark infra optim'!O9 -> 0.031684 | ... T9: ='[6]Mark infra optim'!R9 -> 0.023753384
A10: Equ. Pacific | B10: =BL!C31 -> 0.066089556 | C10: ='Mark infra optim'!C10 -> 0.18555431 | D10: -0.37938793 | E10: 0 | G10: {=MMULT('Time Series_2'!B11:L11,$E$2:$E$12)} -> -0.21124653 | I10: =A10 -> Equ. Pacific | J10: ='[6]Mark infra optim'!H10 -> -0.00034189094 | K10: ='[6]Mark infra optim'!I10 -> -0.0002638948 | L10: ='[6]Mark infra optim'!J10 -> -0.00023877628 | M10: ='[6]Mark infra optim'!K10 -> 0.00028093602 | N10: ='[6]Mark infra optim'!L10 -> 0.010944858 | O10: ='[6]Mark infra optim'!M10 -> 0.012511455 | P10: ='[6]Mark infra optim'!N10 -> 0.022749367 | Q10: ='[6]Mark infra optim'!O10 -> 0.022144246 | ... T10: ='[6]Mark infra optim'!R10 -> 0.02169613
A11: Equ. Em Mkts | B11: =BL!C32 -> 0.080489047 | C11: ='Mark infra optim'!C11 -> 0.23692683 | D11: 0.19668397 | E11: 0 | G11: {=MMULT('Time Series_2'!B12:L12,$E$2:$E$12)} -> 0.51846612 | I11: =A11 -> Equ. Em Mkts | J11: ='[6]Mark infra optim'!H11 -> -0.00033686116 | K11: ='[6]Mark infra optim'!I11 -> -0.00051360836 | L11: ='[6]Mark infra optim'!J11 -> -0.0004320099 | M11: ='[6]Mark infra optim'!K11 -> -0.0019456008 | N11: ='[6]Mark infra optim'!L11 -> 0.01493782 | O11: ='[6]Mark infra optim'!M11 -> 0.019179196 | P11: ='[6]Mark infra optim'!N11 -> 0.030464166 | Q11: ='[6]Mark infra optim'!O11 -> 0.028532455 | ... T11: ='[6]Mark infra optim'!R11 -> 0.028302038
A12: Opportunities | B12: =BL!C33 -> 0.065472579 | C12: ='Mark infra optim'!C12 -> 0.15358287 | D12: -0.51907644 | E12: 0 | G12: {=MMULT('Time Series_2'!B13:L13,$E$2:$E$12)} -> 0.19785908 | I12: =A12 -> Opportunities | J12: ='[6]Mark infra optim'!H12 -> -0.00026083404 | K12: ='[6]Mark infra optim'!I12 -> -0.00054852013 | L12: ='[6]Mark infra optim'!J12 -> -0.00066831916 | M12: ='[6]Mark infra optim'!K12 -> -0.00055598841 | N12: ='[6]Mark infra optim'!L12 -> 0.011378505 | O12: ='[6]Mark infra optim'!M12 -> 0.011104224 | P12: ='[6]Mark infra optim'!N12 -> 0.022943713 | Q12: ='[6]Mark infra optim'!O12 -> 0.023753384 | ... T12: ='[6]Mark infra optim'!R12 -> 0.023587697
A13: PORTFOLIO | B13: {=MMULT(TRANSPOSE(E2:E12),B2:B12)} -> 0.041987485 | C13: {=SQRT(MMULT(MMULT(TRANSPOSE(E2:E12),J2:T12),E2:E12))} -> 0.099999695 | D13: Skew (Sk) | E13: =SUM(E2:E12) -> 1 | G13: {=MMULT('Time Series_2'!B14:L14,$E$2:$E$12)} -> 0.054995445
D14: =SKEW(G2:G265) -> 1.171409 | G14: {=MMULT('Time Series_2'!B15:L15,$E$2:$E$12)} -> 0.16210934
A15: 0.1 | D15: =D14/10 -> 0.1171409 | G15: {=MMULT('Time Series_2'!B16:L16,$E$2:$E$12)} -> 0.021295083
A16: Sigma Target | G16: {=MMULT('Time Series_2'!B17:L17,$E$2:$E$12)} -> 0.056004917
G17: {=MMULT('Time Series_2'!B18:L18,$E$2:$E$12)} -> 0.061652645
A18: Preference for E(R) (Alfa) | B18: 0 | G18: {=MMULT('Time Series_2'!B19:L19,$E$2:$E$12)} -> 0.1678397
G19: {=MMULT('Time Series_2'!B20:L20,$E$2:$E$12)} -> -0.029338187
G20: {=MMULT('Time Series_2'!B21:L21,$E$2:$E$12)} -> 0.01119645
A21: Objective Function | B21: =B18*B13+(1-B18)*D15 -> 0.1171409 | G21: {=MMULT('Time Series_2'!B22:L22,$E$2:$E$12)} -> 0.14429013
G22: {=MMULT('Time Series_2'!B23:L23,$E$2:$E$12)} -> -0.0078510934
G23: {=MMULT('Time Series_2'!B24:L24,$E$2:$E$12)} -> 0.07600977
G24: {=MMULT('Time Series_2'!B25:L25,$E$2:$E$12)} -> -0.069886696
B25: Alfa=100% | C25: Alfa=90% | D25: Alfa=0% | G25: {=MMULT('Time Series_2'!B26:L26,$E$2:$E$12)} -> 0.097842485
A26: Bofa ML Euro 0-1 anni | B26: 0 | C26: 0 | D26: 0 | G26: {=MMULT('Time Series_2'!B27:L27,$E$2:$E$12)} -> 0.15473074
A27: Bofa ML Bond Euro 1-3 Y | B27: 0.069319838 | C27: 0.16226651 | D27: 0.0964252
A28: Bofa ML Obbl. Euro | B28: 0.16832526 | C28: 0 | D28: 0
A29: Bofa ML Obbl. Globale | B29: 0.055362437 | C29: 0 | D29: 0
A30: ML Global HY | B30: 0.11726625 | C30: 0.69533463 | D30: 0.9035748
A31: Bofa ML Obbl Emergente | B31: 0.049043635 | C31: 0 | D31: 0
A32: MSCI Europe | B32: 0.16008371 | C32: 0 | D32: 0
A33: MSCI North America | B33: 0.21616772 | C33: 0 | D33: 0
A34: MSCI Pacific | B34: 0.046105777 | C34: 0 | D34: 0
A35: MSCI Emerging Markets | B35: 0.0048638524 | C35: 0.14239886 | D35: 0
A36: Opportunities | B36: 0.11346152 | C36: 0 | D36: 0

Sheet Tactical Optim
A1: ASSET CLASSES | B1: Rend att TATTICAL | C1: s Tact | D1: SAA | E1: TAA | F1: Weights Tact- Weights Strat | H1: cov | I1: Bofa ML Euro 0-1 anni | J1: Bofa ML Bond Euro 1-3 Y | K1: Bofa ML Obbl. Euro | L1: Bofa ML Obbl. Globale | M1: ML Global HY | N1: Bofa ML Obbl Emergente | O1: MSCI Europe | P1: MSCI North America | Q1: MSCI Pacific | R1: MSCI Emerging Markets | S1: Opportunities | V1: LB (hi) | W1: AAS | X1: UB (ki)
A2: Money Mkt in € | B2: 0.0063 | C2: 0.0086802842 | D2: 0.02 | E2: 0.02 | F2: =E2-D2 -> 0 | H2: Bofa ML Euro 0-1 anni | I2: 7.5347334e-05 | J2: 8.4124644e-05 | K2: 8.3378228e-05 | L2: 7.1342985e-05 | M2: -0.00017397431 | N2: -6.1542754e-05 | O2: -0.00033207095 | P2: -0.00039257831 | Q2: -0.00034189094 | R2: -0.00033686116 | S2: -0.00026083404 | U2: =A2 -> Money Mkt in € | V2: =W2 -> 0.02 | W2: =D2 -> 0.02 | X2: 0.12
A3: € Bond Mkt Short Term | B3: 0.01 | C3: 0.016887831 | D3: 0.22 | E3: 0.22 | F3: =E3-D3 -> 0 | H3: Bofa ML Bond Euro 1-3 Y | I3: 8.4124644e-05 | J3: 0.00028519884 | K3: 0.00052850669 | L3: 0.000301066 | M3: -1.9639822e-06 | N3: 7.8226156e-05 | O3: -0.00044277805 | P3: -0.00057545911 | Q3: -0.0002638948 | R3: -0.00051360836 | S3: -0.00054852013 | U3: =A3 -> € Bond Mkt Short Term | V3: =W3 -> 0.22 | W3: =D3 -> 0.22 | X3: 0.35
A4: € Bond Mkt | B4: 0.0201 | C4: 0.04168791 | D4: 0.11 | E4: 0.13397709 | F4: =E4-D4 -> 0.023977093 | H4: Bofa ML Obbl. Euro | I4: 8.3378228e-05 | J4: 0.00052850669 | K4: 0.0017378818 | L4: 0.0012112773 | M4: 0.00043922155 | N4: 0.00082645978 | O4: -0.00036330969 | P4: -0.00033697727 | Q4: -0.00023877628 | R4: -0.0004320099 | S4: -0.00066831916 | U4: =A4 -> € Bond Mkt | V4: =W4 -> 0.11 | W4: =D4 -> 0.11 | X4: 0.22
A5: Global Bond Dev Mkts | B5: 0.025 | C5: 0.069174632 | D5: 0.09 | E5: 0.17405965 | F5: =E5-D5 -> 0.084059651 | H5: Bofa ML Obbl. Globale | I5: 7.1342985e-05 | J5: 0.000301066 | K5: 0.0012112773 | L5: 0.0047851297 | M5: 0.0023664839 | N5: 0.0025755328 | O5: -0.0023069931 | P5: 0.0008906135 | Q5: 0.00028093602 | R5: -0.0019456008 | S5: -0.00055598841 | U5: =A5 -> Global Bond Dev Mkts | V5: =W5 -> 0.09 | W5: =D5 -> 0.09 | X5: 0.18
A6: Global Corp Bond High Yield | B6: -0.025 | C6: 0.11065841 | D6: 0.05 | E6: 0.01 | F6: =E6-D6 -> -0.04 | H6: ML Global HY | I6: -0.00017397431 | J6: -1.9639822e-06 | K6: 0.00043922155 | L6: 0.0023664839 | M6: 0.012245283 | N6: 0.00983592 | O6: 0.010775571 | P6: 0.012850416 | Q6: 0.010944858 | R6: 0.01493782 | S6: 0.011378505 | U6: =A6 -> Global Corp Bond High Yield | V6: 0.01 | W6: =D6 -> 0.05 | X6: =W6 -> 0.05
A7: Em Mkts Bond Mkt | B7: -0.035 | C7: 0.12718802 | D7: 0.06 | E7: 0.03 | F7: =E7-D7 -> -0.03 | H7: Bofa ML Obbl Emergente | I7: -6.1542754e-05 | J7: 7.8226156e-05 | K7: 0.00082645978 | L7: 0.0025755328 | M7: 0.00983592 | N7: 0.016176792 | O7: 0.010983252 | P7: 0.013100393 | Q7: 0.012511455 | R7: 0.019179196 | S7: 0.011104224 | U7: =A7 -> Em Mkts Bond Mkt | V7: 0.03 | W7: =D7 -> 0.06 | X7: =W7 -> 0.06
A8: Equ. Europe | B8: -0.03 | C8: 0.17527257 | D8: 0.08 | E8: 0.08 | F8: =E8-D8 -> 0 | H8: MSCI Europe | I8: -0.00033207095 | J8: -0.00044277805 | K8: -0.00036330969 | L8: -0.0023069931 | M8: 0.010775571 | N8: 0.010983252 | O8: 0.030720472 | P8: 0.024597742 | Q8: 0.022749367 | R8: 0.030464166 | S8: 0.022943713 | U8: =A8 -> Equ. Europe | V8: 0.04 | W8: =D8 -> 0.08 | X8: =W8 -> 0.08
A9: Equ. North America | B9: -0.03 | C9: 0.178 | D9: 0.2 | E9: 0.2 | F9: =E9-D9 -> 0 | H9: MSCI North America | I9: -0.00039257831 | J9: -0.00057545911 | K9: -0.00033697727 | L9: 0.0008906135 | M9: 0.012850416 | N9: 0.013100393 | O9: 0.024597742 | P9: 0.031684 | Q9: 0.022144246 | R9: 0.028532455 | S9: 0.023753384 | U9: =A9 -> Equ. North America | V9: 0.1 | W9: =D9 -> 0.2 | X9: =W9 -> 0.2
A10: Equ. Pacific | B10: -0.028 | C10: 0.18555431 | D10: 0.05 | E10: 0.05 | F10: =E10-D10 -> 0 | H10: MSCI Pacific | I10: -0.00034189094 | J10: -0.0002638948 | K10: -0.00023877628 | L10: 0.00028093602 | M10: 0.010944858 | N10: 0.012511455 | O10: 0.022749367 | P10: 0.022144246 | Q10: 0.034430403 | R10: 0.034107686 | S10: 0.02169613 | U10: =A10 -> Equ. Pacific | V10: 0.02 | W10: =D10 -> 0.05 | X10: =W10 -> 0.05
A11: Equ. Em Mkts | B11: -0.05 | C11: 0.23692683 | D11: 0.08 | E11: 0.08 | F11: =E11-D11 -> 0 | H11: MSCI Emerging Markets | I11: -0.00033686116 | J11: -0.00051360836 | K11: -0.0004320099 | L11: -0.0019456008 | M11: 0.01493782 | N11: 0.019179196 | O11: 0.030464166 | P11: 0.028532455 | Q11: 0.034107686 | R11: 0.056134322 | S11: 0.028302038 | U11: =A11 -> Equ. Em Mkts | V11: 0.03 | W11: =D11 -> 0.08 | X11: =W11 -> 0.08
A12: Opportunities | B12: -0.04 | C12: 0.15358287 | D12: 0.04 | E12: 0.0019632567 | F12: =E12-D12 -> -0.038036743 | H12: Opportunities | I12: -0.00026083404 | J12: -0.00054852013 | K12: -0.00066831916 | L12: -0.00055598841 | M12: 0.011378505 | N12: 0.011104224 | O12: 0.022943713 | P12: 0.023753384 | Q12: 0.02169613 | R12: 0.028302038 | S12: 0.023587697 | U12: =A12 -> Opportunities | V12: 0 | W12: =D12 -> 0.04 | X12: =W12 -> 0.04
A13: PORTAFOGLIO | B13: =SUMPRODUCT(B2:B12,E2:E12) -> -0.0058080994 | C13: {=SQRT(MMULT(MMULT(TRANSPOSE(E2:E12),I2:S12),E2:E12))} -> 0.074577414 | D13: =SUM(D2:D12) -> 1 | E13: =SUM(E2:E12) -> 1 | F13: =SUM(F2:F12) -> -1.190173e-12 | V13: Z | W13: Risky Strat | X13: J | Z13: Risky Tact
U14: RISKY ASSETS | V14: 0.35 | W14: =SUM(D6:D12) -> 0.56 | X14: 0.65 | Z14: =SUM(E6:E12) -> 0.45196326
A15: SIGMA Threshold | B15: 0.11
A17: RE-VAR (cl=95%) | B17: {=MMULT(TRANSPOSE(F2:F12),B2:B12)-1.645*SQRT(MMULT(MMULT(TRANSPOSE(F2:F12),I2:S12),F2:F12))} -> -0.015000025
A18: ReVaR Threshold | B18: -0.015
V24: 0.3 | X24: 0.65

Sheet Tactical Views
A1: Asset Class | B1: Fund Manager 1 | C1: Fund Manager 2 | D1: Fund Manager 3 | E1: Final View
A2: Money Market in € | B2: = | C2: - | D2: nan | E2: = | F2: Neutral
A3: Global Bond | B3: = | C3: = | D3: - | E3: = | F3: Neutral
A4: Emergig Market Bonds | B4: + | C4: + | D4: = | E4: + | F4: Positive
A5: Bond Euro Corporate | B5: = | C5: = | D5: = | E5: = | F5: Neutral
A6: Bond Global High Yield | B6: + | C6: + | D6: + | E6: + | F6: Positive
A7: Bond Euro 1-3y | B7: - | C7: = | D7: = | E7: = | F7: Neutral
A8: Bond Euro MLT | B8: - | C8: - | D8: = | E8: - | F8: Negative
A9: Equity Europe | B9: + | C9: = | D9: = | E9: = | F9: Neutral
A10: Equity Pacific | B10: - | C10: - | D10: = | E10: - | F10: Negative
A11: Equity Emerging Markets | B11: + | C11: ++ | D11: = | E11: + | F11: Positive
A12: Equity North America | B12: = | C12: + | D12: = | E12: = | F12: Neutral
A13: Commodities | B13: nan | C13: - | D13: = | E13: = | F13: Neutral
A14: Opportunities | B14: nan | C14: nan | D14: nan | E14: = | F14: Neutral
A17: Macro Asset Class | B17: View Fidelity | C17: View JPM | D17: View NNIP | E17: View Finale
A18: Money Market | B18: - | C18: - | D18: nan | E18: - | F18: Negative
A19: Bond | B19: = | C19: = | D19: = | E19: = | F19: Neutral
A20: Equity | B20: + | C20: + | D20: = | E20: + | F20: Positive
A21: Opportunities | B21: nan | C21: nan | D21: nan | E21: = | F21: Neutral

Sheet Fund Analysis
B1: XTRACKERS MSCI EUROPE UCITS ETF 1C - TOT RETURN IND | C1: BL Equities Europe BR | D1: Fund XXX | E1: MFS MERIDIAN FDS-BLENDED RSRCH EUROP EQ A1 EUR | F1: MSCI EUROPE TR | G1: RISK FREE | K1: =B1 -> XTRACKERS MSCI EUROPE UCITS ETF 1C - TOT RETURN IND | L1: =C1 -> BL Equities Europe BR | M1: =D1 -> Fund XXX | N1: =E1 -> MFS MERIDIAN FDS-BLENDED RSRCH EUROP EQ A1 EUR | O1: =F1 -> MSCI EUROPE TR | P1: =G1 -> RISK FREE | S1: =K1 -> XTRACKERS MSCI EUROPE UCITS ETF 1C - TOT RETURN IND | T1: =L1 -> BL Equities Europe BR | U1: =M1 -> Fund XXX | V1: =N1 -> MFS MERIDIAN FDS-BLENDED RSRCH EUROP EQ A1 EUR | W1: =O1 -> MSCI EUROPE TR | Y1: =S1 -> XTRACKERS MSCI EUROPE UCITS ETF 1C - TOT RETURN IND | Z1: =T1 -> BL Equities Europe BR | AA1: =U1 -> Fund XXX | AB1: =V1 -> MFS MERIDIAN FDS-BLENDED RSRCH EUROP EQ A1 EUR | AC1: =W1 -> MSCI EUROPE TR | AF1: =Y1 -> XTRACKERS MSCI EUROPE UCITS ETF 1C - TOT RETURN IND | AG1: =Z1 -> BL Equities Europe BR | AH1: =AA1 -> Fund XXX | AI1: =AB1 -> MFS MERIDIAN FDS-BLENDED RSRCH EUROP EQ A1 EUR | AJ1: =AF1 -> XTRACKERS MSCI EUROPE UCITS ETF 1C - TOT RETURN IND | AK1: =AG1 -> BL Equities Europe BR | AL1: =AH1 -> Fund XXX | AM1: =AI1 -> MFS MERIDIAN FDS-BLENDED RSRCH EUROP EQ A1 EUR
A2: 44196 | B2: 0.03247188 | C2: 0.021090779 | D2: 0.032045184 | E2: 0.028635915 | F2: 0.023797625 | G2: -0.00047894813 | J2: =A2 -> 44196 | K2: =1+B2 -> 1.0324719 | L2: =1+C2 -> 1.0210908 | M2: =1+D2 -> 1.0320452 | N2: =1+E2 -> 1.0286359 | O2: =1+F2 -> 1.0237976 | P2: =1+G2 -> 0.99952105 | S2: =IF((B2-$G2)>0,0,(B2-$G2)^2) -> 0 | T2: =IF((C2-$G2)>0,0,(C2-$G2)^2) -> 0 | U2: =IF((D2-$G2)>0,0,(D2-$G2)^2) -> 0 | V2: =IF((E2-$G2)>0,0,(E2-$G2)^2) -> 0 | W2: =IF((F2-$G2)>0,0,(F2-$G2)^2) -> 0 | Y2: =B2-$F2 -> 0.0086742547 | Z2: =C2-$F2 -> -0.0027068458 | AA2: =D2-$F2 -> 0.008247559 | AB2: =E2-$F2 -> 0.0048382895 | AC2: =F2-$F2 -> 0 | AE2: 1 sem | AF2: =PRODUCT(K2:K7)-1 -> 0.16483664 | AG2: =PRODUCT(L2:L7)-1 -> 0.12547529 | AH2: =PRODUCT(M2:M7)-1 -> 0.20208086 | AI2: =PRODUCT(N2:N7)-1 -> 0.1807025 | AJ2: 3 | AK2: 4 | AL2: 1 | AM2: 2
A3: 44225 | B3: -0.016924972 | C3: -0.018153255 | D3: 0.0054726655 | E3: -0.008639605 | F3: -0.0073407548 | G3: -0.00045582011 | J3: =A3 -> 44225 | K3: =1+B3 -> 0.98307503 | L3: =1+C3 -> 0.98184674 | M3: =1+D3 -> 1.0054727 | N3: =1+E3 -> 0.99136039 | O3: =1+F3 -> 0.99265925 | P3: =1+G3 -> 0.99954418 | S3: =IF((B3-$G3)>0,0,(B3-$G3)^2) -> 0.00027123298 | T3: =IF((C3-$G3)>0,0,(C3-$G3)^2) -> 0.00031319921 | U3: =IF((D3-$G3)>0,0,(D3-$G3)^2) -> 0 | V3: =IF((E3-$G3)>0,0,(E3-$G3)^2) -> 6.6974336e-05 | W3: =IF((F3-$G3)>0,0,(F3-$G3)^2) -> 4.7402326e-05 | Y3: =B3-$F3 -> -0.0095842176 | Z3: =C3-$F3 -> -0.010812501 | AA3: =D3-$F3 -> 0.01281342 | AB3: =E3-$F3 -> -0.0012988502 | AC3: =F3-$F3 -> 0 | AE3: 2 sem | AF3: =PRODUCT(K8:K13)-1 -> 0.045809863 | AG3: =PRODUCT(L8:L13)-1 -> 0.082981419 | AH3: =PRODUCT(M8:M13)-1 -> -0.00029675058 | AI3: =PRODUCT(N8:N13)-1 -> 0.05483871 | AJ3: 3 | AK3: 1 | AL3: 4 | AM3: 2
A4: 44253 | B4: 0.028364116 | C4: -0.0075851852 | D4: 0.03397502 | E4: 0.030340757 | F4: 0.025539571 | G4: -0.0004383825 | J4: =A4 -> 44253 | K4: =1+B4 -> 1.0283641 | L4: =1+C4 -> 0.99241481 | M4: =1+D4 -> 1.033975 | N4: =1+E4 -> 1.0303408 | O4: =1+F4 -> 1.0255396 | P4: =1+G4 -> 0.99956162 | S4: =IF((B4-$G4)>0,0,(B4-$G4)^2) -> 0 | T4: =IF((C4-$G4)>0,0,(C4-$G4)^2) -> 5.1076789e-05 | U4: =IF((D4-$G4)>0,0,(D4-$G4)^2) -> 0 | V4: =IF((E4-$G4)>0,0,(E4-$G4)^2) -> 0 | W4: =IF((F4-$G4)>0,0,(F4-$G4)^2) -> 0 | Y4: =B4-$F4 -> 0.002824545 | Z4: =C4-$F4 -> -0.033124756 | AA4: =D4-$F4 -> 0.008435449 | AB4: =E4-$F4 -> 0.004801186 | AC4: =F4-$F4 -> 0 | AE4: 3 sem | AF4: =PRODUCT(K14:K19)-1 -> -0.011101951 | AG4: =PRODUCT(L14:L19)-1 -> -0.13565022 | AH4: =PRODUCT(M14:M19)-1 -> 0.20511552 | AI4: =PRODUCT(N14:N19)-1 -> 0.0022652622 | AJ4: 3 | AK4: 4 | AL4: 1 | AM4: 2
A5: 44286 | B5: 0.063117383 | C5: 0.065086284 | D5: 0.044716573 | E5: 0.076392929 | F5: 0.065704473 | G5: -0.00051704072 | J5: =A5 -> 44286 | K5: =1+B5 -> 1.0631174 | L5: =1+C5 -> 1.0650863 | M5: =1+D5 -> 1.0447166 | N5: =1+E5 -> 1.0763929 | O5: =1+F5 -> 1.0657045 | P5: =1+G5 -> 0.99948296 | S5: =IF((B5-$G5)>0,0,(B5-$G5)^2) -> 0 | T5: =IF((C5-$G5)>0,0,(C5-$G5)^2) -> 0 | U5: =IF((D5-$G5)>0,0,(D5-$G5)^2) -> 0 | V5: =IF((E5-$G5)>0,0,(E5-$G5)^2) -> 0 | W5: =IF((F5-$G5)>0,0,(F5-$G5)^2) -> 0 | Y5: =B5-$F5 -> -0.00258709 | Z5: =C5-$F5 -> -0.00061818886 | AA5: =D5-$F5 -> -0.0209879 | AB5: =E5-$F5 -> 0.010688456 | AC5: =F5-$F5 -> 0 | AE5: 4 sem | AF5: =PRODUCT(K20:K25)-1 -> 0.0027232813 | AG5: =PRODUCT(L20:L25)-1 -> -0.034624711 | AH5: =PRODUCT(M20:M25)-1 -> -0.035099963 | AI5: =PRODUCT(N20:N25)-1 -> 0.007533808 | AJ5: 2 | AK5: 3 | AL5: 4 | AM5: 1
A6: 44316 | B6: 0.021841438 | C6: 0.029208948 | D6: 0.03405113 | E6: 0.0095210378 | F6: 0.021993966 | G6: -0.0004715916 | J6: =A6 -> 44316 | K6: =1+B6 -> 1.0218414 | L6: =1+C6 -> 1.0292089 | M6: =1+D6 -> 1.0340511 | N6: =1+E6 -> 1.009521 | O6: =1+F6 -> 1.021994 | P6: =1+G6 -> 0.99952841 | S6: =IF((B6-$G6)>0,0,(B6-$G6)^2) -> 0 | T6: =IF((C6-$G6)>0,0,(C6-$G6)^2) -> 0 | U6: =IF((D6-$G6)>0,0,(D6-$G6)^2) -> 0 | V6: =IF((E6-$G6)>0,0,(E6-$G6)^2) -> 0 | W6: =IF((F6-$G6)>0,0,(F6-$G6)^2) -> 0 | Y6: =B6-$F6 -> -0.00015252774 | Z6: =C6-$F6 -> 0.0072149816 | AA6: =D6-$F6 -> 0.012057164 | AB6: =E6-$F6 -> -0.012472928 | AC6: =F6-$F6 -> 0 | AE6: 5 sem | AF6: =PRODUCT(K26:K31)-1 -> 0.051546392 | AG6: =PRODUCT(L26:L31)-1 -> 0.046614872 | AH6: =PRODUCT(M26:M31)-1 -> -0.041184479 | AI6: =PRODUCT(N26:N31)-1 -> 0.014917561 | AJ6: 1 | AK6: 2 | AL6: 4 | AM6: 3
A7: 44347 | B7: 0.027279169 | C7: 0.031920689 | D7: 0.03708453 | E7: 0.034141922 | F7: 0.027035605 | G7: -0.00048625032 | J7: =A7 -> 44347 | K7: =1+B7 -> 1.0272792 | L7: =1+C7 -> 1.0319207 | M7: =1+D7 -> 1.0370845 | N7: =1+E7 -> 1.0341419 | O7: =1+F7 -> 1.0270356 | P7: =1+G7 -> 0.99951375 | S7: =IF((B7-$G7)>0,0,(B7-$G7)^2) -> 0 | T7: =IF((C7-$G7)>0,0,(C7-$G7)^2) -> 0 | U7: =IF((D7-$G7)>0,0,(D7-$G7)^2) -> 0 | V7: =IF((E7-$G7)>0,0,(E7-$G7)^2) -> 0 | W7: =IF((F7-$G7)>0,0,(F7-$G7)^2) -> 0 | Y7: =B7-$F7 -> 0.00024356368 | Z7: =C7-$F7 -> 0.0048850836 | AA7: =D7-$F7 -> 0.010048925 | AB7: =E7-$F7 -> 0.0071063167 | AC7: =F7-$F7 -> 0 | AE7: 6 sem | AF7: =PRODUCT(K32:K37)-1 -> 0.028252161 | AG7: =PRODUCT(L32:L37)-1 -> -0.022046101 | AH7: =PRODUCT(M32:M37)-1 -> 0.065761448 | AI7: =PRODUCT(N32:N37)-1 -> 0.024239299 | AJ7: 2 | AK7: 4 | AL7: 1 | AM7: 3
A8: 44377 | B8: 0.018507874 | C8: 0.040065456 | D8: -0.00034620901 | E8: 0.0035842294 | F8: 0.01727902 | G8: -0.00047003505 | J8: =A8 -> 44377 | K8: =1+B8 -> 1.0185079 | L8: =1+C8 -> 1.0400655 | M8: =1+D8 -> 0.99965379 | N8: =1+E8 -> 1.0035842 | O8: =1+F8 -> 1.017279 | P8: =1+G8 -> 0.99952996 | S8: =IF((B8-$G8)>0,0,(B8-$G8)^2) -> 0 | T8: =IF((C8-$G8)>0,0,(C8-$G8)^2) -> 0 | U8: =IF((D8-$G8)>0,0,(D8-$G8)^2) -> 0 | V8: =IF((E8-$G8)>0,0,(E8-$G8)^2) -> 0 | W8: =IF((F8-$G8)>0,0,(F8-$G8)^2) -> 0 | Y8: =B8-$F8 -> 0.0012288549 | Z8: =C8-$F8 -> 0.022786436 | AA8: =D8-$F8 -> -0.017625229 | AB8: =E8-$F8 -> -0.01369479 | AC8: =F8-$F8 -> 0 | AE8: 7 sem | AF8: =PRODUCT(K38:K43)-1 -> 0.14573508 | AG8: =PRODUCT(L38:L43)-1 -> 0.094680972 | AH8: =PRODUCT(M38:M43)-1 -> 0.18307103 | AI8: =PRODUCT(N38:N43)-1 -> 0.14249748 | AJ8: 2 | AK8: 4 | AL8: 1 | AM8: 3
A9: 44407 | B9: 0.017494357 | C9: 0.036796427 | D9: 0.0051454581 | E9: 0.019404762 | F9: 0.01872001 | G9: -0.00047203416 | J9: =A9 -> 44407 | K9: =1+B9 -> 1.0174944 | L9: =1+C9 -> 1.0367964 | M9: =1+D9 -> 1.0051455 | N9: =1+E9 -> 1.0194048 | O9: =1+F9 -> 1.01872 | P9: =1+G9 -> 0.99952797 | S9: =IF((B9-$G9)>0,0,(B9-$G9)^2) -> 0 | T9: =IF((C9-$G9)>0,0,(C9-$G9)^2) -> 0 | U9: =IF((D9-$G9)>0,0,(D9-$G9)^2) -> 0 | V9: =IF((E9-$G9)>0,0,(E9-$G9)^2) -> 0 | W9: =IF((F9-$G9)>0,0,(F9-$G9)^2) -> 0 | Y9: =B9-$F9 -> -0.0012256533 | Z9: =C9-$F9 -> 0.018076417 | AA9: =D9-$F9 -> -0.013574552 | AB9: =E9-$F9 -> 0.00068475197 | AC9: =F9-$F9 -> 0 | AE9: 8 sem | AF9: =PRODUCT(K44:K49)-1 -> -0.010335108 | AG9: =PRODUCT(L44:L49)-1 -> -0.025076899 | AH9: =PRODUCT(M44:M49)-1 -> -0.047897237 | AI9: =PRODUCT(N44:N49)-1 -> -0.0031165397 | AJ9: 2 | AK9: 3 | AL9: 4 | AM9: 1
A10: 44439 | B10: 0.019911259 | C10: 0.016448013 | D10: 0.0074325655 | E10: 0.027171163 | F10: 0.019786837 | G10: -0.00050507456 | J10: =A10 -> 44439 | K10: =1+B10 -> 1.0199113 | L10: =1+C10 -> 1.016448 | M10: =1+D10 -> 1.0074326 | N10: =1+E10 -> 1.0271712 | O10: =1+F10 -> 1.0197868 | P10: =1+G10 -> 0.99949493 | S10: =IF((B10-$G10)>0,0,(B10-$G10)^2) -> 0 | T10: =IF((C10-$G10)>0,0,(C10-$G10)^2) -> 0 | U10: =IF((D10-$G10)>0,0,(D10-$G10)^2) -> 0 | V10: =IF((E10-$G10)>0,0,(E10-$G10)^2) -> 0 | W10: =IF((F10-$G10)>0,0,(F10-$G10)^2) -> 0 | Y10: =B10-$F10 -> 0.00012442202 | Z10: =C10-$F10 -> -0.0033388245 | AA10: =D10-$F10 -> -0.012354272 | AB10: =E10-$F10 -> 0.0073843258 | AC10: =F10-$F10 -> 0 | AE10: 9 sem | AF10: =PRODUCT(K50:K55)-1 -> 0.099638336 | AG10: =PRODUCT(L50:L55)-1 -> 0.00058823529 | AH10: =PRODUCT(M50:M55)-1 -> 0.41849634 | AI10: =PRODUCT(N50:N55)-1 -> 0.12606183 | AJ10: 3 | AK10: 4 | AL10: 1 | AM10: 2
A11: 44469 | B11: -0.029419762 | C11: -0.055384319 | D11: 0.010406997 | E11: -0.027589343 | F11: -0.029414077 | G11: -0.000474533 | J11: =A11 -> 44469 | K11: =1+B11 -> 0.97058024 | L11: =1+C11 -> 0.94461568 | M11: =1+D11 -> 1.010407 | N11: =1+E11 -> 0.97241066 | O11: =1+F11 -> 0.97058592 | P11: =1+G11 -> 0.99952547 | S11: =IF((B11-$G11)>0,0,(B11-$G11)^2) -> 0.00083782627 | T11: =IF((C11-$G11)>0,0,(C11-$G11)^2) -> 0.0030150846 | U11: =IF((D11-$G11)>0,0,(D11-$G11)^2) -> 0 | V11: =IF((E11-$G11)>0,0,(E11-$G11)^2) -> 0.00073521293 | W11: =IF((F11-$G11)>0,0,(F11-$G11)^2) -> 0.00083749719 | Y11: =B11-$F11 -> -5.6851898e-06 | Z11: =C11-$F11 -> -0.025970242 | AA11: =D11-$F11 -> 0.039821073 | AB11: =E11-$F11 -> 0.0018247334 | AC11: =F11-$F11 -> 0 | AE11: 10 sem | AF11: =PRODUCT(K56:K61)-1 -> 0.055788522 | AG11: =PRODUCT(L56:L61)-1 -> -0.0082838972 | AH11: =PRODUCT(M56:M61)-1 -> 0.093600167 | AI11: =PRODUCT(N56:N61)-1 -> 0.071650916 | AJ11: 3 | AK11: 4 | AL11: 1 | AM11: 2
A12: 44498 | B12: 0.045887494 | C12: 0.038849801 | D12: 0.032495164 | E12: 0.052885927 | F12: 0.046959733 | G12: -0.00045945659 | J12: =A12 -> 44498 | K12: =1+B12 -> 1.0458875 | L12: =1+C12 -> 1.0388498 | M12: =1+D12 -> 1.0324952 | N12: =1+E12 -> 1.0528859 | O12: =1+F12 -> 1.0469597 | P12: =1+G12 -> 0.99954054 | S12: =IF((B12-$G12)>0,0,(B12-$G12)^2) -> 0 | T12: =IF((C12-$G12)>0,0,(C12-$G12)^2) -> 0 | U12: =IF((D12-$G12)>0,0,(D12-$G12)^2) -> 0 | V12: =IF((E12-$G12)>0,0,(E12-$G12)^2) -> 0 | W12: =IF((F12-$G12)>0,0,(F12-$G12)^2) -> 0 | Y12: =B12-$F12 -> -0.0010722387 | Z12: =C12-$F12 -> -0.0081099319 | AA12: =D12-$F12 -> -0.014464569 | AB12: =E12-$F12 -> 0.0059261939 | AC12: =F12-$F12 -> 0
A13: 44530 | B13: -0.025285263 | C13: 0.0068708284 | D13: -0.053343949 | E13: -0.019580989 | F13: -0.024731888 | G13: -0.00050946138 | J13: =A13 -> 44530 | K13: =1+B13 -> 0.97471474 | L13: =1+C13 -> 1.0068708 | M13: =1+D13 -> 0.94665605 | N13: =1+E13 -> 0.98041901 | O13: =1+F13 -> 0.97526811 | P13: =1+G13 -> 0.99949054 | S13: =IF((B13-$G13)>0,0,(B13-$G13)^2) -> 0.00061384033 | T13: =IF((C13-$G13)>0,0,(C13-$G13)^2) -> 0 | U13: =IF((D13-$G13)>0,0,(D13-$G13)^2) -> 0.0027914831 | V13: =IF((E13-$G13)>0,0,(E13-$G13)^2) -> 0.00036372317 | W13: =IF((F13-$G13)>0,0,(F13-$G13)^2) -> 0.00058672596 | Y13: =B13-$F13 -> -0.00055337462 | Z13: =C13-$F13 -> 0.031602717 | AA13: =D13-$F13 -> -0.028612061 | AB13: =E13-$F13 -> 0.0051508991 | AC13: =F13-$F13 -> 0 | AI13: % DI 1 | AJ13: =COUNTIF(AJ2:AJ11,1)/10 -> 0.1 | AK13: =COUNTIF(AK2:AK11,1)/10 -> 0.1 | AL13: =COUNTIF(AL2:AL11,1)/10 -> 0.6 | AM13: =COUNTIF(AM2:AM11,1)/10 -> 0.2
A14: 44561 | B14: 0.059082165 | C14: 0.049229869 | D14: 0.06391926 | E14: 0.054630573 | F14: 0.055210617 | G14: -0.00049663373 | J14: =A14 -> 44561 | K14: =1+B14 -> 1.0590822 | L14: =1+C14 -> 1.0492299 | M14: =1+D14 -> 1.0639193 | N14: =1+E14 -> 1.0546306 | O14: =1+F14 -> 1.0552106 | P14: =1+G14 -> 0.99950337 | S14: =IF((B14-$G14)>0,0,(B14-$G14)^2) -> 0 | T14: =IF((C14-$G14)>0,0,(C14-$G14)^2) -> 0 | U14: =IF((D14-$G14)>0,0,(D14-$G14)^2) -> 0 | V14: =IF((E14-$G14)>0,0,(E14-$G14)^2) -> 0 | W14: =IF((F14-$G14)>0,0,(F14-$G14)^2) -> 0 | Y14: =B14-$F14 -> 0.0038715484 | Z14: =C14-$F14 -> -0.0059807476 | AA14: =D14-$F14 -> 0.0087086429 | AB14: =E14-$F14 -> -0.0005800435 | AC14: =F14-$F14 -> 0 | AI14: % DI 1 o 2 | AJ14: =(COUNTIF(AJ2:AJ11,1)+COUNTIF(AJ2:AJ11,2))/10 -> 0.5 | AK14: =(COUNTIF(AK2:AK11,1)+COUNTIF(AK2:AK11,2))/10 -> 0.2 | AL14: =(COUNTIF(AL2:AL11,1)+COUNTIF(AL2:AL11,2))/10 -> 0.6 | AM14: =(COUNTIF(AM2:AM11,1)+COUNTIF(AM2:AM11,2))/10 -> 0.7
A15: 44592 | B15: -0.033834977 | C15: -0.10884512 | D15: 0.0019065334 | E15: -0.018937496 | F15: -0.03185556 | G15: -0.00049838365 | J15: =A15 -> 44592 | K15: =1+B15 -> 0.96616502 | L15: =1+C15 -> 0.89115488 | M15: =1+D15 -> 1.0019065 | N15: =1+E15 -> 0.9810625 | O15: =1+F15 -> 0.96814444 | P15: =1+G15 -> 0.99950162 | S15: =IF((B15-$G15)>0,0,(B15-$G15)^2) -> 0.0011113284 | T15: =IF((C15-$G15)>0,0,(C15-$G15)^2) -> 0.011739015 | U15: =IF((D15-$G15)>0,0,(D15-$G15)^2) -> 0 | V15: =IF((E15-$G15)>0,0,(E15-$G15)^2) -> 0.00034000085 | W15: =IF((F15-$G15)>0,0,(F15-$G15)^2) -> 0.00098327251 | Y15: =B15-$F15 -> -0.0019794166 | Z15: =C15-$F15 -> -0.076989557 | AA15: =D15-$F15 -> 0.033762093 | AB15: =E15-$F15 -> 0.012918065 | AC15: =F15-$F15 -> 0
A16: 44620 | B16: -0.031313782 | C16: -0.029401032 | D16: 0.031885269 | E16: -0.030213465 | F16: -0.030034161 | G16: -0.00044835057 | J16: =A16 -> 44620 | K16: =1+B16 -> 0.96868622 | L16: =1+C16 -> 0.97059897 | M16: =1+D16 -> 1.0318853 | N16: =1+E16 -> 0.96978654 | O16: =1+F16 -> 0.96996584 | P16: =1+G16 -> 0.99955165 | S16: =IF((B16-$G16)>0,0,(B16-$G16)^2) -> 0.00095267488 | T16: =IF((C16-$G16)>0,0,(C16-$G16)^2) -> 0.00083825777 | U16: =IF((D16-$G16)>0,0,(D16-$G16)^2) -> 0 | V16: =IF((E16-$G16)>0,0,(E16-$G16)^2) -> 0.00088596202 | W16: =IF((F16-$G16)>0,0,(F16-$G16)^2) -> 0.00087532021 | Y16: =B16-$F16 -> -0.0012796209 | Z16: =C16-$F16 -> 0.00063312933 | AA16: =D16-$F16 -> 0.06191943 | AB16: =E16-$F16 -> -0.00017930321 | AC16: =F16-$F16 -> 0
A17: 44651 | B17: 0.0094261159 | C17: 0.012245556 | D17: 0.070076013 | E17: 0.01350792 | F17: 0.0096404753 | G17: -0.00049774437 | J17: =A17 -> 44651 | K17: =1+B17 -> 1.0094261 | L17: =1+C17 -> 1.0122456 | M17: =1+D17 -> 1.070076 | N17: =1+E17 -> 1.0135079 | O17: =1+F17 -> 1.0096405 | P17: =1+G17 -> 0.99950226 | S17: =IF((B17-$G17)>0,0,(B17-$G17)^2) -> 0 | T17: =IF((C17-$G17)>0,0,(C17-$G17)^2) -> 0 | U17: =IF((D17-$G17)>0,0,(D17-$G17)^2) -> 0 | V17: =IF((E17-$G17)>0,0,(E17-$G17)^2) -> 0 | W17: =IF((F17-$G17)>0,0,(F17-$G17)^2) -> 0 | Y17: =B17-$F17 -> -0.00021435938 | Z17: =C17-$F17 -> 0.0026050803 | AA17: =D17-$F17 -> 0.060435538 | AB17: =E17-$F17 -> 0.0038674451 | AC17: =F17-$F17 -> 0
A18: 44680 | B18: -0.006097226 | C18: -0.0035018836 | D18: 0.02038586 | E18: -0.012956638 | F18: -0.004572842 | G18: -0.00047037032 | J18: =A18 -> 44680 | K18: =1+B18 -> 0.99390277 | L18: =1+C18 -> 0.99649812 | M18: =1+D18 -> 1.0203859 | N18: =1+E18 -> 0.98704336 | O18: =1+F18 -> 0.99542716 | P18: =1+G18 -> 0.99952963 | S18: =IF((B18-$G18)>0,0,(B18-$G18)^2) -> 3.1661505e-05 | T18: =IF((C18-$G18)>0,0,(C18-$G18)^2) -> 9.1900727e-06 | U18: =IF((D18-$G18)>0,0,(D18-$G18)^2) -> 0 | V18: =IF((E18-$G18)>0,0,(E18-$G18)^2) -> 0.00015590688 | W18: =IF((F18-$G18)>0,0,(F18-$G18)^2) -> 1.6830274e-05 | Y18: =B18-$F18 -> -0.001524384 | Z18: =C18-$F18 -> 0.0010709584 | AA18: =D18-$F18 -> 0.024958702 | AB18: =E18-$F18 -> -0.0083837959 | AC18: =F18-$F18 -> 0
A19: 44712 | B19: -0.0055819609 | C19: -0.055801076 | D19: 0.0034190147 | E19: -0.0015044947 | F19: -0.0057056751 | G19: -0.00051987302 | J19: =A19 -> 44712 | K19: =1+B19 -> 0.99441804 | L19: =1+C19 -> 0.94419892 | M19: =1+D19 -> 1.003419 | N19: =1+E19 -> 0.99849551 | O19: =1+F19 -> 0.99429432 | P19: =1+G19 -> 0.99948013 | S19: =IF((B19-$G19)>0,0,(B19-$G19)^2) -> 2.5624733e-05 | T19: =IF((C19-$G19)>0,0,(C19-$G19)^2) -> 0.0030560114 | U19: =IF((D19-$G19)>0,0,(D19-$G19)^2) -> 0 | V19: =IF((E19-$G19)>0,0,(E19-$G19)^2) -> 9.6947981e-07 | W19: =IF((F19-$G19)>0,0,(F19-$G19)^2) -> 2.6892543e-05 | Y19: =B19-$F19 -> 0.00012371422 | Z19: =C19-$F19 -> -0.0500954 | AA19: =D19-$F19 -> 0.0091246898 | AB19: =E19-$F19 -> 0.0042011804 | AC19: =F19-$F19 -> 0
A20: 44742 | B20: -0.078474962 | C20: -0.061128969 | D20: -0.10903567 | E20: -0.079330998 | F20: -0.077040887 | G20: -0.00048491724 | J20: =A20 -> 44742 | K20: =1+B20 -> 0.92152504 | L20: =1+C20 -> 0.93887103 | M20: =1+D20 -> 0.89096433 | N20: =1+E20 -> 0.920669 | O20: =1+F20 -> 0.92295911 | P20: =1+G20 -> 0.99951508 | S20: =IF((B20-$G20)>0,0,(B20-$G20)^2) -> 0.0060824472 | T20: =IF((C20-$G20)>0,0,(C20-$G20)^2) -> 0.003677701 | U20: =IF((D20-$G20)>0,0,(D20-$G20)^2) -> 0.011783267 | V20: =IF((E20-$G20)>0,0,(E20-$G20)^2) -> 0.0062167044 | W20: =IF((F20-$G20)>0,0,(F20-$G20)^2) -> 0.0058608164 | Y20: =B20-$F20 -> -0.0014340759 | Z20: =C20-$F20 -> 0.015911918 | AA20: =D20-$F20 -> -0.031994788 | AB20: =E20-$F20 -> -0.0022901112 | AC20: =F20-$F20 -> 0
A21: 44771 | B21: 0.077317411 | C21: 0.07910385 | D21: 0.034511358 | E21: 0.077165419 | F21: 0.076205817 | G21: -0.00044071507 | J21: =A21 -> 44771 | K21: =1+B21 -> 1.0773174 | L21: =1+C21 -> 1.0791039 | M21: =1+D21 -> 1.0345114 | N21: =1+E21 -> 1.0771654 | O21: =1+F21 -> 1.0762058 | P21: =1+G21 -> 0.99955928 | S21: =IF((B21-$G21)>0,0,(B21-$G21)^2) -> 0 | T21: =IF((C21-$G21)>0,0,(C21-$G21)^2) -> 0 | U21: =IF((D21-$G21)>0,0,(D21-$G21)^2) -> 0 | V21: =IF((E21-$G21)>0,0,(E21-$G21)^2) -> 0 | W21: =IF((F21-$G21)>0,0,(F21-$G21)^2) -> 0 | Y21: =B21-$F21 -> 0.0011115947 | Z21: =C21-$F21 -> 0.0028980333 | AA21: =D21-$F21 -> -0.041694459 | AB21: =E21-$F21 -> 0.00095960196 | AC21: =F21-$F21 -> 0
A22: 44804 | B22: -0.050831327 | C22: -0.070577758 | D22: -0.011179405 | E22: -0.048505337 | F22: -0.049052623 | G22: -7.7941601e-05 | J22: =A22 -> 44804 | K22: =1+B22 -> 0.94916867 | L22: =1+C22 -> 0.92942224 | M22: =1+D22 -> 0.9888206 | N22: =1+E22 -> 0.95149466 | O22: =1+F22 -> 0.95094738 | P22: =1+G22 -> 0.99992206 | S22: =IF((B22-$G22)>0,0,(B22-$G22)^2) -> 0.0025759062 | T22: =IF((C22-$G22)>0,0,(C22-$G22)^2) -> 0.0049702241 | U22: =IF((D22-$G22)>0,0,(D22-$G22)^2) -> 0.00012324249 | V22: =IF((E22-$G22)>0,0,(E22-$G22)^2) -> 0.0023452126 | W22: =IF((F22-$G22)>0,0,(F22-$G22)^2) -> 0.0023985195 | Y22: =B22-$F22 -> -0.0017787039 | Z22: =C22-$F22 -> -0.021525135 | AA22: =D22-$F22 -> 0.037873218 | AB22: =E22-$F22 -> 0.0005472867 | AC22: =F22-$F22 -> 0
A23: 44834 | B23: -0.063933943 | C23: -0.048748353 | D23: -0.075492095 | E23: -0.067345309 | F23: -0.062627414 | G23: 0.00026091816 | J23: =A23 -> 44834 | K23: =1+B23 -> 0.93606606 | L23: =1+C23 -> 0.95125165 | M23: =1+D23 -> 0.92450791 | N23: =1+E23 -> 0.93265469 | O23: =1+F23 -> 0.93737259 | P23: =1+G23 -> 1.0002609 | S23: =IF((B23-$G23)>0,0,(B23-$G23)^2) -> 0.0041209802 | T23: =IF((C23-$G23)>0,0,(C23-$G23)^2) -> 0.0024019087 | U23: =IF((D23-$G23)>0,0,(D23-$G23)^2) -> 0.005738519 | V23: =IF((E23-$G23)>0,0,(E23-$G23)^2) -> 0.004570602 | W23: =IF((F23-$G23)>0,0,(F23-$G23)^2) -> 0.0039549423 | Y23: =B23-$F23 -> -0.0013065289 | Z23: =C23-$F23 -> 0.013879061 | AA23: =D23-$F23 -> -0.012864681 | AB23: =E23-$F23 -> -0.0047178955 | AC23: =F23-$F23 -> 0
A24: 44865 | B24: 0.06118077 | C24: 0.040355074 | D24: 0.099683313 | E24: 0.066643839 | F24: 0.062371537 | G24: 0.0005642046 | J24: =A24 -> 44865 | K24: =1+B24 -> 1.0611808 | L24: =1+C24 -> 1.0403551 | M24: =1+D24 -> 1.0996833 | N24: =1+E24 -> 1.0666438 | O24: =1+F24 -> 1.0623715 | P24: =1+G24 -> 1.0005642 | S24: =IF((B24-$G24)>0,0,(B24-$G24)^2) -> 0 | T24: =IF((C24-$G24)>0,0,(C24-$G24)^2) -> 0 | U24: =IF((D24-$G24)>0,0,(D24-$G24)^2) -> 0 | V24: =IF((E24-$G24)>0,0,(E24-$G24)^2) -> 0 | W24: =IF((F24-$G24)>0,0,(F24-$G24)^2) -> 0 | Y24: =B24-$F24 -> -0.001190767 | Z24: =C24-$F24 -> -0.022016463 | AA24: =D24-$F24 -> 0.037311776 | AB24: =E24-$F24 -> 0.0042723016 | AC24: =F24-$F24 -> 0
A25: 44895 | B25: 0.071250445 | C25: 0.035945537 | D25: 0.041336228 | E25: 0.073314607 | F25: 0.069033994 | G25: 0.0011276511 | J25: =A25 -> 44895 | K25: =1+B25 -> 1.0712504 | L25: =1+C25 -> 1.0359455 | M25: =1+D25 -> 1.0413362 | N25: =1+E25 -> 1.0733146 | O25: =1+F25 -> 1.069034 | P25: =1+G25 -> 1.0011277 | S25: =IF((B25-$G25)>0,0,(B25-$G25)^2) -> 0 | T25: =IF((C25-$G25)>0,0,(C25-$G25)^2) -> 0 | U25: =IF((D25-$G25)>0,0,(D25-$G25)^2) -> 0 | V25: =IF((E25-$G25)>0,0,(E25-$G25)^2) -> 0 | W25: =IF((F25-$G25)>0,0,(F25-$G25)^2) -> 0 | Y25: =B25-$F25 -> 0.0022164512 | Z25: =C25-$F25 -> -0.033088457 | AA25: =D25-$F25 -> -0.027697766 | AB25: =E25-$F25 -> 0.0042806126 | AC25: =F25-$F25 -> 0
A26: 44925 | B26: -0.02981931 | C26: -0.041766458 | D26: -0.02688904 | E26: -0.04778106 | F26: -0.034829073 | G26: 0.0012941666 | J26: =A26 -> 44925 | K26: =1+B26 -> 0.97018069 | L26: =1+C26 -> 0.95823354 | M26: =1+D26 -> 0.97311096 | N26: =1+E26 -> 0.95221894 | O26: =1+F26 -> 0.96517093 | P26: =1+G26 -> 1.0012942 | S26: =IF((B26-$G26)>0,0,(B26-$G26)^2) -> 0.00096804846 | T26: =IF((C26-$G26)>0,0,(C26-$G26)^2) -> 0.0018542174 | U26: =IF((D26-$G26)>0,0,(D26-$G26)^2) -> 0.00079429315 | V26: =IF((E26-$G26)>0,0,(E26-$G26)^2) -> 0.0024083778 | W26: =IF((F26-$G26)>0,0,(F26-$G26)^2) -> 0.0013048884 | Y26: =B26-$F26 -> 0.0050097623 | Z26: =C26-$F26 -> -0.0069373856 | AA26: =D26-$F26 -> 0.0079400326 | AB26: =E26-$F26 -> -0.012951987 | AC26: =F26-$F26 -> 0
... A61: 45989 | B61: 0.0076907985 | C61: -0.0019899962 | D61: -0.0057567933 | E61: 0.0079126444 | F61: 0.0093640789 | G61: 0.0015009118 | J61: =A61 -> 45989 | K61: =1+B61 -> 1.0076908 | L61: =1+C61 -> 0.99801 | M61: =1+D61 -> 0.99424321 | N61: =1+E61 -> 1.0079126 | O61: =1+F61 -> 1.0093641 | P61: =1+G61 -> 1.0015009 | S61: =IF((B61-$G61)>0,0,(B61-$G61)^2) -> 0 | T61: =IF((C61-$G61)>0,0,(C61-$G61)^2) -> 1.2186439e-05 | U61: =IF((D61-$G61)>0,0,(D61-$G61)^2) -> 5.2674282e-05 | V61: =IF((E61-$G61)>0,0,(E61-$G61)^2) -> 0 | W61: =IF((F61-$G61)>0,0,(F61-$G61)^2) -> 0 | Y61: =B61-$F61 -> -0.0016732804 | Z61: =C61-$F61 -> -0.011354075 | AA61: =D61-$F61 -> -0.015120872 | AB61: =E61-$F61 -> -0.0014514345 | AC61: =F61-$F61 -> 0
B62: =B1 -> XTRACKERS MSCI EUROPE UCITS ETF 1C - TOT RETURN IND | C62: =C1 -> BL Equities Europe BR | D62: =D1 -> Fund XXX | E62: =E1 -> MFS MERIDIAN FDS-BLENDED RSRCH EUROP EQ A1 EUR | F62: =F1 -> MSCI EUROPE TR | G62: RISK FREE | J62: =A61 -> 45989 | K62: =K61*(1+B61) -> 1.0154407 | L62: =L61*(1+C61) -> 0.99602397 | M62: =M61*(1+D61) -> 0.98851955 | N62: =N61*(1+E61) -> 1.0158879 | O62: =O61*(1+F61) -> 1.0188158 | P62: =P61*(1+G61) -> 1.0030041
A63: Monthly Av. Return | B63: =AVERAGE(B2:B61) -> 0.0096711704 | C63: =AVERAGE(C2:C61) -> 0.002360018 | D63: =AVERAGE(D2:D61) -> 0.016342435 | E63: =AVERAGE(E2:E61) -> 0.010436906 | F63: =AVERAGE(F2:F61) -> 0.0099361596 | G63: =AVERAGE(G2:G61) -> 0.0013939761
A64: Monthly Risk Premium | B64: =B63-$G$63 -> 0.0082771943 | C64: =C63-$G$63 -> 0.00096604191 | D64: =D63-$G$63 -> 0.014948459 | E64: =E63-$G$63 -> 0.0090429298
A65: Average Tracking Error | B65: =B63-$F$63 -> -0.00026498923 | C65: =C63-$F$63 -> -0.0075761416 | D65: =D63-$F$63 -> 0.0064062754 | E65: =E63-$F$63 -> 0.00050074628
A66: 5y Cumulative Return | B66: =PRODUCT(K2:K61)-1 -> 0.71940279 | C66: =PRODUCT(L2:L61)-1 -> 0.10242395 | D66: =PRODUCT(M2:M61)-1 -> 1.4951249 | E66: =PRODUCT(N2:N61)-1 -> 0.79686839 | F66: =PRODUCT(O2:O61)-1 -> 0.74880973 | G66: =PRODUCT(P2:P61)-1 -> 0.087097527
A67: Annualised Return | B67: =(1+B66)^(1/5)-1 -> 0.11448833 | C67: =(1+C66)^(1/5)-1 -> 0.019693682 | D67: =(1+D66)^(1/5)-1 -> 0.20065562 | E67: =(1+E66)^(1/5)-1 -> 0.12435448 | F67: =(1+F66)^(1/5)-1 -> 0.11827473 | G67: =(1+G66)^(1/5)-1 -> 0.016842528
B68: =B62 -> XTRACKERS MSCI EUROPE UCITS ETF 1C - TOT RETURN IND | C68: =C62 -> BL Equities Europe BR | D68: =D62 -> Fund XXX | E68: =E62 -> MFS MERIDIAN FDS-BLENDED RSRCH EUROP EQ A1 EUR
A69: Dev standard (monthly) | B69: =STDEVP(B2:B61) -> 0.034657721 | C69: =STDEVP(C2:C61) -> 0.038061578 | D69: =STDEVP(D2:D61) -> 0.044475397 | E69: =STDEVP(E2:E61) -> 0.035372243 | F69: =STDEVP(F2:F61) -> 0.034062902
A70: DSR monthly | B70: =SQRT(AVERAGE(S2:S61)) -> 0.020306292 | C70: =SQRT(AVERAGE(T2:T61)) -> 0.028342612 | D70: =SQRT(AVERAGE(U2:U61)) -> 0.025965874 | E70: =SQRT(AVERAGE(V2:V61)) -> 0.020304591 | F70: =SQRT(AVERAGE(W2:W61)) -> 0.019918955
A71: TEV monthly | B71: =STDEVP(Y2:Y61) -> 0.0025817436 | C71: =STDEVP(Z2:Z61) -> 0.018364686 | D71: =STDEVP(AA2:AA61) -> 0.030511111 | E71: =STDEVP(AB2:AB61) -> 0.0065583229
B72: passive | C72: active | D72: very active fund | E72: semiactive
A73: Sharpe Ratio | B73: =(B64/B69) -> 0.23882685 | C73: =(C64/C69) -> 0.025381026 | D73: =(D64/D69) -> 0.33610625 | E73: =(E64/E69) -> 0.25565045
A74: Sortino Ratio | B74: =B64/B70 -> 0.40761721 | C74: =C64/C70 -> 0.034084434 | D74: =D64/D70 -> 0.57569634 | E74: =E64/E70 -> 0.44536379
A75: Treynor Ratio | B75: =B64/#REF! -> #REF! | C75: =C64/#REF! -> #REF! | D75: =D64/#REF! -> #REF! | E75: =E64/#REF! -> #REF!
A76: Information Ratio | B76: =B65/B71 -> -0.10263964 | C76: =C65/C71 -> -0.41253859 | D76: =D65/D71 -> 0.20996533 | E76: =E65/E71 -> 0.076352794
B81: BLEND/CORE | C81: SATELLITE | D81: SATELLITE | E81: BLEND/CORE
A82: Nome fondo | B82: XTRACKERS MSCI EUROPE UCITS ETF 1C - TOT RETURN IND | C82: BL Equities Europe BR | D82: Alken Euro Opportunities A | E82: MFS MERIDIAN FDS-BLENDED RSRCH EUROP EQ A1 EUR
A83: Isin | B83: LU0274209237 | C83: LU0495662396 | D83: LU0524465977 | E83: LU0648597655
A84: MORNINGSTAR | B84: 4 stars | C84: 2 STELLE | D84: 5 STELLE | E84: 4 STELLE
A85: Quantalys | B85: 5 STELLE | C85: 1 STELLE | D85: 4 STELLE | E85: 5 STELLE
